Workbook
Name Base_TAC0: 'Saving Throws'!$E$95:$Y$101
Name Base_TAC02: 'Saving Throws'!$M$104
Name Campagne: 'Feuille 1'!$F$206
Name Campaign_money: Autres!$W$2:$X$34
Name Campaign_settings: Autres!$W$3:$W$34
Name CHA: Attributs!$L$3:$O$27
Name Class_mod: Attributs!$D$139:$S$154
Name Classe: 'Feuille 1'!$E$3
Name Classe2: 'Feuille 1'!$E$5
Name Classe3: 'Feuille 1'!$E$6
Name Classes_list: Attributs!$D$141:$D$153
Name classes_qty: Attributs!$G$132
Name Combattant?: Attributs!$I$164
Name Comp_diverses_Full: Compétences!$A$1:$H$102
Name Comp_diverses_list: Compétences!$A$1:$A$102
Name Comp_martiales: Compétences!$AQ$2:$AR$141
Name Comp_martiales_cost: Compétences!$V$2:$W$9
Name Comp_martiales_list: Compétences!$AQ$2:$AQ$141
Name comp_select: 'Feuille 1'!#REF!
Name comp_vers: 'Feuille 1'!$AE$8
Name CON: Attributs!$A$3:$G$27
Name DEX: Attributs!$H$3:$K$27
Name Ethnie: 'Feuille 1'!$Q$2
Name Ethnie_List: OFFSET(Races!$AG1,0,0,35-COUNTBLANK(Races!$AG$2:$AG$36),1)
Name Ethnies_total: Races!$A$1:$AF$36
Name Faction: 'Feuille 1'!$F$210
Name Faction_list_complete: Factions!$A$3:$AF$91
Name Factions_list: OFFSET(Factions!$AG$4,0,0,88-COUNTBLANK(Factions!$AG$4:$AG$91),1)
Name FOR_balance: Attributs!$E$98:$G$101
Name FOR_bonus: Attributs!$A$61:$B$186
Name Force: Attributs!$A$30:$M$59
Name Genre: 'Feuille 1'!$P$6
Name INT: Attributs!$N$30:$S$54
Name La_cellule_vide: Autres!$AK$1
Name level: 'Feuille 1'!$R$3
Name levelc2: 'Feuille 1'!$R$4
Name levelc3: 'Feuille 1'!$R$5
Name list_test: Sorts!$O$641:$P$646,Sorts!$O$653:$P$665
Name liste_armures: Autres!$M$2:$M$17
Name lvl_sr_bar: Attributs!$L$107
Name lvl_sr_mag: Attributs!$L$104
Name lvl_sr_pal: Attributs!$L$95
Name lvl_sr_pr: Attributs!$L$98
Name lvl_sr_rod: Attributs!$L$92
Name Mage: Autres!$D$2:$D$10
Name Money: Autres!$K$74:$O$79
Name multi: Autres!$G$2:$G$12
Name Niv_priere_bonus_sag: Attributs!$D$62:$K$87
Name Niv_prieres: Attributs!$O$62:$V$83
Name Niv_prieres_pal: Attributs!$X$62:$AB$83
Name Niv_prieres_rod: Attributs!$AD$62:$AG$83
Name Niv_sorts: Attributs!$O$90:$X$112
Name Niv_sorts_barde: Attributs!$O$114:$U$136
Name NPC: 'Feuille 1'!$AE$4
Name PFP: Autres!$R$1:$U$28
Name PFP_Psioniste: Autres!$U$3
Name PFP_psioniste_talent: Autres!$U$5
Name PFP_talent_natif: Autres!$U$4
Name profil_list: OFFSET(Autres!$J$2,0,0,30-COUNTBLANK(Autres!$J$2:$J$31),1)
Name profil_list_comp: Autres!$A$1:$H$31

Sheet Feuille 1
A1: Nom: | M1: Alignement:
A2: Race: | M2: Ethnie:
A3: Classe: | M3: Niveau Classe 1 | U3: =IF(Psionique?=TRUE,"PFP:","") | W3: =IF(NPC=TRUE,IF(psio_version="aucune","",IF(AND(OR(Classe="Psioniste",Classe2="Psioniste",Classe3="Psioniste"),AND(Score_CON<>0,Score_INT<>0,Score_SAG<>0)),IF(AH7=TRUE," "&"/"&PFP_psioniste_talent," "&"/"&PFP_Psioniste),IF(AH7=TRUE," "&"/"&PFP_talent_natif,""))),"")
A4: Profil: | M4: Niveau Classe 2 | U4: =IF(AND(Psionique?=TRUE,psio_version<>"2.0"),"TAC0P:","") | AB4: Remplir Automatiquement? | AE4: FALSE
A5: Classe 2: | M5: Niveau Classe 3 | U5: =IF(AND(Psionique?=TRUE,psio_version<>"2.0"),"CAP:","") | AD5: Profils | AE5: MC | AF5: Poids des pièces d'or
A6: Classe 3: | M6: Genre: | S6: =IF(OR(Classe="Rôdeur",Classe2="Rôdeur",Classe3="Rôdeur",NPC=FALSE),"Anti:","") -> Anti: | AC6: Compétences Langes | AE6: Oui | AF6: Système de mesure | AH6: Métrique
A7: Déité: | M7: =IF(Campagne="Ravenloft","Test de puissance:","") | AD7: Psionie | AE7: 2.0 | AF7: Talent Natif? | AH7: FALSE
A8: FOR | H8: END | I8: =IF(Score_FOR=0,"",IF(OR(LEFT(E9,3)=H8,LEFT(E9,3)=H9),VLOOKUP(VLOOKUP(Score_FOR,FOR_bonus,2,FALSE),Force,VLOOKUP(E9,FOR_balance,2,FALSE),FALSE),Score_FOR)) | K8: Toucher | N8: Dégats | Q8: Poids Autorisé | T8: Charge Max. | W8: Enfoncer | Y8: B&H | AC8: Compétences | AE8: jello | AF8: Découverte du talent psionique (niv)
A9: Sous attribut: | H9: PUI | I9: =IF(Score_FOR=0,"",IF(OR(LEFT(E9,3)=H8,LEFT(E9,3)=H9),VLOOKUP(VLOOKUP(Score_FOR,FOR_bonus,2,FALSE),Force,VLOOKUP(E9,FOR_balance,3,FALSE),FALSE),Score_FOR)) | K9: =IF(OR(Score_PUI=0,Score_PUI=""),"",VLOOKUP(VLOOKUP(TEXT(Score_PUI,"@"),FOR_bonus,2,FALSE),Force,2,FALSE)) | N9: =IF(OR(Score_PUI=0,Score_PUI=""),"",VLOOKUP(VLOOKUP(TEXT(Score_PUI,"@"),FOR_bonus,2,FALSE),Force,3,FALSE)) | Q9: =IF(OR(Score_END=0,Score_END=""),"",VLOOKUP(VLOOKUP(TEXT(Score_END,"@"),FOR_bonus,2,FALSE),Force,4,FALSE)) | T9: =IF(OR(Score_PUI=0,Score_PUI=""),"",VLOOKUP(VLOOKUP(TEXT(Score_PUI,"@"),FOR_bonus,2,FALSE),Force,5,FALSE)) | W9: =IF(OR(Score_PUI=0,Score_PUI=""),"",VLOOKUP(VLOOKUP(TEXT(Score_PUI,"@"),FOR_bonus,2,FALSE),Force,6,FALSE)&IF(VLOOKUP(VLOOKUP(TEXT(Score_PUI,"@"),FOR_bonus,2,FALSE),Force,7,FALSE)<>0,"("&VLOOKUP(VLOOKUP(TEXT(Score_PUI,"@"),FOR_bonus,2,FALSE),Force,7,FALSE)&")",)) | Y9: =IF(OR(Score_PUI=0,Score_PUI=""),"",VLOOKUP(VLOOKUP(TEXT(Score_PUI,"@"),FOR_bonus,2,FALSE),Force,8,FALSE)) | AC9: Cadre de campagne
A10: DEX | H10: PRÉ | I10: =IF(Score_DEX=0,"",IF(OR(LEFT(E11,3)=H10,LEFT(E11,3)=H11),IF(LEFT(E11,3)=H10,IF(Score_DEX+1<25,Score_DEX+RIGHT(E11,1),25),IF(Score_DEX-1>1,Score_DEX-RIGHT(E11,1),1)),Score_DEX)) | K10: Ajustement aux Projectiles | Q10: Ajustement au Réflexe | V10: Ajustement Défensif
A11: Sous attribut: | H11: ÉQU | I11: =IF(Score_DEX=0,"",IF(OR(LEFT(E11,3)=H10,LEFT(E11,3)=H11),IF(LEFT(E11,3)=H11,IF(Score_DEX+1<25,Score_DEX+RIGHT(E11,1),25),IF(Score_DEX-1>1,Score_DEX-RIGHT(E11,1),1)),Score_DEX)) | K11: =IF(OR(Score_PRE=0,Score_PRE=""),"",VLOOKUP(Score_PRE,DEX,3,FALSE)) | Q11: =IF(OR(Score_EQU=0,Score_EQU=""),"",VLOOKUP(Score_EQU,DEX,2,FALSE)) | V11: =IF(OR(Score_EQU=0,Score_EQU=""),"",VLOOKUP(Score_EQU,DEX,4,FALSE))
A12: CON | H12: RÉS | I12: =IF(Score_CON=0,"",IF(OR(LEFT(E13,3)=H12,LEFT(E13,3)=H13),IF(LEFT(E13,3)=H12,IF(Score_CON+1<25,Score_CON+RIGHT(E13,1),25),IF(Score_CON-1>1,Score_CON-RIGHT(E13,1),1)),Score_CON)) | K12: Ajustement aux PV | O12: Choc Métabolique | S12: Résurrection | W12: Poison | Y12: Régén. | AD12: =Score_FOR+Score_DEX+Score_CON+Score_INT+Score_SAG+Score_CHA-72 -> -72
A13: Sous attribut: | H13: VIG | I13: =IF(Score_CON=0,"",IF(OR(LEFT(E13,3)=H12,LEFT(E13,3)=H13),IF(LEFT(E13,3)=H13,IF(Score_CON+1<25,Score_CON+RIGHT(E13,1),25),IF(Score_CON-1>1,Score_CON-RIGHT(E13,1),1)),Score_CON)) | K13: =IF(OR(Score_VIG=0,Score_VIG=""),"",IF(Combattant?=TRUE,VLOOKUP(Score_VIG,CON,3,FALSE),VLOOKUP(Score_VIG,CON,2,FALSE))) | O13: =IF(OR(Score_RES=0,Score_RES=""),"",VLOOKUP(Score_RES,CON,4,FALSE)) | S13: =IF(OR(Score_VIG=0,Score_VIG=""),"",VLOOKUP(Score_VIG,CON,5,FALSE)) | W13: =IF(OR(Score_RES=0,Score_RES=""),"",VLOOKUP(Score_RES,CON,6,FALSE)) | Y13: =IF(OR(Score_VIG=0,Score_VIG=""),"",VLOOKUP(Score_VIG,CON,7,FALSE))
A14: INT | H14: INT | I14: =IF(Score_INT=0,"",IF(OR(LEFT(E15,3)=H14,LEFT(E15,3)=H15),IF(LEFT(E15,3)=H14,IF(Score_INT+1<25,Score_INT+RIGHT(E15,1),25),IF(Score_INT-1>1,Score_INT-RIGHT(E15,1),1)),Score_INT)) | K14: Langues | M14: % d'Apprendre | P14: Niveau de Sort | S14: Max. Sort/Niveau | W14: Immunité vs. sorts
A15: Sous attribut: | H15: ÉRU | I15: =IF(Score_INT=0,"",IF(OR(LEFT(E15,3)=H14,LEFT(E15,3)=H15),IF(LEFT(E15,3)=H15,IF(Score_INT+1<25,Score_INT+RIGHT(E15,1),25),IF(Score_INT-1>1,Score_INT-RIGHT(E15,1),1)),Score_INT)) | K15: =IF(OR(Score_ERU=0,Score_ERU=""),"",VLOOKUP(Score_ERU,INT,2,FALSE)) | M15: =IF(OR(Score_ERU=0,Score_ERU=""),"",VLOOKUP(Score_ERU,INT,4,FALSE)) | P15: =IF(OR(Score_INTct=0,Score_INTct=""),"",VLOOKUP(Score_INTct,INT,3,FALSE)) | S15: =IF(OR(Score_INTct=0,Score_INTct=""),"",VLOOKUP(Score_INTct,INT,5,FALSE)) | W15: =IF(OR(Score_INTct=0,Score_INTct=""),"",VLOOKUP(Score_INTct,INT,6,FALSE))
A16: SAG | H16: VOL | I16: =IF(Score_SAG=0,"",IF(OR(LEFT(E17,3)=H16,LEFT(E17,3)=H17),IF(LEFT(E17,3)=H16,IF(Score_SAG+1<25,Score_SAG+RIGHT(E17,1),25),IF(Score_SAG-1>1,Score_SAG-RIGHT(E17,1),1)),Score_SAG)) | K16: Def. Vs Magie | N16: Bonus de Sorts | U16: Échec sort | W16: Immunité aux sorts
A17: Sous attribut: | H17: INT | I17: =IF(Score_SAG=0,"",IF(OR(LEFT(E17,3)=H16,LEFT(E17,3)=H17),IF(LEFT(E17,3)=H17,IF(Score_SAG+1<25,Score_SAG+RIGHT(E17,1),25),IF(Score_SAG-1>1,Score_SAG-RIGHT(E17,1),1)),Score_SAG)) | K17: =IF(OR(Score_VOL=0,Score_VOL=""),"",VLOOKUP(I16,SAG,2,FALSE)) | N17: =IF(OR(Score_INTtion=0,Score_INTtion=""),"",VLOOKUP(I17,SAG,3,FALSE)) | U17: =IF(OR(Score_INTtion=0,Score_INTtion=""),"",VLOOKUP(I17,SAG,4,FALSE)) | W17: =IF(OR(Score_VOL=0,Score_VOL=""),"",VLOOKUP(Score_VOL,SAG,5,FALSE))
A18: CHA | H18: CHA | I18: =IF(Score_CHA=0,"",IF(OR(LEFT(E19,3)=H18,LEFT(E19,3)=H19),IF(LEFT(E19,3)=H18,IF(Score_CHA+1<25,Score_CHA+RIGHT(E19,1),25),IF(Score_CHA-1>1,Score_CHA-RIGHT(E19,1),1)),Score_CHA)) | K18: Ajust. à la réaction | R18: Compagnons | V18: Loyauté
A19: Sous attribut: | H19: MAG | I19: =IF(Score_CHA=0,"",IF(OR(LEFT(E19,3)=H18,LEFT(E19,3)=H19),IF(LEFT(E19,3)=H19,IF(Score_CHA+1<25,Score_CHA+RIGHT(E19,1),25),IF(Score_CHA-1>1,Score_CHA-RIGHT(E19,1),1)),Score_CHA)) | K19: =IF(OR(Score_CHAr=0,Score_CHAr=""),"",VLOOKUP(I18,CHA,4,FALSE)) | R19: =IF(OR(Score_MAG=0,Score_MAG=""),"",VLOOKUP(I19,CHA,2,FALSE)) | V19: =IF(OR(Score_MAG=0,Score_MAG=""),"",VLOOKUP(I19,CHA,3,FALSE))
A20: Calculateur de TAC0
A21: CA Touchée | F21: 10 | G21: 9 | H21: 8 | I21: 7 | J21: 6 | K21: 5 | L21: 4 | M21: 3 | N21: 2 | O21: 1 | P21: 0 | Q21: -1 | R21: -2 | S21: -3 | T21: -4 | U21: -5 | V21: -6 | W21: -7 | X21: -8 | Y21: -9 | Z21: -10
A22: # pour Toucher | F22: =IF(G22="","",G22-1) | G22: =IF(H22="","",H22-1) | H22: =IF(I22="","",I22-1) | I22: =IF(J22="","",J22-1) | J22: =IF(K22="","",K22-1) | K22: =IF(L22="","",L22-1) | L22: =IF(M22="","",M22-1) | M22: =IF(N22="","",N22-1) | ... O22: =IF(P22="","",P22-1) | P22: =IF(NPC=FALSE,"",Base_TAC02) | Q22: =IF(P22="","",P22+1) | R22: =IF(Q22="","",Q22+1) | S22: =IF(R22="","",R22+1) | T22: =IF(S22="","",S22+1) | U22: =IF(T22="","",T22+1) | V22: =IF(U22="","",U22+1) | W22: =IF(V22="","",V22+1) | X22: =IF(W22="","",W22+1) | ... Z22: =IF(Y22="","",Y22+1)
A23: Ajustement au Touché
A24: Non Compétent | K24: =IF(N(Compétences!P10)+N(K9)=0,"",N(Compétences!P10)+N(K9)) | N24: Maîtrise | X24: ="+3" -> +3
A25: Spécialiste | K25: ="+1" -> +1 | N25: Autre
A26: Armes & Armures
A27: Armes | I27: Poid | K27: Taille | M27: Type | O27: Vitesse | Q27: Bonus | S27: Magie | U27: Dégâts (P-M / G)
A32: Armure | K32: =IF(A33="Bracelets","CA","Ajust Magie") -> Ajust Magie | O32: Classe d'Armure | U32: Jets de Sauvergardes
O33: ="CA: "&IF(NPC=FALSE,"",Autres!Q57) -> CA: | U33: Jet | W33: Sauve. | Y33: Bonus
A34: Bouclier | K34: Ajust Magie | O34: ="Sans Bouclier: "&IF(NPC=FALSE,"",Autres!Q58) -> Sans Bouclier: | U34: PPMM: | W34: =IF('Saving Throws'!K1=TRUE,'Saving Throws'!I6,"")
O35: ="CA de Dos: "&IF(NPC=FALSE,"",Autres!Q58) -> CA de Dos: | U35: BBB: | W35: =IF('Saving Throws'!K1=TRUE,'Saving Throws'!I7,"")
A36: Autres | K36: Ajust Magie | O36: ="Suprise: "&IF(NPC=FALSE,"",Autres!Q59) -> Suprise: | U36: PM: | W36: =IF('Saving Throws'!K1=TRUE,'Saving Throws'!I8,"")
O37: ="Base: "&IF(NPC=FALSE,"",Autres!Q60) -> Base: | U37: SF: | W37: =IF('Saving Throws'!K1=TRUE,'Saving Throws'!I9,"")
O38: ="CA Naturelle: "&IF(NPC=FALSE,"",IF(ISTEXT(VLOOKUP(Race,Race_stats,9,FALSE)),10,VLOOKUP(Race,Race_stats,9,FALSE))) -> CA Naturelle: | U38: SR: | W38: =IF('Saving Throws'!K1=TRUE,'Saving Throws'!I10,"")
A39: Dés de Vie | N39: Points de Vie
A40: Niveaux | D40: 1 | E40: 2 | F40: 3 | G40: 4 | H40: 5 | I40: 6 | J40: 7 | K40: 8 | L40: 9 | M40: 10 | N40: PV Actuels/Blessures | U40: PV Totaux
A41: =IF(Classe=0,"",Classe)
A42: =IF(Classe2=0,"",Classe2) | N42: Expérience
A43: =IF(Classe3=0,"",Classe3) | N43: Classe | Q43: Bonus | S43: PX | W43: Prochain niveau
A44: Bonus CON | N44: =IF(Classe=0,"",Classe)
A45: Munitions | N45: =IF(Classe2=0,"",Classe2)
A46: Type de Munitions | K46: Nbr. | N46: =IF(Classe3=0,"",Classe3)
N47: Langues
G51: =IF(NPC=FALSE,"","Armure:") | I51: Pas d'armure | U51: =IF(NPC=TRUE,IF(Attributs!$T$150=TRUE,"Points "&ROUND(60+(level-1)*30-SUM(U53:W65)*100,0),IF(OR(Classe="Barde",Classe2="Barde",Classe3="Barde"),40,0)-SUM(U53:W65)),"")
A52: Compétence de voleur | K52: Base | M52: Race | O52: DEX | R52: Armure | U52: Aj. Perso | X52: Total
A53: Vole à la tire | K53: =IF(NPC=FALSE,"",IF(OR(Classe="Voleur",Classe2="Voleur",Classe3="Voleur"),VLOOKUP(A53,Tab_comp_voleur,4,FALSE),IF(OR(Classe="Barde",Classe2="Barde",Classe3="Barde"),VLOOKUP(A53,Tab_comp_voleur,5,FALSE),0))) | M53: =IF(NPC=FALSE,"",VLOOKUP(Race,Race_stats,10,FALSE)) | O53: =IF(NPC=FALSE,"",VLOOKUP(Score_DEX,Tab_comp_voleur_dex,2)) | R53: =IF(NPC=FALSE,"",VLOOKUP($A53,Tab_comp_voleur,HLOOKUP($I$51,Tab_comp_voleur,16,FALSE),FALSE)) | S53: =IF(NPC=FALSE,"",VLOOKUP(#REF!,Tab_comp_voleur,HLOOKUP(A51,Tab_comp_voleur,16,FALSE),FALSE)) | T53: =IF(NPC=FALSE,"",VLOOKUP(#REF!,Tab_comp_voleur,HLOOKUP(B51,Tab_comp_voleur,16,FALSE),FALSE)) | X53: =IF(NPC=FALSE,"",$K53+$M53+$O53+$R53+$U53)
A54: Crochetage de serrures | K54: =IF(NPC=FALSE,"",IF(OR(Classe="Voleur",Classe2="Voleur",Classe3="Voleur"),VLOOKUP(A54,Tab_comp_voleur,4,FALSE),IF(OR(Classe="Barde",Classe2="Barde",Classe3="Barde"),VLOOKUP(A54,Tab_comp_voleur,5,FALSE),0))) | M54: =IF(NPC=FALSE,"",VLOOKUP(Race,Race_stats,11,FALSE)) | O54: =IF(NPC=FALSE,"",VLOOKUP(Score_DEX,Tab_comp_voleur_dex,3)) | R54: =IF(NPC=FALSE,"",VLOOKUP($A54,Tab_comp_voleur,HLOOKUP($I$51,Tab_comp_voleur,16,FALSE),FALSE)) | S54: =IF(NPC=FALSE,"",VLOOKUP(#REF!,Tab_comp_voleur,HLOOKUP(A52,Tab_comp_voleur,16,FALSE),FALSE)) | T54: =IF(NPC=FALSE,"",VLOOKUP(#REF!,Tab_comp_voleur,HLOOKUP(B52,Tab_comp_voleur,16,FALSE),FALSE)) | X54: =IF(NPC=FALSE,"",$K54+$M54+$O54+$R54+$U54)
A55: Trouver/Désa. Des Pièges | K55: =IF(NPC=FALSE,"",IF(OR(Classe="Voleur",Classe2="Voleur",Classe3="Voleur"),VLOOKUP(A55,Tab_comp_voleur,4,FALSE),IF(OR(Classe="Barde",Classe2="Barde",Classe3="Barde"),VLOOKUP(A55,Tab_comp_voleur,5,FALSE),0))) | M55: =IF(NPC=FALSE,"",VLOOKUP(Race,Race_stats,12,FALSE)) | O55: =IF(NPC=FALSE,"",VLOOKUP(Score_DEX,Tab_comp_voleur_dex,4)) | R55: =IF(NPC=FALSE,"",VLOOKUP($A55,Tab_comp_voleur,HLOOKUP($I$51,Tab_comp_voleur,16,FALSE),FALSE)) | S55: =IF(NPC=FALSE,"",VLOOKUP(#REF!,Tab_comp_voleur,HLOOKUP(A53,Tab_comp_voleur,16,FALSE),FALSE)) | T55: =IF(NPC=FALSE,"",VLOOKUP(#REF!,Tab_comp_voleur,HLOOKUP(B53,Tab_comp_voleur,16,FALSE),FALSE)) | X55: =IF(NPC=FALSE,"",$K55+$M55+$O55+$R55+$U55)
A56: Mouvement Silencieux | K56: =IF(NPC=FALSE,"",IF(OR(Classe="Voleur",Classe2="Voleur",Classe3="Voleur"),VLOOKUP(A56,Tab_comp_voleur,4,FALSE),IF(OR(Classe="Barde",Classe2="Barde",Classe3="Barde"),VLOOKUP(A56,Tab_comp_voleur,5,FALSE),0))) | M56: =IF(NPC=FALSE,"",VLOOKUP(Race,Race_stats,13,FALSE)) | O56: =IF(NPC=FALSE,"",VLOOKUP(Score_DEX,Tab_comp_voleur_dex,5)) | R56: =IF(NPC=FALSE,"",VLOOKUP($A56,Tab_comp_voleur,HLOOKUP($I$51,Tab_comp_voleur,16,FALSE),FALSE)) | S56: =IF(NPC=FALSE,"",VLOOKUP(#REF!,Tab_comp_voleur,HLOOKUP(A54,Tab_comp_voleur,16,FALSE),FALSE)) | T56: =IF(NPC=FALSE,"",VLOOKUP(#REF!,Tab_comp_voleur,HLOOKUP(B54,Tab_comp_voleur,16,FALSE),FALSE)) | X56: =IF(NPC=FALSE,"",$K56+$M56+$O56+$R56+$U56)
A57: Se cacher dans l'ombre | K57: =IF(NPC=FALSE,"",IF(OR(Classe="Voleur",Classe2="Voleur",Classe3="Voleur"),VLOOKUP(A57,Tab_comp_voleur,4,FALSE),IF(OR(Classe="Barde",Classe2="Barde",Classe3="Barde"),VLOOKUP(A57,Tab_comp_voleur,5,FALSE),0))) | M57: =IF(NPC=FALSE,"",VLOOKUP(Race,Race_stats,14,FALSE)) | O57: =IF(NPC=FALSE,"",VLOOKUP(Score_DEX,Tab_comp_voleur_dex,6)) | R57: =IF(NPC=FALSE,"",VLOOKUP($A57,Tab_comp_voleur,HLOOKUP($I$51,Tab_comp_voleur,16,FALSE),FALSE)) | S57: =IF(NPC=FALSE,"",VLOOKUP(#REF!,Tab_comp_voleur,HLOOKUP(A55,Tab_comp_voleur,16,FALSE),FALSE)) | T57: =IF(NPC=FALSE,"",VLOOKUP(#REF!,Tab_comp_voleur,HLOOKUP(B55,Tab_comp_voleur,16,FALSE),FALSE)) | X57: =IF(NPC=FALSE,"",$K57+$M57+$O57+$R57+$U57)
A58: Detecter des Bruits | K58: =IF(NPC=FALSE,"",IF(OR(Classe="Voleur",Classe2="Voleur",Classe3="Voleur"),VLOOKUP(A58,Tab_comp_voleur,4,FALSE),IF(OR(Classe="Barde",Classe2="Barde",Classe3="Barde"),VLOOKUP(A58,Tab_comp_voleur,5,FALSE),0))) | M58: =IF(NPC=FALSE,"",VLOOKUP(Race,Race_stats,15,FALSE)) | O58: =IF(NPC=FALSE,"",0%) | R58: =IF(NPC=FALSE,"",VLOOKUP($A58,Tab_comp_voleur,HLOOKUP($I$51,Tab_comp_voleur,16,FALSE),FALSE)) | S58: =IF(NPC=FALSE,"",VLOOKUP(#REF!,Tab_comp_voleur,HLOOKUP(A56,Tab_comp_voleur,16,FALSE),FALSE)) | T58: =IF(NPC=FALSE,"",VLOOKUP(#REF!,Tab_comp_voleur,HLOOKUP(B56,Tab_comp_voleur,16,FALSE),FALSE)) | X58: =IF(NPC=FALSE,"",$K58+$M58+$O58+$R58+$U58)
A59: Grimper | K59: =IF(NPC=FALSE,"",IF(OR(Classe="Voleur",Classe2="Voleur",Classe3="Voleur"),VLOOKUP(A59,Tab_comp_voleur,4,FALSE),IF(OR(Classe="Barde",Classe2="Barde",Classe3="Barde"),VLOOKUP(A59,Tab_comp_voleur,5,FALSE),0))) | M59: =IF(NPC=FALSE,"",VLOOKUP(Race,Race_stats,16,FALSE)) | O59: =IF(NPC=FALSE,"",VLOOKUP(Score_DEX,Tab_comp_voleur_dex,8)) | R59: =IF(NPC=FALSE,"",VLOOKUP($A59,Tab_comp_voleur,HLOOKUP($I$51,Tab_comp_voleur,16,FALSE),FALSE)) | S59: =IF(NPC=FALSE,"",VLOOKUP(#REF!,Tab_comp_voleur,HLOOKUP(A57,Tab_comp_voleur,16,FALSE),FALSE)) | T59: =IF(NPC=FALSE,"",VLOOKUP(#REF!,Tab_comp_voleur,HLOOKUP(B57,Tab_comp_voleur,16,FALSE),FALSE)) | X59: =IF(NPC=FALSE,"",$K59+$M59+$O59+$R59+$U59)
A60: Langues Inconnues | K60: =IF(NPC=FALSE,"",IF(OR(Classe="Voleur",Classe2="Voleur",Classe3="Voleur"),VLOOKUP(A60,Tab_comp_voleur,4,FALSE),IF(OR(Classe="Barde",Classe2="Barde",Classe3="Barde"),VLOOKUP(A60,Tab_comp_voleur,5,FALSE),0))) | M60: =IF(NPC=FALSE,"",VLOOKUP(Race,Race_stats,17,FALSE)) | O60: =IF(NPC=FALSE,"",0%) | R60: =IF(NPC=FALSE,"",VLOOKUP($A60,Tab_comp_voleur,HLOOKUP($I$51,Tab_comp_voleur,16,FALSE),FALSE)) | S60: =IF(NPC=FALSE,"",VLOOKUP(#REF!,Tab_comp_voleur,HLOOKUP(A58,Tab_comp_voleur,16,FALSE),FALSE)) | T60: =IF(NPC=FALSE,"",VLOOKUP(#REF!,Tab_comp_voleur,HLOOKUP(B58,Tab_comp_voleur,16,FALSE),FALSE)) | X60: =IF(NPC=FALSE,"",$K60+$M60+$O60+$R60+$U60)
A61: Corruption | K61: =IF(NPC=FALSE,"",IF(OR(Classe="Voleur",Classe2="Voleur",Classe3="Voleur"),VLOOKUP(A61,Tab_comp_voleur,4,FALSE),IF(OR(Classe="Barde",Classe2="Barde",Classe3="Barde"),VLOOKUP(A61,Tab_comp_voleur,5,FALSE),0))) | M61: =IF(NPC=FALSE,"",VLOOKUP(Race,Race_stats,20,FALSE)) | O61: =IF(NPC=FALSE,"",0%) | R61: =IF(NPC=FALSE,"",VLOOKUP($A61,Tab_comp_voleur,HLOOKUP($I$51,Tab_comp_voleur,16,FALSE),FALSE)) | S61: =IF(NPC=FALSE,"",VLOOKUP(#REF!,Tab_comp_voleur,HLOOKUP(A59,Tab_comp_voleur,16,FALSE),FALSE)) | T61: =IF(NPC=FALSE,"",VLOOKUP(#REF!,Tab_comp_voleur,HLOOKUP(B59,Tab_comp_voleur,16,FALSE),FALSE)) | X61: =IF(NPC=FALSE,"",$K61+$M61+$O61+$R61+$U61)
A62: Détection de la magie | K62: =IF(NPC=FALSE,"",IF(OR(Classe="Voleur",Classe2="Voleur",Classe3="Voleur"),VLOOKUP(A62,Tab_comp_voleur,4,FALSE),IF(OR(Classe="Barde",Classe2="Barde",Classe3="Barde"),VLOOKUP(A62,Tab_comp_voleur,5,FALSE),0))) | M62: =IF(NPC=FALSE,"",VLOOKUP(Race,Race_stats,18,FALSE)) | O62: =IF(NPC=FALSE,"",0%) | R62: =IF(NPC=FALSE,"",VLOOKUP($A62,Tab_comp_voleur,HLOOKUP($I$51,Tab_comp_voleur,16,FALSE),FALSE)) | S62: =IF(NPC=FALSE,"",VLOOKUP(#REF!,Tab_comp_voleur,HLOOKUP(A60,Tab_comp_voleur,16,FALSE),FALSE)) | T62: =IF(NPC=FALSE,"",VLOOKUP(#REF!,Tab_comp_voleur,HLOOKUP(B60,Tab_comp_voleur,16,FALSE),FALSE)) | X62: =IF(NPC=FALSE,"",$K62+$M62+$O62+$R62+$U62)
A63: Détection des illusions | K63: =IF(NPC=FALSE,"",IF(OR(Classe="Voleur",Classe2="Voleur",Classe3="Voleur"),VLOOKUP(A63,Tab_comp_voleur,4,FALSE),IF(OR(Classe="Barde",Classe2="Barde",Classe3="Barde"),VLOOKUP(A63,Tab_comp_voleur,5,FALSE),0))) | M63: =IF(NPC=FALSE,"",VLOOKUP(Race,Race_stats,19,FALSE)) | O63: =IF(NPC=FALSE,"",0%) | R63: =IF(NPC=FALSE,"",VLOOKUP($A63,Tab_comp_voleur,HLOOKUP($I$51,Tab_comp_voleur,16,FALSE),FALSE)) | S63: =IF(NPC=FALSE,"",VLOOKUP(#REF!,Tab_comp_voleur,HLOOKUP(A61,Tab_comp_voleur,16,FALSE),FALSE)) | T63: =IF(NPC=FALSE,"",VLOOKUP(#REF!,Tab_comp_voleur,HLOOKUP(B61,Tab_comp_voleur,16,FALSE),FALSE)) | X63: =IF(NPC=FALSE,"",$K63+$M63+$O63+$R63+$U63)
A64: Évasion | K64: =IF(NPC=FALSE,"",IF(OR(Classe="Voleur",Classe2="Voleur",Classe3="Voleur"),VLOOKUP(A64,Tab_comp_voleur,4,FALSE),IF(OR(Classe="Barde",Classe2="Barde",Classe3="Barde"),VLOOKUP(A64,Tab_comp_voleur,5,FALSE),0))) | M64: =IF(NPC=FALSE,"",VLOOKUP(Race,Race_stats,22,FALSE)) | O64: =IF(NPC=FALSE,"",VLOOKUP(Score_DEX,Tab_comp_voleur_dex,7)) | R64: =IF(NPC=FALSE,"",VLOOKUP($A64,Tab_comp_voleur,HLOOKUP($I$51,Tab_comp_voleur,16,FALSE),FALSE)) | S64: =IF(NPC=FALSE,"",VLOOKUP(#REF!,Tab_comp_voleur,HLOOKUP(A62,Tab_comp_voleur,16,FALSE),FALSE)) | T64: =IF(NPC=FALSE,"",VLOOKUP(#REF!,Tab_comp_voleur,HLOOKUP(B62,Tab_comp_voleur,16,FALSE),FALSE)) | X64: =IF(NPC=FALSE,"",$K64+$M64+$O64+$R64+$U64)
A65: Percement d'un tunnel | K65: =IF(NPC=FALSE,"",IF(OR(Classe="Voleur",Classe2="Voleur",Classe3="Voleur"),VLOOKUP(A65,Tab_comp_voleur,4,FALSE),IF(OR(Classe="Barde",Classe2="Barde",Classe3="Barde"),VLOOKUP(A65,Tab_comp_voleur,5,FALSE),0))) | M65: =IF(NPC=FALSE,"",VLOOKUP(Race,Race_stats,21,FALSE)) | O65: =IF(NPC=FALSE,"",VLOOKUP(Score_DEX,Tab_comp_voleur_dex,9)) | R65: =IF(NPC=FALSE,"",VLOOKUP($A65,Tab_comp_voleur,HLOOKUP($I$51,Tab_comp_voleur,16,FALSE),FALSE)) | S65: =IF(NPC=FALSE,"",VLOOKUP(#REF!,Tab_comp_voleur,HLOOKUP(A63,Tab_comp_voleur,16,FALSE),FALSE)) | T65: =IF(NPC=FALSE,"",VLOOKUP(#REF!,Tab_comp_voleur,HLOOKUP(B63,Tab_comp_voleur,16,FALSE),FALSE)) | X65: =IF(NPC=FALSE,"",$K65+$M65+$O65+$R65+$U65)
A66: Compétences Diverses: | J66: =IF(OR(comp_vers="aucune",comp_vers="2.5"),"",IF(NPC=FALSE,"",K66-Compétences!Y36)&"/") -> / | K66: =Compétences!AE67 -> 0
A67: Compétence | J67: Jet | L67: # amél. | N67: Compétence | W67: Jet | Y67: # amél.
J68: =IF(ISNA(VLOOKUP(A68,Comp_diverses_Full,3,FALSE)),"",IF(comp_vers="2.5",IF(VLOOKUP(A68,Comp_diverses_Full,7,FALSE)="NA","NA",VLOOKUP(A68,Comp_diverses_Full,7,FALSE)+VLOOKUP(VLOOKUP(A68,Comp_diverses_Full,8,FALSE),Tab_comp_ajust_2.5,2,FALSE))+L68,VLOOKUP(A68,Comp_diverses_Full,3,FALSE)&IF(VLOOKUP(A68,Comp_diverses_Full,4,FALSE)="NA","",IF((VLOOKUP(A68,Comp_diverses_Full,4,FALSE)+L68)>=0,"+",)&(VLOOKUP(A68,Comp_diverses_Full,4,FALSE)+L68)))) | W68: =IF(ISNA(VLOOKUP(N68,Comp_diverses_Full,3,FALSE)),"",IF(comp_vers="2.5",IF(VLOOKUP(N68,Comp_diverses_Full,7,FALSE)="NA","NA",VLOOKUP(N68,Comp_diverses_Full,7,FALSE)+VLOOKUP(VLOOKUP(N68,Comp_diverses_Full,8,FALSE),Tab_comp_ajust_2.5,2,FALSE))+Y68,VLOOKUP(N68,Comp_diverses_Full,3,FALSE)&IF(VLOOKUP(N68,Comp_diverses_Full,4,FALSE)="NA","",IF((VLOOKUP(N68,Comp_diverses_Full,4,FALSE)+Y68)>=0,"+",)&(VLOOKUP(N68,Comp_diverses_Full,4,FALSE)+Y68))))
J69: =IF(ISNA(VLOOKUP(A69,Comp_diverses_Full,3,FALSE)),"",IF(comp_vers="2.5",IF(VLOOKUP(A69,Comp_diverses_Full,7,FALSE)="NA","NA",VLOOKUP(A69,Comp_diverses_Full,7,FALSE)+VLOOKUP(VLOOKUP(A69,Comp_diverses_Full,8,FALSE),Tab_comp_ajust_2.5,2,FALSE))+L69,VLOOKUP(A69,Comp_diverses_Full,3,FALSE)&IF(VLOOKUP(A69,Comp_diverses_Full,4,FALSE)="NA","",IF((VLOOKUP(A69,Comp_diverses_Full,4,FALSE)+L69)>=0,"+",)&(VLOOKUP(A69,Comp_diverses_Full,4,FALSE)+L69)))) | W69: =IF(ISNA(VLOOKUP(N69,Comp_diverses_Full,3,FALSE)),"",IF(comp_vers="2.5",IF(VLOOKUP(N69,Comp_diverses_Full,7,FALSE)="NA","NA",VLOOKUP(N69,Comp_diverses_Full,7,FALSE)+VLOOKUP(VLOOKUP(N69,Comp_diverses_Full,8,FALSE),Tab_comp_ajust_2.5,2,FALSE))+Y69,VLOOKUP(N69,Comp_diverses_Full,3,FALSE)&IF(VLOOKUP(N69,Comp_diverses_Full,4,FALSE)="NA","",IF((VLOOKUP(N69,Comp_diverses_Full,4,FALSE)+Y69)>=0,"+",)&(VLOOKUP(N69,Comp_diverses_Full,4,FALSE)+Y69))))
J70: =IF(ISNA(VLOOKUP(A70,Comp_diverses_Full,3,FALSE)),"",IF(comp_vers="2.5",IF(VLOOKUP(A70,Comp_diverses_Full,7,FALSE)="NA","NA",VLOOKUP(A70,Comp_diverses_Full,7,FALSE)+VLOOKUP(VLOOKUP(A70,Comp_diverses_Full,8,FALSE),Tab_comp_ajust_2.5,2,FALSE))+L70,VLOOKUP(A70,Comp_diverses_Full,3,FALSE)&IF(VLOOKUP(A70,Comp_diverses_Full,4,FALSE)="NA","",IF((VLOOKUP(A70,Comp_diverses_Full,4,FALSE)+L70)>=0,"+",)&(VLOOKUP(A70,Comp_diverses_Full,4,FALSE)+L70)))) | W70: =IF(ISNA(VLOOKUP(N70,Comp_diverses_Full,3,FALSE)),"",IF(comp_vers="2.5",IF(VLOOKUP(N70,Comp_diverses_Full,7,FALSE)="NA","NA",VLOOKUP(N70,Comp_diverses_Full,7,FALSE)+VLOOKUP(VLOOKUP(N70,Comp_diverses_Full,8,FALSE),Tab_comp_ajust_2.5,2,FALSE))+Y70,VLOOKUP(N70,Comp_diverses_Full,3,FALSE)&IF(VLOOKUP(N70,Comp_diverses_Full,4,FALSE)="NA","",IF((VLOOKUP(N70,Comp_diverses_Full,4,FALSE)+Y70)>=0,"+",)&(VLOOKUP(N70,Comp_diverses_Full,4,FALSE)+Y70))))
J71: =IF(ISNA(VLOOKUP(A71,Comp_diverses_Full,3,FALSE)),"",IF(comp_vers="2.5",IF(VLOOKUP(A71,Comp_diverses_Full,7,FALSE)="NA","NA",VLOOKUP(A71,Comp_diverses_Full,7,FALSE)+VLOOKUP(VLOOKUP(A71,Comp_diverses_Full,8,FALSE),Tab_comp_ajust_2.5,2,FALSE))+L71,VLOOKUP(A71,Comp_diverses_Full,3,FALSE)&IF(VLOOKUP(A71,Comp_diverses_Full,4,FALSE)="NA","",IF((VLOOKUP(A71,Comp_diverses_Full,4,FALSE)+L71)>=0,"+",)&(VLOOKUP(A71,Comp_diverses_Full,4,FALSE)+L71)))) | W71: =IF(ISNA(VLOOKUP(N71,Comp_diverses_Full,3,FALSE)),"",IF(comp_vers="2.5",IF(VLOOKUP(N71,Comp_diverses_Full,7,FALSE)="NA","NA",VLOOKUP(N71,Comp_diverses_Full,7,FALSE)+VLOOKUP(VLOOKUP(N71,Comp_diverses_Full,8,FALSE),Tab_comp_ajust_2.5,2,FALSE))+Y71,VLOOKUP(N71,Comp_diverses_Full,3,FALSE)&IF(VLOOKUP(N71,Comp_diverses_Full,4,FALSE)="NA","",IF((VLOOKUP(N71,Comp_diverses_Full,4,FALSE)+Y71)>=0,"+",)&(VLOOKUP(N71,Comp_diverses_Full,4,FALSE)+Y71))))
J72: =IF(ISNA(VLOOKUP(A72,Comp_diverses_Full,3,FALSE)),"",IF(comp_vers="2.5",IF(VLOOKUP(A72,Comp_diverses_Full,7,FALSE)="NA","NA",VLOOKUP(A72,Comp_diverses_Full,7,FALSE)+VLOOKUP(VLOOKUP(A72,Comp_diverses_Full,8,FALSE),Tab_comp_ajust_2.5,2,FALSE))+L72,VLOOKUP(A72,Comp_diverses_Full,3,FALSE)&IF(VLOOKUP(A72,Comp_diverses_Full,4,FALSE)="NA","",IF((VLOOKUP(A72,Comp_diverses_Full,4,FALSE)+L72)>=0,"+",)&(VLOOKUP(A72,Comp_diverses_Full,4,FALSE)+L72)))) | W72: =IF(ISNA(VLOOKUP(N72,Comp_diverses_Full,3,FALSE)),"",IF(comp_vers="2.5",IF(VLOOKUP(N72,Comp_diverses_Full,7,FALSE)="NA","NA",VLOOKUP(N72,Comp_diverses_Full,7,FALSE)+VLOOKUP(VLOOKUP(N72,Comp_diverses_Full,8,FALSE),Tab_comp_ajust_2.5,2,FALSE))+Y72,VLOOKUP(N72,Comp_diverses_Full,3,FALSE)&IF(VLOOKUP(N72,Comp_diverses_Full,4,FALSE)="NA","",IF((VLOOKUP(N72,Comp_diverses_Full,4,FALSE)+Y72)>=0,"+",)&(VLOOKUP(N72,Comp_diverses_Full,4,FALSE)+Y72))))
J73: =IF(ISNA(VLOOKUP(A73,Comp_diverses_Full,3,FALSE)),"",IF(comp_vers="2.5",IF(VLOOKUP(A73,Comp_diverses_Full,7,FALSE)="NA","NA",VLOOKUP(A73,Comp_diverses_Full,7,FALSE)+VLOOKUP(VLOOKUP(A73,Comp_diverses_Full,8,FALSE),Tab_comp_ajust_2.5,2,FALSE))+L73,VLOOKUP(A73,Comp_diverses_Full,3,FALSE)&IF(VLOOKUP(A73,Comp_diverses_Full,4,FALSE)="NA","",IF((VLOOKUP(A73,Comp_diverses_Full,4,FALSE)+L73)>=0,"+",)&(VLOOKUP(A73,Comp_diverses_Full,4,FALSE)+L73)))) | W73: =IF(ISNA(VLOOKUP(N73,Comp_diverses_Full,3,FALSE)),"",IF(comp_vers="2.5",IF(VLOOKUP(N73,Comp_diverses_Full,7,FALSE)="NA","NA",VLOOKUP(N73,Comp_diverses_Full,7,FALSE)+VLOOKUP(VLOOKUP(N73,Comp_diverses_Full,8,FALSE),Tab_comp_ajust_2.5,2,FALSE))+Y73,VLOOKUP(N73,Comp_diverses_Full,3,FALSE)&IF(VLOOKUP(N73,Comp_diverses_Full,4,FALSE)="NA","",IF((VLOOKUP(N73,Comp_diverses_Full,4,FALSE)+Y73)>=0,"+",)&(VLOOKUP(N73,Comp_diverses_Full,4,FALSE)+Y73))))
J74: =IF(ISNA(VLOOKUP(A74,Comp_diverses_Full,3,FALSE)),"",IF(comp_vers="2.5",IF(VLOOKUP(A74,Comp_diverses_Full,7,FALSE)="NA","NA",VLOOKUP(A74,Comp_diverses_Full,7,FALSE)+VLOOKUP(VLOOKUP(A74,Comp_diverses_Full,8,FALSE),Tab_comp_ajust_2.5,2,FALSE))+L74,VLOOKUP(A74,Comp_diverses_Full,3,FALSE)&IF(VLOOKUP(A74,Comp_diverses_Full,4,FALSE)="NA","",IF((VLOOKUP(A74,Comp_diverses_Full,4,FALSE)+L74)>=0,"+",)&(VLOOKUP(A74,Comp_diverses_Full,4,FALSE)+L74)))) | W74: =IF(ISNA(VLOOKUP(N74,Comp_diverses_Full,3,FALSE)),"",IF(comp_vers="2.5",IF(VLOOKUP(N74,Comp_diverses_Full,7,FALSE)="NA","NA",VLOOKUP(N74,Comp_diverses_Full,7,FALSE)+VLOOKUP(VLOOKUP(N74,Comp_diverses_Full,8,FALSE),Tab_comp_ajust_2.5,2,FALSE))+Y74,VLOOKUP(N74,Comp_diverses_Full,3,FALSE)&IF(VLOOKUP(N74,Comp_diverses_Full,4,FALSE)="NA","",IF((VLOOKUP(N74,Comp_diverses_Full,4,FALSE)+Y74)>=0,"+",)&(VLOOKUP(N74,Comp_diverses_Full,4,FALSE)+Y74))))
J75: =IF(ISNA(VLOOKUP(A75,Comp_diverses_Full,3,FALSE)),"",IF(comp_vers="2.5",IF(VLOOKUP(A75,Comp_diverses_Full,7,FALSE)="NA","NA",VLOOKUP(A75,Comp_diverses_Full,7,FALSE)+VLOOKUP(VLOOKUP(A75,Comp_diverses_Full,8,FALSE),Tab_comp_ajust_2.5,2,FALSE))+L75,VLOOKUP(A75,Comp_diverses_Full,3,FALSE)&IF(VLOOKUP(A75,Comp_diverses_Full,4,FALSE)="NA","",IF((VLOOKUP(A75,Comp_diverses_Full,4,FALSE)+L75)>=0,"+",)&(VLOOKUP(A75,Comp_diverses_Full,4,FALSE)+L75)))) | W75: =IF(ISNA(VLOOKUP(N75,Comp_diverses_Full,3,FALSE)),"",IF(comp_vers="2.5",IF(VLOOKUP(N75,Comp_diverses_Full,7,FALSE)="NA","NA",VLOOKUP(N75,Comp_diverses_Full,7,FALSE)+VLOOKUP(VLOOKUP(N75,Comp_diverses_Full,8,FALSE),Tab_comp_ajust_2.5,2,FALSE))+Y75,VLOOKUP(N75,Comp_diverses_Full,3,FALSE)&IF(VLOOKUP(N75,Comp_diverses_Full,4,FALSE)="NA","",IF((VLOOKUP(N75,Comp_diverses_Full,4,FALSE)+Y75)>=0,"+",)&(VLOOKUP(N75,Comp_diverses_Full,4,FALSE)+Y75))))
J76: =IF(ISNA(VLOOKUP(A76,Comp_diverses_Full,3,FALSE)),"",IF(comp_vers="2.5",IF(VLOOKUP(A76,Comp_diverses_Full,7,FALSE)="NA","NA",VLOOKUP(A76,Comp_diverses_Full,7,FALSE)+VLOOKUP(VLOOKUP(A76,Comp_diverses_Full,8,FALSE),Tab_comp_ajust_2.5,2,FALSE))+L76,VLOOKUP(A76,Comp_diverses_Full,3,FALSE)&IF(VLOOKUP(A76,Comp_diverses_Full,4,FALSE)="NA","",IF((VLOOKUP(A76,Comp_diverses_Full,4,FALSE)+L76)>=0,"+",)&(VLOOKUP(A76,Comp_diverses_Full,4,FALSE)+L76)))) | W76: =IF(ISNA(VLOOKUP(N76,Comp_diverses_Full,3,FALSE)),"",IF(comp_vers="2.5",IF(VLOOKUP(N76,Comp_diverses_Full,7,FALSE)="NA","NA",VLOOKUP(N76,Comp_diverses_Full,7,FALSE)+VLOOKUP(VLOOKUP(N76,Comp_diverses_Full,8,FALSE),Tab_comp_ajust_2.5,2,FALSE))+Y76,VLOOKUP(N76,Comp_diverses_Full,3,FALSE)&IF(VLOOKUP(N76,Comp_diverses_Full,4,FALSE)="NA","",IF((VLOOKUP(N76,Comp_diverses_Full,4,FALSE)+Y76)>=0,"+",)&(VLOOKUP(N76,Comp_diverses_Full,4,FALSE)+Y76))))
J77: =IF(ISNA(VLOOKUP(A77,Comp_diverses_Full,3,FALSE)),"",IF(comp_vers="2.5",IF(VLOOKUP(A77,Comp_diverses_Full,7,FALSE)="NA","NA",VLOOKUP(A77,Comp_diverses_Full,7,FALSE)+VLOOKUP(VLOOKUP(A77,Comp_diverses_Full,8,FALSE),Tab_comp_ajust_2.5,2,FALSE))+L77,VLOOKUP(A77,Comp_diverses_Full,3,FALSE)&IF(VLOOKUP(A77,Comp_diverses_Full,4,FALSE)="NA","",IF((VLOOKUP(A77,Comp_diverses_Full,4,FALSE)+L77)>=0,"+",)&(VLOOKUP(A77,Comp_diverses_Full,4,FALSE)+L77)))) | W77: =IF(ISNA(VLOOKUP(N77,Comp_diverses_Full,3,FALSE)),"",IF(comp_vers="2.5",IF(VLOOKUP(N77,Comp_diverses_Full,7,FALSE)="NA","NA",VLOOKUP(N77,Comp_diverses_Full,7,FALSE)+VLOOKUP(VLOOKUP(N77,Comp_diverses_Full,8,FALSE),Tab_comp_ajust_2.5,2,FALSE))+Y77,VLOOKUP(N77,Comp_diverses_Full,3,FALSE)&IF(VLOOKUP(N77,Comp_diverses_Full,4,FALSE)="NA","",IF((VLOOKUP(N77,Comp_diverses_Full,4,FALSE)+Y77)>=0,"+",)&(VLOOKUP(N77,Comp_diverses_Full,4,FALSE)+Y77))))
J78: =IF(ISNA(VLOOKUP(A78,Comp_diverses_Full,3,FALSE)),"",IF(comp_vers="2.5",IF(VLOOKUP(A78,Comp_diverses_Full,7,FALSE)="NA","NA",VLOOKUP(A78,Comp_diverses_Full,7,FALSE)+VLOOKUP(VLOOKUP(A78,Comp_diverses_Full,8,FALSE),Tab_comp_ajust_2.5,2,FALSE))+L78,VLOOKUP(A78,Comp_diverses_Full,3,FALSE)&IF(VLOOKUP(A78,Comp_diverses_Full,4,FALSE)="NA","",IF((VLOOKUP(A78,Comp_diverses_Full,4,FALSE)+L78)>=0,"+",)&(VLOOKUP(A78,Comp_diverses_Full,4,FALSE)+L78)))) | W78: =IF(ISNA(VLOOKUP(N78,Comp_diverses_Full,3,FALSE)),"",IF(comp_vers="2.5",IF(VLOOKUP(N78,Comp_diverses_Full,7,FALSE)="NA","NA",VLOOKUP(N78,Comp_diverses_Full,7,FALSE)+VLOOKUP(VLOOKUP(N78,Comp_diverses_Full,8,FALSE),Tab_comp_ajust_2.5,2,FALSE))+Y78,VLOOKUP(N78,Comp_diverses_Full,3,FALSE)&IF(VLOOKUP(N78,Comp_diverses_Full,4,FALSE)="NA","",IF((VLOOKUP(N78,Comp_diverses_Full,4,FALSE)+Y78)>=0,"+",)&(VLOOKUP(N78,Comp_diverses_Full,4,FALSE)+Y78))))
J79: =IF(ISNA(VLOOKUP(A79,Comp_diverses_Full,3,FALSE)),"",IF(comp_vers="2.5",IF(VLOOKUP(A79,Comp_diverses_Full,7,FALSE)="NA","NA",VLOOKUP(A79,Comp_diverses_Full,7,FALSE)+VLOOKUP(VLOOKUP(A79,Comp_diverses_Full,8,FALSE),Tab_comp_ajust_2.5,2,FALSE))+L79,VLOOKUP(A79,Comp_diverses_Full,3,FALSE)&IF(VLOOKUP(A79,Comp_diverses_Full,4,FALSE)="NA","",IF((VLOOKUP(A79,Comp_diverses_Full,4,FALSE)+L79)>=0,"+",)&(VLOOKUP(A79,Comp_diverses_Full,4,FALSE)+L79)))) | W79: =IF(ISNA(VLOOKUP(N79,Comp_diverses_Full,3,FALSE)),"",IF(comp_vers="2.5",IF(VLOOKUP(N79,Comp_diverses_Full,7,FALSE)="NA","NA",VLOOKUP(N79,Comp_diverses_Full,7,FALSE)+VLOOKUP(VLOOKUP(N79,Comp_diverses_Full,8,FALSE),Tab_comp_ajust_2.5,2,FALSE))+Y79,VLOOKUP(N79,Comp_diverses_Full,3,FALSE)&IF(VLOOKUP(N79,Comp_diverses_Full,4,FALSE)="NA","",IF((VLOOKUP(N79,Comp_diverses_Full,4,FALSE)+Y79)>=0,"+",)&(VLOOKUP(N79,Comp_diverses_Full,4,FALSE)+Y79))))
J80: =IF(ISNA(VLOOKUP(A80,Comp_diverses_Full,3,FALSE)),"",IF(comp_vers="2.5",IF(VLOOKUP(A80,Comp_diverses_Full,7,FALSE)="NA","NA",VLOOKUP(A80,Comp_diverses_Full,7,FALSE)+VLOOKUP(VLOOKUP(A80,Comp_diverses_Full,8,FALSE),Tab_comp_ajust_2.5,2,FALSE))+L80,VLOOKUP(A80,Comp_diverses_Full,3,FALSE)&IF(VLOOKUP(A80,Comp_diverses_Full,4,FALSE)="NA","",IF((VLOOKUP(A80,Comp_diverses_Full,4,FALSE)+L80)>=0,"+",)&(VLOOKUP(A80,Comp_diverses_Full,4,FALSE)+L80)))) | W80: =IF(ISNA(VLOOKUP(N80,Comp_diverses_Full,3,FALSE)),"",IF(comp_vers="2.5",IF(VLOOKUP(N80,Comp_diverses_Full,7,FALSE)="NA","NA",VLOOKUP(N80,Comp_diverses_Full,7,FALSE)+VLOOKUP(VLOOKUP(N80,Comp_diverses_Full,8,FALSE),Tab_comp_ajust_2.5,2,FALSE))+Y80,VLOOKUP(N80,Comp_diverses_Full,3,FALSE)&IF(VLOOKUP(N80,Comp_diverses_Full,4,FALSE)="NA","",IF((VLOOKUP(N80,Comp_diverses_Full,4,FALSE)+Y80)>=0,"+",)&(VLOOKUP(N80,Comp_diverses_Full,4,FALSE)+Y80))))
A81: Compétences Martiales: | L81: =IF(OR(comp_vers="2.5",MAX(level,levelc2,levelc3)<1),"",IF(NPC=FALSE,"",M81-Compétences!AB11)&"/") | M81: =IF(OR(comp_vers="2.5",MAX(level,levelc2,levelc3)<1),"",IF(NPC=FALSE,"",IF(level>=1,Compétences!N10+ROUNDDOWN((level-1)/Compétences!O10,0))))
A82: Compétence | L82: Niveau | N82: Compétence | Y82: Niveau
A87: Progression des Pouvoirs Psioniques | T87: Vade Retro (1d20 ≥)
A88: Disciplines | F88: Sciences | K88: Dévotions | O88: Modes de défense | T88: Squelette/1 DV | Y88: =IF(NPC=FALSE,IF(VLOOKUP(T88,Vade_retro,Vade_Niveau,FALSE)="-","",VLOOKUP(T88,Vade_retro,Vade_Niveau,FALSE)),VLOOKUP(T88,Vade_retro,Vade_Niveau,FALSE))
T89: Zombi | Y89: =IF(NPC=FALSE,IF(VLOOKUP(T89,Vade_retro,Vade_Niveau,FALSE)="-","",VLOOKUP(T89,Vade_retro,Vade_Niveau,FALSE)),VLOOKUP(T89,Vade_retro,Vade_Niveau,FALSE))
A90: Capacités Raciales | N90: Progressions de sorts | T90: Goule/2 DV | Y90: =IF(NPC=FALSE,IF(VLOOKUP(T90,Vade_retro,Vade_Niveau,FALSE)="-","",VLOOKUP(T90,Vade_retro,Vade_Niveau,FALSE)),VLOOKUP(T90,Vade_retro,Vade_Niveau,FALSE))
N91: Niv. De SR | P91: Sorts | R91: Prières | T91: Ombre/3-4 DV | Y91: =IF(NPC=FALSE,IF(VLOOKUP(T91,Vade_retro,Vade_Niveau,FALSE)="-","",VLOOKUP(T91,Vade_retro,Vade_Niveau,FALSE)),VLOOKUP(T91,Vade_retro,Vade_Niveau,FALSE))
N92: 1 | P92: =IF(NPC=FALSE,"",MAX(IF(VLOOKUP(Classe,Class_mod,3,FALSE)="Profane",VLOOKUP(Classe,Class_mod,7,FALSE),0),IF(VLOOKUP(Classe2,Class_mod,3,FALSE)="Profane",VLOOKUP(Classe2,Class_mod,7,FALSE),0),IF(VLOOKUP(Classe3,Class_mod,3,FALSE)="Profane",VLOOKUP(Classe3,Class_mod,7,FALSE),0))) | R92: =IF(NPC=FALSE,"",MAX(IF(VLOOKUP(Classe,Class_mod,3,FALSE)="Clerical",VLOOKUP(Classe,Class_mod,7,FALSE),0),IF(VLOOKUP(Classe2,Class_mod,3,FALSE)="Clerical",VLOOKUP(Classe2,Class_mod,7,FALSE),0),IF(VLOOKUP(Classe3,Class_mod,3,FALSE)="Clerical",VLOOKUP(Classe3,Class_mod,7,FALSE),0))) | T92: Nécrophage/5 DV | Y92: =IF(NPC=FALSE,IF(VLOOKUP(T92,Vade_retro,Vade_Niveau,FALSE)="-","",VLOOKUP(T92,Vade_retro,Vade_Niveau,FALSE)),VLOOKUP(T92,Vade_retro,Vade_Niveau,FALSE))
N93: 2 | P93: =IF(NPC=FALSE,"",MAX(IF(VLOOKUP(Classe,Class_mod,3,FALSE)="Profane",VLOOKUP(Classe,Class_mod,8,FALSE),0),IF(VLOOKUP(Classe2,Class_mod,3,FALSE)="Profane",VLOOKUP(Classe2,Class_mod,8,FALSE),0),IF(VLOOKUP(Classe3,Class_mod,3,FALSE)="Profane",VLOOKUP(Classe3,Class_mod,8,FALSE),0))) | R93: =IF(NPC=FALSE,"",MAX(IF(VLOOKUP(Classe,Class_mod,3,FALSE)="Clerical",VLOOKUP(Classe,Class_mod,8,FALSE),0),IF(VLOOKUP(Classe2,Class_mod,3,FALSE)="Clerical",VLOOKUP(Classe2,Class_mod,8,FALSE),0),IF(VLOOKUP(Classe3,Class_mod,3,FALSE)="Clerical",VLOOKUP(Classe3,Class_mod,8,FALSE),0))) | T93: Blême | Y93: =IF(NPC=FALSE,IF(VLOOKUP(T93,Vade_retro,Vade_Niveau,FALSE)="-","",VLOOKUP(T93,Vade_retro,Vade_Niveau,FALSE)),VLOOKUP(T93,Vade_retro,Vade_Niveau,FALSE))
N94: 3 | P94: =IF(NPC=FALSE,"",MAX(IF(VLOOKUP(Classe,Class_mod,3,FALSE)="Profane",VLOOKUP(Classe,Class_mod,9,FALSE),0),IF(VLOOKUP(Classe2,Class_mod,3,FALSE)="Profane",VLOOKUP(Classe2,Class_mod,9,FALSE),0),IF(VLOOKUP(Classe3,Class_mod,3,FALSE)="Profane",VLOOKUP(Classe3,Class_mod,9,FALSE),0))) | R94: =IF(NPC=FALSE,"",MAX(IF(VLOOKUP(Classe,Class_mod,3,FALSE)="Clerical",VLOOKUP(Classe,Class_mod,9,FALSE),0),IF(VLOOKUP(Classe2,Class_mod,3,FALSE)="Clerical",VLOOKUP(Classe2,Class_mod,9,FALSE),0),IF(VLOOKUP(Classe3,Class_mod,3,FALSE)="Clerical",VLOOKUP(Classe3,Class_mod,9,FALSE),0))) | T94: Ame en peine/6 DV | Y94: =IF(NPC=FALSE,IF(VLOOKUP(T94,Vade_retro,Vade_Niveau,FALSE)="-","",VLOOKUP(T94,Vade_retro,Vade_Niveau,FALSE)),VLOOKUP(T94,Vade_retro,Vade_Niveau,FALSE))
N95: 4 | P95: =IF(NPC=FALSE,"",MAX(IF(VLOOKUP(Classe,Class_mod,3,FALSE)="Profane",VLOOKUP(Classe,Class_mod,10,FALSE),0),IF(VLOOKUP(Classe2,Class_mod,3,FALSE)="Profane",VLOOKUP(Classe2,Class_mod,10,FALSE),0),IF(VLOOKUP(Classe3,Class_mod,3,FALSE)="Profane",VLOOKUP(Classe3,Class_mod,10,FALSE),0))) | R95: =IF(NPC=FALSE,"",MAX(IF(VLOOKUP(Classe,Class_mod,3,FALSE)="Clerical",VLOOKUP(Classe,Class_mod,10,FALSE),0),IF(VLOOKUP(Classe2,Class_mod,3,FALSE)="Clerical",VLOOKUP(Classe2,Class_mod,10,FALSE),0),IF(VLOOKUP(Classe3,Class_mod,3,FALSE)="Clerical",VLOOKUP(Classe3,Class_mod,10,FALSE),0))) | T95: Momie/7 DV | Y95: =IF(NPC=FALSE,IF(VLOOKUP(T95,Vade_retro,Vade_Niveau,FALSE)="-","",VLOOKUP(T95,Vade_retro,Vade_Niveau,FALSE)),VLOOKUP(T95,Vade_retro,Vade_Niveau,FALSE))
A96: Capacités Spéciales | N96: 5 | P96: =IF(NPC=FALSE,"",MAX(IF(VLOOKUP(Classe,Class_mod,3,FALSE)="Profane",VLOOKUP(Classe,Class_mod,11,FALSE),0),IF(VLOOKUP(Classe2,Class_mod,3,FALSE)="Profane",VLOOKUP(Classe2,Class_mod,11,FALSE),0),IF(VLOOKUP(Classe3,Class_mod,3,FALSE)="Profane",VLOOKUP(Classe3,Class_mod,11,FALSE),0))) | R96: =IF(NPC=FALSE,"",MAX(IF(VLOOKUP(Classe,Class_mod,3,FALSE)="Clerical",VLOOKUP(Classe,Class_mod,11,FALSE),0),IF(VLOOKUP(Classe2,Class_mod,3,FALSE)="Clerical",VLOOKUP(Classe2,Class_mod,11,FALSE),0),IF(VLOOKUP(Classe3,Class_mod,3,FALSE)="Clerical",VLOOKUP(Classe3,Class_mod,11,FALSE),0))) | T96: Spectre/8 DV | Y96: =IF(NPC=FALSE,IF(VLOOKUP(T96,Vade_retro,Vade_Niveau,FALSE)="-","",VLOOKUP(T96,Vade_retro,Vade_Niveau,FALSE)),VLOOKUP(T96,Vade_retro,Vade_Niveau,FALSE))
N97: 6 | P97: =IF(NPC=FALSE,"",MAX(IF(VLOOKUP(Classe,Class_mod,3,FALSE)="Profane",VLOOKUP(Classe,Class_mod,12,FALSE),0),IF(VLOOKUP(Classe2,Class_mod,3,FALSE)="Profane",VLOOKUP(Classe2,Class_mod,12,FALSE),0),IF(VLOOKUP(Classe3,Class_mod,3,FALSE)="Profane",VLOOKUP(Classe3,Class_mod,12,FALSE),0))) | R97: =IF(NPC=FALSE,"",MAX(IF(VLOOKUP(Classe,Class_mod,3,FALSE)="Clerical",VLOOKUP(Classe,Class_mod,12,FALSE),0),IF(VLOOKUP(Classe2,Class_mod,3,FALSE)="Clerical",VLOOKUP(Classe2,Class_mod,12,FALSE),0),IF(VLOOKUP(Classe3,Class_mod,3,FALSE)="Clerical",VLOOKUP(Classe3,Class_mod,12,FALSE),0))) | T97: Vampire/9 DV | Y97: =IF(NPC=FALSE,IF(VLOOKUP(T97,Vade_retro,Vade_Niveau,FALSE)="-","",VLOOKUP(T97,Vade_retro,Vade_Niveau,FALSE)),VLOOKUP(T97,Vade_retro,Vade_Niveau,FALSE))
N98: 7 | P98: =IF(NPC=FALSE,"",MAX(IF(VLOOKUP(Classe,Class_mod,3,FALSE)="Profane",VLOOKUP(Classe,Class_mod,13,FALSE),0),IF(VLOOKUP(Classe2,Class_mod,3,FALSE)="Profane",VLOOKUP(Classe2,Class_mod,13,FALSE),0),IF(VLOOKUP(Classe3,Class_mod,3,FALSE)="Profane",VLOOKUP(Classe3,Class_mod,13,FALSE),0))) | R98: =IF(NPC=FALSE,"",MAX(IF(VLOOKUP(Classe,Class_mod,3,FALSE)="Clerical",VLOOKUP(Classe,Class_mod,13,FALSE),0),IF(VLOOKUP(Classe2,Class_mod,3,FALSE)="Clerical",VLOOKUP(Classe2,Class_mod,13,FALSE),0),IF(VLOOKUP(Classe3,Class_mod,3,FALSE)="Clerical",VLOOKUP(Classe3,Class_mod,13,FALSE),0))) | T98: Fantôme/10 DV | Y98: =IF(NPC=FALSE,IF(VLOOKUP(T98,Vade_retro,Vade_Niveau,FALSE)="-","",VLOOKUP(T98,Vade_retro,Vade_Niveau,FALSE)),VLOOKUP(T98,Vade_retro,Vade_Niveau,FALSE))
N99: 8 | P99: =IF(NPC=FALSE,"",MAX(IF(VLOOKUP(Classe,Class_mod,3,FALSE)="Profane",VLOOKUP(Classe,Class_mod,14,FALSE),0),IF(VLOOKUP(Classe2,Class_mod,3,FALSE)="Profane",VLOOKUP(Classe2,Class_mod,14,FALSE),0),IF(VLOOKUP(Classe3,Class_mod,3,FALSE)="Profane",VLOOKUP(Classe3,Class_mod,14,FALSE),0))) | T99: Liche/11 DV | Y99: =IF(NPC=FALSE,IF(VLOOKUP(T99,Vade_retro,Vade_Niveau,FALSE)="-","",VLOOKUP(T99,Vade_retro,Vade_Niveau,FALSE)),VLOOKUP(T99,Vade_retro,Vade_Niveau,FALSE))
N100: 9 | P100: =IF(NPC=FALSE,"",MAX(IF(VLOOKUP(Classe,Class_mod,3,FALSE)="Profane",VLOOKUP(Classe,Class_mod,15,FALSE),0),IF(VLOOKUP(Classe2,Class_mod,3,FALSE)="Profane",VLOOKUP(Classe2,Class_mod,15,FALSE),0),IF(VLOOKUP(Classe3,Class_mod,3,FALSE)="Profane",VLOOKUP(Classe3,Class_mod,15,FALSE),0))) | T100: Spécial | Y100: =IF(NPC=FALSE,IF(VLOOKUP(T100,Vade_retro,Vade_Niveau,FALSE)="-","",VLOOKUP(T100,Vade_retro,Vade_Niveau,FALSE)),VLOOKUP(T100,Vade_retro,Vade_Niveau,FALSE))
A101: Sorts/Prières/Talents Psioniques
A102: =IF(test_SR=2,"Prières/Sorts",IF(test_SR=3,"Sorts/Talents Psioniques",IF(test_SR=4,"Prières/Talents Psioniques",IF(test_SR=5,"Prières",IF(test_SR=6,"Sorts",IF(test_SR=7,"Talents Psioniques","Sorts/Prières/Talents Psioniques")))))) -> Sorts/Prières/Talents Psioniques | H102: Zone d'effet | L102: =IF(test_SR=2,"Incantation",IF(test_SR=3,"Inct./Prép.",IF(test_SR=4,"Inct./Prép.",IF(test_SR=5,"Incantation",IF(test_SR=6,"Préparation",IF(test_SR=7,"Préparation","Inct./Prép.")))))) -> Inct./Prép. | P102: Durée | T102: # Mémorisé | W102: ='Saving Throws'!$T$15
H103: =IF(ISNA(VLOOKUP(A103,SR,7,FALSE)),"",IF(OR(A103=0,VLOOKUP(A103,SR,7,FALSE)=0),"",VLOOKUP(A103,SR,7,FALSE))) | L103: =IF(ISNA(VLOOKUP(A103,SR,6,FALSE)),"",IF(OR(A103=0,VLOOKUP(A103,SR,6,FALSE)=0),"",VLOOKUP(A103,SR,6,FALSE))) | P103: =IF(ISNA(VLOOKUP(A103,SR,5,FALSE)),"",IF(OR(A103=0,VLOOKUP(A103,SR,5,FALSE)=0),"",VLOOKUP(A103,SR,5,FALSE))) | W103: =IF(ISNA(VLOOKUP(A103,SR,3,FALSE)),"",IF(OR(A103=0,VLOOKUP(A103,SR,3,FALSE)=0),"",VLOOKUP(A103,SR,3,FALSE)))
A104: =IF(test_SR=2,"Sphère/École",IF(test_SR=3,"École/Discipline",IF(test_SR=4,"Sphère/Discipline",IF(test_SR=5,"Sphère",IF(test_SR=6,"École",IF(test_SR=7,"Score +Coût","École/Sphère/ Discipline")))))) -> École/Sphère/ Discipline | H104: Portée | L104: Reversible | P104: Jet de Sauv. | T104: Page Réf. | W104: Composantes
A105: =IF(ISNA(VLOOKUP(A103,SR,2,FALSE)),"",IF(OR(A103=0,VLOOKUP(A103,SR,2,FALSE)=0),"",VLOOKUP(A103,SR,2,FALSE))) | H105: =IF(ISNA(VLOOKUP(A103,SR,4,FALSE)),"",IF(OR(A103=0,VLOOKUP(A103,SR,4,FALSE)=0),"",VLOOKUP(A103,SR,4,FALSE))) | L105: =IF(ISNA(VLOOKUP(A103,SR,9,FALSE)),"",IF(OR(A103=0,VLOOKUP(A103,SR,9,FALSE)=0),"",VLOOKUP(A103,SR,9,FALSE))) | P105: =IF(ISNA(VLOOKUP(A103,SR,10,FALSE)),"",IF(OR(A103=0,VLOOKUP(A103,SR,10,FALSE)=0),"",VLOOKUP(A103,SR,10,FALSE))) | T105: =IF(ISNA(VLOOKUP(A103,SR,11,FALSE)),"",IF(OR(A103=0,VLOOKUP(A103,SR,11,FALSE)=0),"",VLOOKUP(A103,SR,11,FALSE))) | W105: =IF(ISNA(VLOOKUP(A103,SR,8,FALSE)),"",IF(OR(A103=0,VLOOKUP(A103,SR,8,FALSE)=0),"",VLOOKUP(A103,SR,8,FALSE)))
A106: =IF(test_SR=2,"Prières/Sorts",IF(test_SR=3,"Sorts/Talents Psioniques",IF(test_SR=4,"Prières/Talents Psioniques",IF(test_SR=5,"Prières",IF(test_SR=6,"Sorts",IF(test_SR=7,"Talents Psioniques","Sorts/Prières/Talents Psioniques")))))) -> Sorts/Prières/Talents Psioniques | H106: Zone d'effet | L106: =IF(test_SR=2,"Incantation",IF(test_SR=3,"Inct./Prép.",IF(test_SR=4,"Inct./Prép.",IF(test_SR=5,"Incantation",IF(test_SR=6,"Préparation",IF(test_SR=7,"Préparation","Inct./Prép.")))))) -> Inct./Prép. | P106: Durée | T106: # Mémorisé | W106: ='Saving Throws'!$T$15
H107: =IF(ISNA(VLOOKUP(A107,SR,7,FALSE)),"",IF(OR(A107=0,VLOOKUP(A107,SR,7,FALSE)=0),"",VLOOKUP(A107,SR,7,FALSE))) | L107: =IF(ISNA(VLOOKUP(A107,SR,6,FALSE)),"",IF(OR(A107=0,VLOOKUP(A107,SR,6,FALSE)=0),"",VLOOKUP(A107,SR,6,FALSE))) | P107: =IF(ISNA(VLOOKUP(A107,SR,5,FALSE)),"",IF(OR(A107=0,VLOOKUP(A107,SR,5,FALSE)=0),"",VLOOKUP(A107,SR,5,FALSE))) | W107: =IF(ISNA(VLOOKUP(A107,SR,3,FALSE)),"",IF(OR(A107=0,VLOOKUP(A107,SR,3,FALSE)=0),"",VLOOKUP(A107,SR,3,FALSE)))
A108: =IF(test_SR=2,"Sphère/École",IF(test_SR=3,"École/Discipline",IF(test_SR=4,"Sphère/Discipline",IF(test_SR=5,"Sphère",IF(test_SR=6,"École",IF(test_SR=7,"Score +Coût","École/Sphère/ Discipline")))))) -> École/Sphère/ Discipline | H108: Portée | L108: Reversible | P108: Jet de Sauv. | T108: Page Réf. | W108: Composantes
A109: =IF(ISNA(VLOOKUP(A107,SR,2,FALSE)),"",IF(OR(A107=0,VLOOKUP(A107,SR,2,FALSE)=0),"",VLOOKUP(A107,SR,2,FALSE))) | H109: =IF(ISNA(VLOOKUP(A107,SR,4,FALSE)),"",IF(OR(A107=0,VLOOKUP(A107,SR,4,FALSE)=0),"",VLOOKUP(A107,SR,4,FALSE))) | L109: =IF(ISNA(VLOOKUP(A107,SR,9,FALSE)),"",IF(OR(A107=0,VLOOKUP(A107,SR,9,FALSE)=0),"",VLOOKUP(A107,SR,9,FALSE))) | P109: =IF(ISNA(VLOOKUP(A107,SR,10,FALSE)),"",IF(OR(A107=0,VLOOKUP(A107,SR,10,FALSE)=0),"",VLOOKUP(A107,SR,10,FALSE))) | T109: =IF(ISNA(VLOOKUP(A107,SR,11,FALSE)),"",IF(OR(A107=0,VLOOKUP(A107,SR,11,FALSE)=0),"",VLOOKUP(A107,SR,11,FALSE))) | W109: =IF(ISNA(VLOOKUP(A107,SR,8,FALSE)),"",IF(OR(A107=0,VLOOKUP(A107,SR,8,FALSE)=0),"",VLOOKUP(A107,SR,8,FALSE)))
A110: =IF(test_SR=2,"Prières/Sorts",IF(test_SR=3,"Sorts/Talents Psioniques",IF(test_SR=4,"Prières/Talents Psioniques",IF(test_SR=5,"Prières",IF(test_SR=6,"Sorts",IF(test_SR=7,"Talents Psioniques","Sorts/Prières/Talents Psioniques")))))) -> Sorts/Prières/Talents Psioniques | H110: Zone d'effet | L110: =IF(test_SR=2,"Incantation",IF(test_SR=3,"Inct./Prép.",IF(test_SR=4,"Inct./Prép.",IF(test_SR=5,"Incantation",IF(test_SR=6,"Préparation",IF(test_SR=7,"Préparation","Inct./Prép.")))))) -> Inct./Prép. | P110: Durée | T110: # Mémorisé | W110: ='Saving Throws'!$T$15
H111: =IF(ISNA(VLOOKUP(A111,SR,7,FALSE)),"",IF(OR(A111=0,VLOOKUP(A111,SR,7,FALSE)=0),"",VLOOKUP(A111,SR,7,FALSE))) | L111: =IF(ISNA(VLOOKUP(A111,SR,6,FALSE)),"",IF(OR(A111=0,VLOOKUP(A111,SR,6,FALSE)=0),"",VLOOKUP(A111,SR,6,FALSE))) | P111: =IF(ISNA(VLOOKUP(A111,SR,5,FALSE)),"",IF(OR(A111=0,VLOOKUP(A111,SR,5,FALSE)=0),"",VLOOKUP(A111,SR,5,FALSE))) | W111: =IF(ISNA(VLOOKUP(A111,SR,3,FALSE)),"",IF(OR(A111=0,VLOOKUP(A111,SR,3,FALSE)=0),"",VLOOKUP(A111,SR,3,FALSE)))
...

Sheet Attributs
A1: Constitution | H1: Dextérité | L1: Charisme
A2: Attribut | B2: Ajustement aux PV | C2: Ajustement aux PV (Guerrier) | D2: Choc Métabolique | E2: Survie à la ressurection | F2: Résistance au poison | G2: Régénération | H2: Attribut | I2: Ajustement à la Réaction | J2: Ajustement aux Projectiles | K2: Ajustement Défensif
A3: 1 | B3: -3 | C3: -3 | D3: 25% | E3: 30% | F3: -2 | G3: N/A | H3: 1 | I3: -6 | J3: -6 | K3: +5 | L3: 1 | M3: 0 | N3: -8 | O3: -7
A4: 2 | B4: -2 | C4: -2 | D4: 30% | E4: 35% | F4: -1 | G4: N/A | H4: 2 | I4: -4 | J4: -4 | K4: +5 | L4: 2 | M4: 1 | N4: -7 | O4: -6
A5: 3 | B5: -2 | C5: -2 | D5: 35% | E5: 40% | F5: 0 | G5: N/A | H5: 3 | I5: -3 | J5: -3 | K5: +4 | L5: 3 | M5: 1 | N5: -6 | O5: -5
A6: 4 | B6: -1 | C6: -1 | D6: 40% | E6: 45% | F6: 0 | G6: N/A | H6: 4 | I6: -2 | J6: -2 | K6: +3 | L6: 4 | M6: 1 | N6: -5 | O6: -4
A7: 5 | B7: -1 | C7: -1 | D7: 45% | E7: 50% | F7: 0 | G7: N/A | H7: 5 | I7: -1 | J7: -1 | K7: +2 | L7: 5 | M7: 2 | N7: -4 | O7: -3
A8: 6 | B8: -1 | C8: -1 | D8: 50% | E8: 55% | F8: 0 | G8: N/A | H8: 6 | I8: 0 | J8: 0 | K8: +1 | L8: 6 | M8: 2 | N8: -3 | O8: -2
A9: 7 | B9: 0 | C9: 0 | D9: 55% | E9: 60% | F9: 0 | G9: N/A | H9: 7 | I9: 0 | J9: 0 | K9: 0 | L9: 7 | M9: 3 | N9: -2 | O9: -1
A10: 8 | B10: 0 | C10: 0 | D10: 60% | E10: 65% | F10: 0 | G10: N/A | H10: 8 | I10: 0 | J10: 0 | K10: 0 | L10: 8 | M10: 3 | N10: -1 | O10: 0
A11: 9 | B11: 0 | C11: 0 | D11: 65% | E11: 70% | F11: 0 | G11: N/A | H11: 9 | I11: 0 | J11: 0 | K11: 0 | L11: 9 | M11: 4 | N11: 0 | O11: 0
A12: 10 | B12: 0 | C12: 0 | D12: 70% | E12: 75% | F12: 0 | G12: N/A | H12: 10 | I12: 0 | J12: 0 | K12: 0 | L12: 10 | M12: 4 | N12: 0 | O12: 0
A13: 11 | B13: 0 | C13: 0 | D13: 75% | E13: 80% | F13: 0 | G13: N/A | H13: 11 | I13: 0 | J13: 0 | K13: 0 | L13: 11 | M13: 4 | N13: 0 | O13: 0
A14: 12 | B14: 0 | C14: 0 | D14: 80% | E14: 85% | F14: 0 | G14: N/A | H14: 12 | I14: 0 | J14: 0 | K14: 0 | L14: 12 | M14: 5 | N14: 0 | O14: 0
A15: 13 | B15: 0 | C15: 0 | D15: 85% | E15: 90% | F15: 0 | G15: N/A | H15: 13 | I15: 0 | J15: 0 | K15: 0 | L15: 13 | M15: 5 | N15: 0 | O15: +1
A16: 14 | B16: 0 | C16: 0 | D16: 88% | E16: 92% | F16: 0 | G16: N/A | H16: 14 | I16: 0 | J16: 0 | K16: 0 | L16: 14 | M16: 6 | N16: +1 | O16: +2
A17: 15 | B17: +1 | C17: +1 | D17: 90% | E17: 94% | F17: 0 | G17: N/A | H17: 15 | I17: 0 | J17: 0 | K17: -1 | L17: 15 | M17: 7 | N17: +3 | O17: +3
A18: 16 | B18: +2 | C18: +2 | D18: 95% | E18: 96% | F18: 0 | G18: N/A | H18: 16 | I18: +1 | J18: +1 | K18: -2 | L18: 16 | M18: 8 | N18: +4 | O18: +5
A19: 17 | B19: +2 | C19: +3 | D19: 97% | E19: 98% | F19: 0 | G19: N/A | H19: 17 | I19: +2 | J19: +2 | K19: -3 | L19: 17 | M19: 10 | N19: +6 | O19: +6
A20: 18 | B20: +2 | C20: +4 | D20: 99% | E20: 100% | F20: 0 | G20: N/A | H20: 18 | I20: +2 | J20: +2 | K20: -4 | L20: 18 | M20: 15 | N20: +8 | O20: +7
A21: 19 | B21: +2 | C21: +5 | D21: 99% | E21: 100% | F21: +1 | G21: N/A | H21: 19 | I21: +3 | J21: +3 | K21: -4 | L21: 19 | M21: 20 | N21: +10 | O21: +8
A22: 20 | B22: +2 | C22: +5 | D22: 99% | E22: 100% | F22: +1 | G22: 1/6 tours | H22: 20 | I22: +3 | J22: +3 | K22: -4 | L22: 20 | M22: 25 | N22: +12 | O22: +9
A23: 21 | B23: +2 | C23: +6 | D23: 99% | E23: 100% | F23: +2 | G23: 1/5 tours | H23: 21 | I23: +4 | J23: +4 | K23: -5 | L23: 21 | M23: 30 | N23: +14 | O23: +10
A24: 22 | B24: +2 | C24: +6 | D24: 99% | E24: 100% | F24: +2 | G24: 1/4 tours | H24: 22 | I24: +4 | J24: +4 | K24: -5 | L24: 22 | M24: 35 | N24: +16 | O24: +11
A25: 23 | B25: +2 | C25: +6 | D25: 99% | E25: 100% | F25: +3 | G25: 1/3 tours | H25: 23 | I25: +4 | J25: +4 | K25: -5 | L25: 23 | M25: 40 | N25: +18 | O25: +12
A26: 24 | B26: +2 | C26: +7 | D26: 99% | E26: 100% | F26: +3 | G26: 1/2 tours | H26: 24 | I26: +5 | J26: +5 | K26: -6 | L26: 24 | M26: 45 | N26: +20 | O26: +13
A27: 25 | B27: +2 | C27: +7 | D27: 100% | E27: 100% | F27: +4 | G27: 1/1 tours | H27: 25 | I27: +5 | J27: +5 | K27: -6 | L27: 25 | M27: 50 | N27: +20 | O27: +14
A28: Force | N28: Intelligence | T28: Sagesse
A29: Attribut | B29: Probabilité de Toucher | C29: Ajustement aux Dégats | D29: Poids Autorisé | E29: Charge Maximale | F29: Enfoncer les portes | G29: Brise sérure Portes Mag. | H29: Tordres des barreaux/ Soulever des Herses | I29: Commentaire | J29: +1 | K29: +2 | L29: -1 | M29: -2
A30: ="1" -> 1 | B30: -5 | C30: -4 | D30: =IF(Syst_Mesure="Métrique","0,5kg","1lbs") -> 0,5kg | E30: =IF(Syst_Mesure="Métrique","1,5kg","3lbs") -> 1,5kg | F30: 1 | G30: 0 | H30: 0 | I30: - | J30: 2 | K30: 3 | L30: 1 | M30: 1 | N30: 1 | O30: 0 | P30: 0 | Q30: 0 | R30: 0 | S30: - | T30: 1 | U30: ="-6" -> -6 | V30: 0 | W30: 80 | X30: -
A31: ="2" -> 2 | B31: -3 | C31: -2 | D31: =IF(Syst_Mesure="Métrique","0,5kg","1lbs") -> 0,5kg | E31: =IF(Syst_Mesure="Métrique","2,5kg","5lbs") -> 2,5kg | F31: 1 | G31: 0 | H31: 0 | I31: - | J31: 3 | K31: 4 | L31: 1 | M31: 1 | N31: 2 | O31: 1 | P31: 0 | Q31: 0 | R31: 0 | S31: - | T31: 2 | U31: ="-4" -> -4 | V31: 0 | W31: 60 | X31: -
A32: ="3" -> 3 | B32: -3 | C32: -1 | D32: =IF(Syst_Mesure="Métrique","2,0kg","4lbs") -> 2,0kg | E32: =IF(Syst_Mesure="Métrique","5,0kg","10lbs") -> 5,0kg | F32: 2 | G32: 0 | H32: 0 | I32: - | J32: 4 | K32: 5 | L32: 2 | M32: 1 | N32: 3 | O32: 1 | P32: 0 | Q32: 0 | R32: 0 | S32: - | T32: 3 | U32: ="-3" -> -3 | V32: 0 | W32: 50 | X32: -
A33: ="4" -> 4 | B33: -2 | C33: -1 | D33: =IF(Syst_Mesure="Métrique","5,0kg","10lbs") -> 5,0kg | E33: =IF(Syst_Mesure="Métrique","12,5kg","25lbs") -> 12,5kg | F33: 3 | G33: 0 | H33: 0 | I33: - | J33: 5 | K33: 6 | L33: 3 | M33: 2 | N33: 4 | O33: 1 | P33: 0 | Q33: 0 | R33: 0 | S33: - | T33: 4 | U33: ="-2" -> -2 | V33: 0 | W33: 45 | X33: -
A34: ="5" -> 5 | B34: -2 | C34: -1 | D34: =IF(Syst_Mesure="Métrique","5,0kg","10lbs") -> 5,0kg | E34: =IF(Syst_Mesure="Métrique","12,5kg","25lbs") -> 12,5kg | F34: 3 | G34: 0 | H34: 0 | I34: - | J34: 6 | K34: 7 | L34: 4 | M34: 3 | N34: 5 | O34: 1 | P34: 0 | Q34: 0 | R34: 0 | S34: - | T34: 5 | U34: ="-1" -> -1 | V34: 0 | W34: 40 | X34: -
A35: ="6" -> 6 | B35: -1 | C35: 0 | D35: =IF(Syst_Mesure="Métrique","10,0kg","20lbs") -> 10,0kg | E35: =IF(Syst_Mesure="Métrique","27,5kg","55lbs") -> 27,5kg | F35: 4 | G35: 0 | H35: 0 | I35: - | J35: 7 | K35: 8 | L35: 5 | M35: 4 | N35: 6 | O35: 1 | P35: 0 | Q35: 0 | R35: 0 | S35: - | T35: 6 | U35: ="-1" -> -1 | V35: 0 | W35: 35 | X35: -
A36: ="7" -> 7 | B36: -1 | C36: 0 | D36: =IF(Syst_Mesure="Métrique","10,0kg","20lbs") -> 10,0kg | E36: =IF(Syst_Mesure="Métrique","27,5kg","55lbs") -> 27,5kg | F36: 4 | G36: 0 | H36: 0 | I36: - | J36: 8 | K36: 9 | L36: 6 | M36: 5 | N36: 7 | O36: 1 | P36: 0 | Q36: 0 | R36: 0 | S36: - | T36: 7 | U36: ="-1" -> -1 | V36: 0 | W36: 30 | X36: -
A37: ="8" -> 8 | B37: 0 | C37: 0 | D37: =IF(Syst_Mesure="Métrique","17,5kg","35lbs") -> 17,5kg | E37: =IF(Syst_Mesure="Métrique","45,0kg","90lbs") -> 45,0kg | F37: 5 | G37: 0 | H37: 0.01 | I37: - | J37: 9 | K37: 10 | L37: 7 | M37: 6 | N37: 8 | O37: 1 | P37: 0 | Q37: 0 | R37: 0 | S37: - | T37: 8 | U37: ="0" -> 0 | V37: 0 | W37: 25 | X37: -
A38: ="9" -> 9 | B38: 0 | C38: 0 | D38: =IF(Syst_Mesure="Métrique","17,5kg","35lbs") -> 17,5kg | E38: =IF(Syst_Mesure="Métrique","45,0kg","90lbs") -> 45,0kg | F38: 5 | G38: 0 | H38: 0.01 | I38: - | J38: 10 | K38: 11 | L38: 8 | M38: 7 | N38: 9 | O38: 2 | P38: 4 | Q38: 35% | R38: 6 | S38: - | T38: 9 | U38: ="0" -> 0 | V38: 0 | W38: 12 | X38: -
A39: ="10" -> 10 | B39: 0 | C39: 0 | D39: =IF(Syst_Mesure="Métrique","20,0kg","40lbs") -> 20,0kg | E39: =IF(Syst_Mesure="Métrique","57,5kg","115lbs") -> 57,5kg | F39: 6 | G39: 0 | H39: 0.02 | I39: - | J39: 11 | K39: 12 | L39: 9 | M39: 8 | N39: 10 | O39: 2 | P39: 5 | Q39: 40% | R39: 7 | S39: - | T39: 10 | U39: ="0" -> 0 | V39: 0 | W39: 10 | X39: -
A40: ="11" -> 11 | B40: 0 | C40: 0 | D40: =IF(Syst_Mesure="Métrique","20,0kg","40lbs") -> 20,0kg | E40: =IF(Syst_Mesure="Métrique","57,5kg","115lbs") -> 57,5kg | F40: 6 | G40: 0 | H40: 0.02 | I40: - | J40: 12 | K40: 13 | L40: 10 | M40: 9 | N40: 11 | O40: 2 | P40: 5 | Q40: 45% | R40: 7 | S40: - | T40: 11 | U40: ="0" -> 0 | V40: 0 | W40: 5 | X40: -
A41: ="12" -> 12 | B41: 0 | C41: 0 | D41: =IF(Syst_Mesure="Métrique","22,5kg","45lbs") -> 22,5kg | E41: =IF(Syst_Mesure="Métrique","70,0kg","140lbs") -> 70,0kg | F41: 7 | G41: 0 | H41: 0.04 | I41: - | J41: 13 | K41: 14 | L41: 11 | M41: 10 | N41: 12 | O41: 3 | P41: 5 | Q41: 50% | R41: 7 | S41: - | T41: 12 | U41: ="0" -> 0 | V41: 0 | W41: 0 | X41: -
A42: ="13" -> 13 | B42: 0 | C42: 0 | D42: =IF(Syst_Mesure="Métrique","22,5kg","45lbs") -> 22,5kg | E42: =IF(Syst_Mesure="Métrique","70,0kg","140lbs") -> 70,0kg | F42: 7 | G42: 0 | H42: 0.04 | I42: - | J42: 14 | K42: 15 | L42: 12 | M42: 11 | N42: 13 | O42: 3 | P42: 6 | Q42: 55% | R42: 9 | S42: - | T42: 13 | U42: ="0" -> 0 | V42: 1×1 | W42: 0 | X42: -
A43: ="14" -> 14 | B43: 0 | C43: 0 | D43: =IF(Syst_Mesure="Métrique","27,5kg","55lbs") -> 27,5kg | E43: =IF(Syst_Mesure="Métrique","85,0kg","170lbs") -> 85,0kg | F43: 8 | G43: 0 | H43: 0.07 | I43: - | J43: 15 | K43: 16 | L43: 13 | M43: 12 | N43: 14 | O43: 4 | P43: 6 | Q43: 60% | R43: 9 | S43: - | T43: 14 | U43: ="0" -> 0 | V43: 2×1 | W43: 0 | X43: -
A44: ="15" -> 15 | B44: 0 | C44: 0 | D44: =IF(Syst_Mesure="Métrique","27,5kg","55lbs") -> 27,5kg | E44: =IF(Syst_Mesure="Métrique","85,0kg","170lbs") -> 85,0kg | F44: 8 | G44: 0 | H44: 0.07 | I44: - | J44: 16 | K44: 17 | L44: 14 | M44: 13 | N44: 15 | O44: 4 | P44: 7 | Q44: 65% | R44: 11 | S44: - | T44: 15 | U44: ="+1" -> +1 | V44: 2×1; 1×2 | W44: 0 | X44: -
A45: ="16" -> 16 | B45: 0 | C45: +1 | D45: =IF(Syst_Mesure="Métrique","35,0kg","70lbs") -> 35,0kg | E45: =IF(Syst_Mesure="Métrique","97,5kg","195lbs") -> 97,5kg | F45: 9 | G45: 0 | H45: 0.1 | I45: - | J45: 17 | K45: 18 | L45: 15 | M45: 14 | N45: 16 | O45: 5 | P45: 7 | Q45: 70% | R45: 11 | S45: - | T45: 16 | U45: ="+2" -> +2 | V45: 2×1; 2×2 | W45: 0 | X45: -
A46: ="17" -> 17 | B46: +1 | C46: +1 | D46: =IF(Syst_Mesure="Métrique","42,5kg","85lbs") -> 42,5kg | E46: =IF(Syst_Mesure="Métrique","110,0kg","220lbs") -> 110,0kg | F46: 10 | G46: 0 | H46: 0.13 | I46: - | J46: 18 | K46: 18/50 | L46: 16 | M46: 15 | N46: 17 | O46: 6 | P46: 8 | Q46: 75% | R46: 14 | S46: - | T46: 17 | U46: ="+3" -> +3 | V46: 2×1; 2×2; 1×3 | W46: 0 | X46: -
A47: ="18" -> 18 | B47: +1 | C47: +2 | D47: =IF(Syst_Mesure="Métrique","55,0kg","110lbs") -> 55,0kg | E47: =IF(Syst_Mesure="Métrique","127,5kg","255lbs") -> 127,5kg | F47: 11 | G47: 0 | H47: 0.16 | I47: - | J47: 18/50 | K47: 18/75 | L47: 17 | M47: 16 | N47: 18 | O47: 7 | P47: 8 | Q47: 85% | R47: 18 | S47: - | T47: 18 | U47: ="+4" -> +4 | V47: 2×1; 2×2; 1×3; 1×4 | W47: 0 | X47: -
A48: 18/50 | B48: +1 | C48: +3 | D48: =IF(Syst_Mesure="Métrique","67,5kg","135lbs") -> 67,5kg | E48: =IF(Syst_Mesure="Métrique","140,0kg","280lbs") -> 140,0kg | F48: 12 | G48: 0 | H48: 0.2 | J48: 18/75 | K48: 18/90 | L48: 18 | M48: 17 | N48: 19 | O48: 8 | P48: 9 | Q48: 95% | R48: Tous | S48: 1er niv d'illusions | T48: 19 | U48: ="+4" -> +4 | V48: 3×1; 2×2; 1×3; 2×4 | W48: 0 | X48: Voir MdJ | Y48: Amis, Charme Personne,Effroi, Injonction,Hypnotisme,
A49: 18/75 | B49: +2 | C49: +3 | D49: =IF(Syst_Mesure="Métrique","80,0kg","140lbs") -> 80,0kg | E49: =IF(Syst_Mesure="Métrique","152,5kg","305lbs") -> 152,5kg | F49: 13 | G49: 0 | H49: 0.25 | J49: 18/90 | K49: 18/99 | L49: 18/50 | M49: 18 | N49: 20 | O49: 9 | P49: 9 | Q49: 96% | R49: Tous | S49: 2eme niv d'illusions | T49: 20 | U49: ="+4" -> +4 | V49: 3×1; 3×2; 1×3; 3×4 | W49: 0 | X49: Voir MdJ | Y49: =Y48&"Immobilisation des personne, peur, oublie," -> Amis, Charme Personne,Effroi, Injonction,Hypnotisme,Immobilisation des personne, peur, oublie,
A50: 18/90 | B50: +2 | C50: +4 | D50: =IF(Syst_Mesure="Métrique","92,5kg","185lbs") -> 92,5kg | E50: =IF(Syst_Mesure="Métrique","165,0kg","330lbs") -> 165,0kg | F50: 14 | G50: 0 | H50: 0.3 | J50: 18/99 | K50: 18/00 | L50: 18/75 | M50: 18/50 | N50: 21 | O50: 10 | P50: 9 | Q50: 97% | R50: Tous | S50: 3eme niv d'illusions | T50: 21 | U50: ="+4" -> +4 | V50: 3×1; 3×2; 2×3; 3×4; 1×5 | W50: 0 | X50: Voir MdJ | Y50: =Y49&"Rayon d'affaiblissement, Terreur," -> Amis, Charme Personne,Effroi, Injonction,Hypnotisme,Immobilisation des personne, peur, oublie,Rayon d'affaiblissement, Terreur,
A51: 18/99 | B51: +2 | C51: +5 | D51: =IF(Syst_Mesure="Métrique","117,5kg","235lbs") -> 117,5kg | E51: =IF(Syst_Mesure="Métrique","190,0kg","380lbs") -> 190,0kg | F51: 15 | G51: 3 | H51: 0.35 | J51: 18/00 | K51: 19 | L51: 18/90 | M51: 18/75 | N51: 22 | O51: 11 | P51: 9 | Q51: 98% | R51: Tous | S51: 4eme niv d'illusions | T51: 22 | U51: ="+4" -> +4 | V51: 3×1; 3×2; 2×3; 4×4; 2×5 | W51: 0 | X51: Voir MdJ | Y51: =Y50&"Charme-Monstre, Confusion, Émotion, Maladresse, Suggestion," -> Amis, Charme Personne,Effroi, Injonction,Hypnotisme,Immobilisation des personne, peur, oublie,Rayon d'affaiblissement, Terreur,Charme-Monstre, Confusion, Émotion, Maladresse, Suggestion,
A52: 18/00 | B52: +3 | C52: +6 | D52: =IF(Syst_Mesure="Métrique","167,5kg","335lbs") -> 167,5kg | E52: =IF(Syst_Mesure="Métrique","240,0kg","480lbs") -> 240,0kg | F52: 16 | G52: 6 | H52: 0.4 | J52: 19 | K52: 20 | L52: 18/99 | M52: 18/90 | N52: 23 | O52: 12 | P52: 9 | Q52: 99% | R52: Tous | S52: 5eme niv d'illusions | T52: 23 | U52: ="+4" -> +4 | V52: 3×1; 3×2; 2×3; 4×4; 4×5 | W52: 0 | X52: Voir MdJ | Y52: =Y51&"Chaos, Débilité Mentale, Immobilisation des Monstres, Quête Religieuse, Réceptacle Magique," -> Amis, Charme Personne,Effroi, Injonction,Hypnotisme,Immobilisation des personne, peur, oublie,Rayon d'affaiblissement, Terreur,Charme-Monstre, Confusion, Émotion, Maladresse, Suggestion,Chaos, Débilité Mentale, Immobilisation des Monstres, Quête Religieuse, Réceptacle Magique,
A53: ="19" -> 19 | B53: +3 | C53: +7 | D53: =IF(Syst_Mesure="Métrique","242,5kg","485lbs") -> 242,5kg | E53: =IF(Syst_Mesure="Métrique","320,0kg","640lbs") -> 320,0kg | F53: 16 | G53: 8 | H53: 0.5 | I53: Hill Giant | J53: 20 | K53: 21 | L53: 18/00 | M53: 18/99 | N53: 24 | O53: 15 | P53: 9 | Q53: 100% | R53: Tous | S53: 6eme niv d'illusions | T53: 24 | U53: ="+4" -> +4 | V53: 3×1; 3×2; 2×3; 4×4; 4×5; 2x6 | W53: 0 | X53: Voir MdJ | Y53: =Y52&"Bâtonnet de suzeraineté, Quête Magique, Suggestion de Masse," -> Amis, Charme Personne,Effroi, Injonction,Hypnotisme,Immobilisation des personne, peur, oublie,Rayon d'affaiblissement, Terreur,Charme-Monstre, Confusion, Émotion, Maladresse, Suggestion,Chaos, Débilité Mentale, Immobilisation des Monstres, Quête Religieuse, Réceptacle Magique,Bâtonnet de suzeraineté, Quête Magique, Suggestion de Masse,
A54: ="20" -> 20 | B54: +3 | C54: +8 | D54: =IF(Syst_Mesure="Métrique","267,5kg","535lbs") -> 267,5kg | E54: =IF(Syst_Mesure="Métrique","350,0kg","700lbs") -> 350,0kg | F54: 17 | G54: 10 | H54: 0.6 | I54: Stone Giant | J54: 21 | K54: 22 | L54: 19 | M54: 18/00 | N54: 25 | O54: 20 | P54: 9 | Q54: 100% | R54: Tous | S54: 7eme niv d'illusions | T54: 25 | U54: ="+4" -> +4 | V54: 3×1; 3×2; 2×3; 4×4; 4×5; 3x6; 1×7 | W54: 0 | X54: Voir MdJ | Y54: =Y53&"Antipathie/Sympathie, Charme de masse, Sort de mort" -> Amis, Charme Personne,Effroi, Injonction,Hypnotisme,Immobilisation des personne, peur, oublie,Rayon d'affaiblissement, Terreur,Charme-Monstre, Confusion, Émotion, Maladresse, Suggestion,Chaos, Débilité Mentale, Immobilisation des Monstres, Quête Religieuse, Réceptacle Magique,Bâtonnet de suzeraineté, Quête Magique, Suggestion de Masse,Antipathie/Sympathie, Charme de masse, Sort de mort
A55: ="21" -> 21 | B55: +4 | C55: +9 | D55: =IF(Syst_Mesure="Métrique","317,5kg","635lbs") -> 317,5kg | E55: =IF(Syst_Mesure="Métrique","405,0kg","810lbs") -> 405,0kg | F55: 17 | G55: 12 | H55: 0.7 | I55: Frost Giant | J55: 22 | K55: 23 | L55: 20 | M55: 19
A56: ="22" -> 22 | B56: +4 | C56: +10 | D56: =IF(Syst_Mesure="Métrique","392,5kg","785lbs") -> 392,5kg | E56: =IF(Syst_Mesure="Métrique","485,0kg","970lbs") -> 485,0kg | F56: 18 | G56: 14 | H56: 0.8 | I56: Fire Giant | J56: 23 | K56: 24 | L56: 21 | M56: 20
A57: ="23" -> 23 | B57: +5 | C57: +11 | D57: =IF(Syst_Mesure="Métrique","467,5kg","935lbs") -> 467,5kg | E57: =IF(Syst_Mesure="Métrique","565,0kg","1130lbs") -> 565,0kg | F57: 18 | G57: 16 | H57: 0.9 | I57: Cloud Giant | J57: 24 | K57: 25 | L57: 22 | M57: 21
A58: ="24" -> 24 | B58: +6 | C58: +12 | D58: =IF(Syst_Mesure="Métrique","617,5kg","1235lbs") -> 617,5kg | E58: =IF(Syst_Mesure="Métrique","720,0kg","1440lbs") -> 720,0kg | F58: 19 | G58: 17 | H58: 0.95 | I58: Storm Giant | J58: 25 | K58: 25 | L58: 23 | M58: 22
A59: ="25" -> 25 | B59: +7 | C59: +14 | D59: =IF(Syst_Mesure="Métrique","767,5kg","1535lbs") -> 767,5kg | E59: =IF(Syst_Mesure="Métrique","875,0kg","1750lbs") -> 875,0kg | F59: 19 | G59: 18 | H59: 0.99 | I59: Titan | J59: 25 | K59: 25 | L59: 24 | M59: 23
A61: Force Bonus | D61: Progression des Prières (bonus de sagesse) | O61: Progression des Prières (Niveau) (prêtre) | X61: Progression des Prières (Niveau) (Paladin) | AD61: Progression des Prières (Niveau) (Rôdeur)
A62: ="1" -> 1 | B62: ="1" -> 1 | D62: INT | E62: 1 | F62: 2 | G62: 3 | H62: 4 | I62: 5 | J62: 6 | K62: 7 | O62: Niveau | P62: 1 | Q62: 2 | R62: 3 | S62: 4 | T62: 5 | U62: 6 | V62: 7 | X62: Niveau | Y62: 1 | Z62: 2 | AA62: 3 | AB62: 4 | AD62: Niveau | AE62: 1 | AF62: 2 | AG62: 3
A63: ="2" -> 2 | B63: ="2" -> 2 | D63: 1 | E63: 0 | F63: 0 | G63: 0 | H63: 0 | I63: 0 | J63: 0 | K63: 0 | O63: 0 | P63: 0 | Q63: 0 | R63: 0 | S63: 0 | T63: 0 | U63: 0 | V63: 0 | X63: 0 | Y63: 0 | Z63: 0 | AA63: 0 | AB63: 0 | AD63: 0 | AE63: 0 | AF63: 0 | AG63: 0
A64: ="3" -> 3 | B64: ="3" -> 3 | D64: 2 | E64: 0 | F64: 0 | G64: 0 | H64: 0 | I64: 0 | J64: 0 | K64: 0 | O64: 1 | P64: 1 | Q64: 0 | R64: 0 | S64: 0 | T64: 0 | U64: 0 | V64: 0 | X64: 1 | Y64: 0 | Z64: 0 | AA64: 0 | AB64: 0 | AD64: 1 | AE64: 0 | AF64: 0 | AG64: 0
A65: ="4" -> 4 | B65: ="4" -> 4 | D65: 3 | E65: 0 | F65: 0 | G65: 0 | H65: 0 | I65: 0 | J65: 0 | K65: 0 | O65: 2 | P65: 2 | Q65: 0 | R65: 0 | S65: 0 | T65: 0 | U65: 0 | V65: 0 | X65: 2 | Y65: 0 | Z65: 0 | AA65: 0 | AB65: 0 | AD65: 2 | AE65: 0 | AF65: 0 | AG65: 0
A66: ="5" -> 5 | B66: ="5" -> 5 | D66: 4 | E66: 0 | F66: 0 | G66: 0 | H66: 0 | I66: 0 | J66: 0 | K66: 0 | O66: 3 | P66: 2 | Q66: 1 | R66: 0 | S66: 0 | T66: 0 | U66: 0 | V66: 0 | X66: 3 | Y66: 0 | Z66: 0 | AA66: 0 | AB66: 0 | AD66: 3 | AE66: 0 | AF66: 0 | AG66: 0
A67: ="6" -> 6 | B67: ="6" -> 6 | D67: 5 | E67: 0 | F67: 0 | G67: 0 | H67: 0 | I67: 0 | J67: 0 | K67: 0 | O67: 4 | P67: 3 | Q67: 2 | R67: 0 | S67: 0 | T67: 0 | U67: 0 | V67: 0 | X67: 4 | Y67: 0 | Z67: 0 | AA67: 0 | AB67: 0 | AD67: 4 | AE67: 0 | AF67: 0 | AG67: 0
A68: ="7" -> 7 | B68: ="7" -> 7 | D68: 6 | E68: 0 | F68: 0 | G68: 0 | H68: 0 | I68: 0 | J68: 0 | K68: 0 | O68: 5 | P68: 3 | Q68: 3 | R68: 1 | S68: 0 | T68: 0 | U68: 0 | V68: 0 | X68: 5 | Y68: 0 | Z68: 0 | AA68: 0 | AB68: 0 | AD68: 5 | AE68: 0 | AF68: 0 | AG68: 0
A69: ="8" -> 8 | B69: ="8" -> 8 | D69: 7 | E69: 0 | F69: 0 | G69: 0 | H69: 0 | I69: 0 | J69: 0 | K69: 0 | O69: 6 | P69: 3 | Q69: 3 | R69: 2 | S69: 0 | T69: 0 | U69: 0 | V69: 0 | X69: 6 | Y69: 0 | Z69: 0 | AA69: 0 | AB69: 0 | AD69: 6 | AE69: 0 | AF69: 0 | AG69: 0
A70: ="9" -> 9 | B70: ="9" -> 9 | D70: 8 | E70: 0 | F70: 0 | G70: 0 | H70: 0 | I70: 0 | J70: 0 | K70: 0 | O70: 7 | P70: 3 | Q70: 3 | R70: 2 | S70: 1 | T70: 0 | U70: 0 | V70: 0 | X70: 7 | Y70: 0 | Z70: 0 | AA70: 0 | AB70: 0 | AD70: 7 | AE70: 0 | AF70: 0 | AG70: 0
A71: ="10" -> 10 | B71: ="10" -> 10 | D71: 9 | E71: 0 | F71: 0 | G71: 0 | H71: 0 | I71: 0 | J71: 0 | K71: 0 | O71: 8 | P71: 3 | Q71: 3 | R71: 3 | S71: 2 | T71: 0 | U71: 0 | V71: 0 | X71: 8 | Y71: 0 | Z71: 0 | AA71: 0 | AB71: 0 | AD71: 8 | AE71: 1 | AF71: 0 | AG71: 0
A72: ="11" -> 11 | B72: ="11" -> 11 | D72: 10 | E72: 0 | F72: 0 | G72: 0 | H72: 0 | I72: 0 | J72: 0 | K72: 0 | O72: 9 | P72: 4 | Q72: 4 | R72: 3 | S72: 2 | T72: 1 | U72: 0 | V72: 0 | X72: 9 | Y72: 1 | Z72: 0 | AA72: 0 | AB72: 0 | AD72: 9 | AE72: 2 | AF72: 0 | AG72: 0
A73: ="12" -> 12 | B73: ="12" -> 12 | D73: 11 | E73: 0 | F73: 0 | G73: 0 | H73: 0 | I73: 0 | J73: 0 | K73: 0 | O73: 10 | P73: 4 | Q73: 4 | R73: 3 | S73: 3 | T73: 2 | U73: 0 | V73: 0 | X73: 10 | Y73: 2 | Z73: 0 | AA73: 0 | AB73: 0 | AD73: 10 | AE73: 2 | AF73: 1 | AG73: 0
A74: ="13" -> 13 | B74: ="13" -> 13 | D74: 12 | E74: 0 | F74: 0 | G74: 0 | H74: 0 | I74: 0 | J74: 0 | K74: 0 | O74: 11 | P74: 5 | Q74: 4 | R74: 4 | S74: 3 | T74: 2 | U74: 1 | V74: 0 | X74: 11 | Y74: 2 | Z74: 1 | AA74: 0 | AB74: 0 | AD74: 11 | AE74: 2 | AF74: 2 | AG74: 0
A75: ="14" -> 14 | B75: ="14" -> 14 | D75: 13 | E75: 0 | F75: 0 | G75: 0 | H75: 0 | I75: 0 | J75: 0 | K75: 0 | O75: 12 | P75: 6 | Q75: 5 | R75: 5 | S75: 3 | T75: 2 | U75: 2 | V75: 0 | X75: 12 | Y75: 2 | Z75: 2 | AA75: 0 | AB75: 0 | AD75: 12 | AE75: 2 | AF75: 2 | AG75: 1
A76: ="15" -> 15 | B76: ="15" -> 15 | D76: 14 | E76: 1 | F76: 0 | G76: 0 | H76: 0 | I76: 0 | J76: 0 | K76: 0 | O76: 13 | P76: 6 | Q76: 6 | R76: 6 | S76: 4 | T76: 2 | U76: 2 | V76: 0 | X76: 13 | Y76: 2 | Z76: 2 | AA76: 1 | AB76: 0 | AD76: 13 | AE76: 3 | AF76: 2 | AG76: 1
A77: ="16" -> 16 | B77: ="16" -> 16 | D77: 15 | E77: 1 | F77: 1 | G77: 0 | H77: 0 | I77: 0 | J77: 0 | K77: 0 | O77: 14 | P77: 6 | Q77: 6 | R77: 6 | S77: 5 | T77: 3 | U77: 2 | V77: 1 | X77: 14 | Y77: 3 | Z77: 2 | AA77: 1 | AB77: 0 | AD77: 14 | AE77: 3 | AF77: 2 | AG77: 2
A78: ="17" -> 17 | B78: ="17" -> 17 | D78: 16 | E78: 1 | F78: 2 | G78: 0 | H78: 0 | I78: 0 | J78: 0 | K78: 0 | O78: 15 | P78: 6 | Q78: 6 | R78: 6 | S78: 6 | T78: 4 | U78: 2 | V78: 1 | X78: 15 | Y78: 3 | Z78: 2 | AA78: 1 | AB78: 1 | AD78: 15 | AE78: 3 | AF78: 3 | AG78: 2
A79: ="18" -> 18 | B79: ="18" -> 18 | D79: 17 | E79: 1 | F79: 2 | G79: 1 | H79: 0 | I79: 0 | J79: 0 | K79: 0 | O79: 16 | P79: 7 | Q79: 7 | R79: 7 | S79: 6 | T79: 4 | U79: 3 | V79: 1 | X79: 16 | Y79: 3 | Z79: 3 | AA79: 2 | AB79: 1 | AD79: 16 | AE79: 3 | AF79: 3 | AG79: 3
A80: 18/01 | B80: 18/50 | D80: 18 | E80: 1 | F80: 2 | G80: 1 | H80: 1 | I80: 0 | J80: 0 | K80: 0 | O80: 17 | P80: 7 | Q80: 7 | R80: 7 | S80: 7 | T80: 5 | U80: 3 | V80: 2 | X80: 17 | Y80: 3 | Z80: 3 | AA80: 3 | AB80: 1 | AD80: 17 | AE80: 3 | AF80: 3 | AG80: 3
A81: 18/02 | B81: 18/50 | D81: 19 | E81: 2 | F81: 2 | G81: 1 | H81: 2 | I81: 0 | J81: 0 | K81: 0 | O81: 18 | P81: 8 | Q81: 8 | R81: 8 | S81: 8 | T81: 6 | U81: 4 | V81: 2 | X81: 18 | Y81: 3 | Z81: 3 | AA81: 3 | AB81: 1 | AD81: 18 | AE81: 3 | AF81: 3 | AG81: 3
A82: 18/03 | B82: 18/50 | D82: 20 | E82: 2 | F82: 3 | G82: 1 | H82: 3 | I82: 0 | J82: 0 | K82: 0 | O82: 19 | P82: 9 | Q82: 9 | R82: 8 | S82: 8 | T82: 6 | U82: 4 | V82: 2 | X82: 19 | Y82: 3 | Z82: 3 | AA82: 3 | AB82: 2 | AD82: 19 | AE82: 3 | AF82: 3 | AG82: 3
A83: 18/04 | B83: 18/50 | D83: 21 | E83: 2 | F83: 3 | G83: 2 | H83: 3 | I83: 1 | J83: 0 | K83: 0 | O83: 20 | P83: 9 | Q83: 9 | R83: 9 | S83: 8 | T83: 7 | U83: 5 | V83: 2 | X83: 20 | Y83: 3 | Z83: 3 | AA83: 3 | AB83: 3 | AD83: 20 | AE83: 3 | AF83: 3 | AG83: 3
A84: 18/05 | B84: 18/50 | D84: 22 | E84: 2 | F84: 3 | G84: 2 | H84: 4 | I84: 2 | J84: 0 | K84: 0
A85: 18/06 | B85: 18/50 | D85: 23 | E85: 2 | F85: 3 | G85: 2 | H85: 4 | I85: 4 | J85: 0 | K85: 0
A86: 18/07 | B86: 18/50 | D86: 24 | E86: 2 | F86: 3 | G86: 2 | H86: 4 | I86: 4 | J86: 2 | K86: 0
A87: 18/08 | B87: 18/50 | D87: 25 | E87: 2 | F87: 3 | G87: 2 | H87: 4 | I87: 4 | J87: 3 | K87: 1
A88: 18/09 | B88: 18/50
A89: 18/10 | B89: 18/50
A90: 18/11 | B90: 18/50 | O90: Progression des Sort (Mage)
A91: 18/12 | B91: 18/50 | O91: Niveau | P91: 1 | Q91: 2 | R91: 3 | S91: 4 | T91: 5 | U91: 6 | V91: 7 | W91: 8 | X91: 9
A92: 18/13 | B92: 18/50 | O92: 0 | P92: 0 | Q92: 0 | R92: 0 | S92: 0 | T92: 0 | U92: 0 | V92: 0 | W92: 0 | X92: 0
A93: 18/14 | B93: 18/50 | O93: 1 | P93: 1 | Q93: 0 | R93: 0 | S93: 0 | T93: 0 | U93: 0 | V93: 0 | W93: 0 | X93: 0
A94: 18/15 | B94: 18/50 | O94: 2 | P94: 2 | Q94: 0 | R94: 0 | S94: 0 | T94: 0 | U94: 0 | V94: 0 | W94: 0 | X94: 0
A95: 18/16 | B95: 18/50 | O95: 3 | P95: 2 | Q95: 1 | R95: 0 | S95: 0 | T95: 0 | U95: 0 | V95: 0 | W95: 0 | X95: 0
A96: 18/17 | B96: 18/50 | E96: Balance Caractéristiques | O96: 4 | P96: 3 | Q96: 2 | R96: 0 | S96: 0 | T96: 0 | U96: 0 | V96: 0 | W96: 0 | X96: 0
A97: 18/18 | B97: 18/50 | F97: END | G97: PUI | O97: 5 | P97: 4 | Q97: 2 | R97: 1 | S97: 0 | T97: 0 | U97: 0 | V97: 0 | W97: 0 | X97: 0
A98: 18/19 | B98: 18/50 | E98: Endurance +2 | F98: 11 | G98: 13 | O98: 6 | P98: 4 | Q98: 2 | R98: 2 | S98: 0 | T98: 0 | U98: 0 | V98: 0 | W98: 0 | X98: 0
A99: 18/20 | B99: 18/50 | E99: Endurance +1 | F99: 10 | G99: 12 | O99: 7 | P99: 4 | Q99: 3 | R99: 2 | S99: 1 | T99: 0 | U99: 0 | V99: 0 | W99: 0 | X99: 0
A100: 18/21 | B100: 18/50 | E100: Puissance +1 | F100: 12 | G100: 10 | O100: 8 | P100: 4 | Q100: 3 | R100: 3 | S100: 2 | T100: 0 | U100: 0 | V100: 0 | W100: 0 | X100: 0
A101: 18/22 | B101: 18/50 | E101: Puissance +2 | F101: 13 | G101: 11 | O101: 9 | P101: 4 | Q101: 3 | R101: 3 | S101: 2 | T101: 1 | U101: 0 | V101: 0 | W101: 0 | X101: 0
...

Sheet Saving Throws
A1: Prêtres | G1: =IF(Classe="Niveau 0",TRUE,FALSE) -> FALSE | H1: =IF(level>0,TRUE,FALSE) -> FALSE | I1: =IF(level<20,TRUE,FALSE) -> TRUE | J1: =IF(AND(G1=TRUE,H1=TRUE),TRUE,FALSE) -> FALSE | K1: =IF(AND(G1=TRUE,H1=FALSE),TRUE,IF(AND(G1=FALSE,H1=TRUE),TRUE,IF(AND(G1=FALSE,H1=FALSE),FALSE,IF(I1=TRUE,TRUE,FALSE)))) -> FALSE
A2: 1 | B2: 10 | C2: 14 | D2: 13 | E2: 16 | F2: 15
A3: 2 | B3: 10 | C3: 14 | D3: 13 | E3: 16 | F3: 15
A4: 3 | B4: 10 | C4: 14 | D4: 13 | E4: 16 | F4: 15 | H4: Tableau | J4: =IF(Race="Nain",VLOOKUP('Feuille 1'!E12,ST_bon_nains,2,FALSE),0) -> 0
A5: 4 | B5: 9 | C5: 13 | D5: 12 | E5: 15 | F5: 14 | G5: Normal | H5: Jets de Sauvergardes | J5: Nains? | K5: Paladin? | L5: Psioniste | N5: Totaux
A6: 5 | B6: 9 | C6: 13 | D6: 12 | E6: 15 | F6: 14 | H6: PPMM: | I6: =MIN(I15,I21,K15) -> 20 | J6: =J4 -> 0 | K6: =IF(Classe="Paladin",2,0) -> 0 | L6: 0 | N6: =IF(SUM(J6:L6)=0,I6,I6&" "&"("&I6-SUM(J6:L6)&")") -> 20
A7: 6 | B7: 9 | C7: 13 | D7: 12 | E7: 15 | F7: 14 | H7: BBB: | I7: =MIN(I16,I22,K16) -> 20 | J7: =J4 -> 0 | K7: =IF(Classe="Paladin",2,0) -> 0 | L7: 0 | N7: =IF(SUM(J7:L7)=0,I7,I7&" "&"("&I7-SUM(J7:L7)&")") -> 20
A8: 7 | B8: 7 | C8: 11 | D8: 10 | E8: 13 | F8: 12 | H8: PM: | I8: =MIN(I17,I23,K17) -> 20 | J8: 0 | K8: =IF(Classe="Paladin",2,0) -> 0 | L8: 0 | N8: =IF(SUM(J8:L8)=0,I8,I8&" "&"("&I8-SUM(J8:L8)&")") -> 20
A9: 8 | B9: 7 | C9: 11 | D9: 10 | E9: 13 | F9: 12 | H9: SF: | I9: =MIN(I18,I24,K18) -> 20 | J9: 0 | K9: =IF(Classe="Paladin",2,0) -> 0 | L9: 0 | N9: =IF(SUM(J9:L9)=0,I9,I9&" "&"("&I9-SUM(J9:L9)&")") -> 20
A10: 9 | B10: 7 | C10: 11 | D10: 10 | E10: 13 | F10: 12 | H10: SR: | I10: =MIN(I19,I25,K19) -> 20 | J10: =J4 -> 0 | K10: =IF(Classe="Paladin",2,0) -> 0 | L10: =IF(OR(Classe="Psioniste",Classe2="Psioniste",Classe3="Psioniste"),2,0) -> 0 | N10: =IF(SUM(J10:L10)=0,I10,I10&" "&"("&I10-SUM(J10:L10)&")") -> 20 | X10: Score et Niveau
A11: 10 | B11: 6 | C11: 10 | D11: 9 | E11: 12 | F11: 11 | G11: Multi-class | W11: 1 | X11: Niveau
A12: 11 | B12: 6 | C12: 10 | D12: 9 | E12: 12 | F12: 11 | H12: =VLOOKUP(Classe,Class_mod,2,FALSE) -> ST_Rien | I12: =VLOOKUP(Classe2,Class_mod,2,FALSE) -> ST_Rien | J12: =VLOOKUP(Classe3,Class_mod,2,FALSE) -> ST_Rien | W12: 2 | X12: Score+Coût+Niveau
A13: 12 | B13: 6 | C13: 10 | D13: 9 | E13: 12 | F13: 11 | W13: 3 | X13: Score+Coût+Niveau
A14: 13 | B14: 5 | C14: 9 | D14: 8 | E14: 11 | F14: 10 | H14: Jets de Sauvergardes | J14: Jets de Sauvergardes | Q14: Sorts | W14: 4 | X14: Score+Coût+Niveau
A15: 14 | B15: 5 | C15: 9 | D15: 8 | E15: 11 | F15: 10 | H15: PPMM: | I15: =IF(OR(level<=0,level>20),20,VLOOKUP(level,INDIRECT(VLOOKUP(Classe,Class_mod,2,FALSE)),2,FALSE)) -> 20 | J15: PPMM: | K15: =IF(OR(levelc3<=0,levelc3>20),"",VLOOKUP(levelc3,INDIRECT(VLOOKUP(Classe3,Class_mod,2,FALSE)),2,FALSE)) | Q15: Prêtres | R15: =IF(OR(Classe="Clerc",Classe2="Clerc",Classe3="Clerc",Classe="Paladin",Classe2="Paladin",Classe3="Paladin",Classe="Rôdeur",Classe2="Rôdeur",Classe3="Rôdeur",Classe="Druide",Classe2="Druide",Classe3="Druide"),TRUE,FALSE) -> FALSE | T15: =TRIM(CONCATENATE(S16,IF(S18>1,"/",""),S17)) | W15: 5 | X15: Niveau
A16: 15 | B16: 5 | C16: 9 | D16: 8 | E16: 11 | F16: 10 | H16: BBB: | I16: =IF(OR(level<=0,level>20),20,VLOOKUP(level,INDIRECT(VLOOKUP(Classe,Class_mod,2,FALSE)),3,FALSE)) -> 20 | J16: BBB: | K16: =IF(OR(levelc3<=0,levelc3>20),"",VLOOKUP(levelc3,INDIRECT(VLOOKUP(Classe3,Class_mod,2,FALSE)),3,FALSE)) | Q16: Mage | R16: =IF(OR(Classe="Mage",Classe2="Mage",Classe3="Mage",Classe="Barde",Classe2="Barde",Classe3="Barde"),TRUE,FALSE) -> FALSE | S16: =IF(OR(R15=TRUE,R16=TRUE),"Niveau","") | W16: 6 | X16: Niveau
A17: 16 | B17: 4 | C17: 8 | D17: 7 | E17: 10 | F17: 9 | H17: PM: | I17: =IF(OR(level<=0,level>20),20,VLOOKUP(level,INDIRECT(VLOOKUP(Classe,Class_mod,2,FALSE)),4,FALSE)) -> 20 | J17: PM: | K17: =IF(OR(levelc3<=0,levelc3>20),"",VLOOKUP(levelc3,INDIRECT(VLOOKUP(Classe3,Class_mod,2,FALSE)),4,FALSE)) | Q17: Psioniste | R17: =IF(OR(Classe="Psioniste",Classe2="Psioniste",Classe3="Psioniste",),TRUE,FALSE) -> FALSE | S17: =IF(R17=TRUE,"Score+Coût","") | W17: 7 | X17: Score+Coût
A18: 17 | B18: 4 | C18: 8 | D18: 7 | E18: 10 | F18: 9 | H18: SF: | I18: =IF(OR(level<=0,level>20),20,VLOOKUP(level,INDIRECT(VLOOKUP(Classe,Class_mod,2,FALSE)),5,FALSE)) -> 20 | J18: SF: | K18: =IF(OR(levelc3<=0,levelc3>20),"",VLOOKUP(levelc3,INDIRECT(VLOOKUP(Classe3,Class_mod,2,FALSE)),5,FALSE)) | Q18: résultat | R18: =IF(AND(R15=TRUE,R16=TRUE,R17=TRUE),1,IF(AND(R15=TRUE,R16=TRUE),2,IF(AND(R16=TRUE,R17=TRUE),3,IF(AND(R15=TRUE,R17=TRUE),4,IF(R15=TRUE,5,IF(R16=TRUE,6,IF(R17=TRUE,7,0))))))) -> 0 | S18: =2-COUNTBLANK(S16:S17) -> 0 | W18: 8 | X18: Score+Coût+Niveau
A19: 18 | B19: 4 | C19: 8 | D19: 7 | E19: 10 | F19: 9 | H19: SR: | I19: =IF(OR(level<=0,level>20),20,VLOOKUP(level,INDIRECT(VLOOKUP(Classe,Class_mod,2,FALSE)),6,FALSE)) -> 20 | J19: SR: | K19: =IF(OR(levelc3<=0,levelc3>20),"",VLOOKUP(levelc3,INDIRECT(VLOOKUP(Classe3,Class_mod,2,FALSE)),6,FALSE))
A20: 19 | B20: 2 | C20: 6 | D20: 5 | E20: 8 | F20: 7 | H20: Jets de Sauvergardes | Q20: Mage/Prêtre | R20: Prêtre/psi | S20: Mage/Psi | T20: Clerc/Mage/Psi | U20: mage | V20: clerc | W20: psi | X20: aucun
A21: 20 | B21: 2 | C21: 6 | D21: 5 | E21: 8 | F21: 7 | H21: PPMM: | I21: =IF(OR(levelc2<=0,levelc2>20),"",VLOOKUP(levelc2,INDIRECT(VLOOKUP(Classe2,Class_mod,2,FALSE)),2,FALSE)) | Q21: =IF(AND($R15=TRUE,$R16=TRUE,$R17=FALSE),TRUE,FALSE) -> FALSE | R21: =IF(AND($R15=TRUE,$R17=TRUE,$R16=FALSE),TRUE,FALSE) -> FALSE | S21: =IF(AND($R16=TRUE,$R17=TRUE,$R15=FALSE),TRUE,FALSE) -> FALSE | T21: =IF(AND($R16=TRUE,$R17=TRUE,$R15=TRUE),TRUE,FALSE) -> FALSE | U21: =IF(AND($R16=TRUE,$R17=FALSE,$R15=FALSE),TRUE,FALSE) -> FALSE | V21: =IF(AND($R16=FALSE,$R17=FALSE,$R15=TRUE),TRUE,FALSE) -> FALSE | W21: =IF(AND($R16=FALSE,$R17=TRUE,$R15=FALSE),TRUE,FALSE) -> FALSE | X21: =IF(AND($R16=FALSE,$R17=FALSE,$R15=FALSE),TRUE,FALSE) -> TRUE
A22: 21 | B22: 2 | C22: 6 | D22: 5 | E22: 8 | F22: 7 | H22: BBB: | I22: =IF(OR(levelc2<=0,levelc2>20),"",VLOOKUP(levelc2,INDIRECT(VLOOKUP(Classe2,Class_mod,2,FALSE)),3,FALSE)) | Q22: 1 | R22: 2 | S22: 3 | T22: 4 | U22: 5 | V22: 6 | W22: 7 | X22: 8
A23: Roublards | H23: PM: | I23: =IF(OR(levelc2<=0,levelc2>20),"",VLOOKUP(levelc2,INDIRECT(VLOOKUP(Classe2,Class_mod,2,FALSE)),4,FALSE))
A24: 1 | B24: 13 | C24: 14 | D24: 12 | E24: 16 | F24: 15 | H24: SF: | I24: =IF(OR(levelc2<=0,levelc2>20),"",VLOOKUP(levelc2,INDIRECT(VLOOKUP(Classe2,Class_mod,2,FALSE)),5,FALSE))
A25: 2 | B25: 13 | C25: 14 | D25: 12 | E25: 16 | F25: 15 | H25: SR: | I25: =IF(OR(levelc2<=0,levelc2>20),"",VLOOKUP(levelc2,INDIRECT(VLOOKUP(Classe2,Class_mod,2,FALSE)),6,FALSE)) | Q25: Niveau du vade retro
A26: 3 | B26: 13 | C26: 14 | D26: 12 | E26: 16 | F26: 15 | Q26: =IF(Classe="Clerc",level,IF(Classe="Paladin",IF(level<1,0,level-2),0)) -> 0 | R26: =IF(Classe2="Clerc",levelc2,IF(Classe2="Paladin",IF(levelc2<1,0,levelc2-2),0)) -> 0 | S26: =IF(Classe3="Clerc",levelc3,IF(Classe3="Paladin",IF(levelc3<1,0,levelc3-2),0)) -> 0
A27: 4 | B27: 13 | C27: 14 | D27: 12 | E27: 16 | F27: 15 | R27: =IF(MAX(Q26:S26)+3>17,17,MAX(Q26:S26)+3) -> 3
A28: 5 | B28: 12 | C28: 12 | D28: 11 | E28: 15 | F28: 13
A29: 6 | B29: 12 | C29: 12 | D29: 11 | E29: 15 | F29: 13 | H29: Vade Retro
A30: 7 | B30: 12 | C30: 12 | D30: 11 | E30: 15 | F30: 13 | H30: Mort-vivants | J30: 0 | K30: 1 | L30: 2 | M30: 3 | N30: 4 | O30: 5 | P30: 6 | Q30: 7 | R30: 8 | S30: 9 | T30: 10 | U30: 11 | V30: 12 | W30: 13 | X30: 14
A31: 8 | B31: 12 | C31: 12 | D31: 11 | E31: 15 | F31: 13 | H31: Squelette/1 DV | J31: - | K31: =IF(Campagne="Ravenloft",13,10) -> 10 | L31: =IF(Campagne="Ravenloft",10,7) -> 7 | M31: =IF(Campagne="Ravenloft",7,4) -> 4 | N31: =IF(Campagne="Ravenloft",4,"R") -> R | O31: =IF(Campagne="Ravenloft",1,"R") -> R | P31: =IF(Campagne="Ravenloft",1,"D") -> D | Q31: =IF(Campagne="Ravenloft",1,"D") -> D | R31: =IF(Campagne="Ravenloft",1,"D") -> D | S31: =IF(Campagne="Ravenloft",1,"D") -> D | T31: =IF(Campagne="Ravenloft",1,"D") -> D | U31: =IF(Campagne="Ravenloft",1,"D") -> D | V31: =IF(Campagne="Ravenloft",1,"D") -> D | W31: =IF(Campagne="Ravenloft",1,"D") -> D | X31: =IF(Campagne="Ravenloft",1,"D") -> D
A32: 9 | B32: 11 | C32: 10 | D32: 10 | E32: 14 | F32: 11 | H32: Zombi | J32: - | K32: =IF(Campagne="Ravenloft",16,13) -> 13 | L32: =IF(Campagne="Ravenloft",13,10) -> 10 | M32: =IF(Campagne="Ravenloft",10,7) -> 7 | N32: =IF(Campagne="Ravenloft",7,4) -> 4 | O32: =IF(Campagne="Ravenloft",4,"R") -> R | P32: =IF(Campagne="Ravenloft",1,"R") -> R | Q32: =IF(Campagne="Ravenloft",1,"D") -> D | R32: =IF(Campagne="Ravenloft",1,"D") -> D | S32: =IF(Campagne="Ravenloft",1,"D") -> D | T32: =IF(Campagne="Ravenloft",1,"D") -> D | U32: =IF(Campagne="Ravenloft",1,"D") -> D | V32: =IF(Campagne="Ravenloft",1,"D") -> D | W32: =IF(Campagne="Ravenloft",1,"D") -> D | X32: =IF(Campagne="Ravenloft",1,"D") -> D
A33: 10 | B33: 11 | C33: 10 | D33: 10 | E33: 14 | F33: 11 | H33: Goule/2 DV | J33: - | K33: =IF(Campagne="Ravenloft",19,16) -> 16 | L33: =IF(Campagne="Ravenloft",16,13) -> 13 | M33: =IF(Campagne="Ravenloft",13,10) -> 10 | N33: =IF(Campagne="Ravenloft",10,7) -> 7 | O33: =IF(Campagne="Ravenloft",7,4) -> 4 | P33: =IF(Campagne="Ravenloft",4,"R") -> R | Q33: =IF(Campagne="Ravenloft",1,"R") -> R | R33: =IF(Campagne="Ravenloft",1,"D") -> D | S33: =IF(Campagne="Ravenloft",1,"D") -> D | T33: =IF(Campagne="Ravenloft",1,"D") -> D | U33: =IF(Campagne="Ravenloft",1,"D") -> D | V33: =IF(Campagne="Ravenloft",1,"D") -> D | W33: =IF(Campagne="Ravenloft",1,"D") -> D | X33: =IF(Campagne="Ravenloft",1,"D") -> D
A34: 11 | B34: 11 | C34: 10 | D34: 10 | E34: 14 | F34: 11 | H34: Ombre/3-4 DV | J34: - | K34: =IF(Campagne="Ravenloft",20,19) -> 19 | L34: =IF(Campagne="Ravenloft",19,16) -> 16 | M34: =IF(Campagne="Ravenloft",16,13) -> 13 | N34: =IF(Campagne="Ravenloft",13,10) -> 10 | O34: =IF(Campagne="Ravenloft",10,7) -> 7 | P34: =IF(Campagne="Ravenloft",7,4) -> 4 | Q34: =IF(Campagne="Ravenloft",4,"R") -> R | R34: =IF(Campagne="Ravenloft",1,"R") -> R | S34: =IF(Campagne="Ravenloft",1,"D") -> D | T34: =IF(Campagne="Ravenloft",1,"D") -> D | U34: =IF(Campagne="Ravenloft",1,"D") -> D | V34: =IF(Campagne="Ravenloft",1,"D") -> D | W34: =IF(Campagne="Ravenloft",1,"D") -> D | X34: =IF(Campagne="Ravenloft",1,"D") -> D
A35: 12 | B35: 11 | C35: 10 | D35: 10 | E35: 14 | F35: 11 | H35: Nécrophage/5 DV | J35: - | K35: =IF(Campagne="Ravenloft","-",20) -> 20 | L35: =IF(Campagne="Ravenloft",20,19) -> 19 | M35: =IF(Campagne="Ravenloft",19,16) -> 16 | N35: =IF(Campagne="Ravenloft",16,13) -> 13 | O35: =IF(Campagne="Ravenloft",13,10) -> 10 | P35: =IF(Campagne="Ravenloft",10,7) -> 7 | Q35: =IF(Campagne="Ravenloft",7,4) -> 4 | R35: =IF(Campagne="Ravenloft",4,"R") -> R | S35: =IF(Campagne="Ravenloft",1,"R") -> R | T35: =IF(Campagne="Ravenloft",1,"D") -> D | U35: =IF(Campagne="Ravenloft",1,"D") -> D | V35: =IF(Campagne="Ravenloft",1,"D") -> D | W35: =IF(Campagne="Ravenloft",1,"D") -> D | X35: =IF(Campagne="Ravenloft",1,"D") -> D
A36: 13 | B36: 10 | C36: 8 | D36: 9 | E36: 13 | F36: 9 | H36: Blême | J36: - | K36: - | L36: =IF(Campagne="Ravenloft","-",20) -> 20 | M36: =IF(Campagne="Ravenloft",20,19) -> 19 | N36: =IF(Campagne="Ravenloft",19,16) -> 16 | O36: =IF(Campagne="Ravenloft",16,13) -> 13 | P36: =IF(Campagne="Ravenloft",13,10) -> 10 | Q36: =IF(Campagne="Ravenloft",10,7) -> 7 | R36: =IF(Campagne="Ravenloft",7,4) -> 4 | S36: =IF(Campagne="Ravenloft",4,"R") -> R | T36: =IF(Campagne="Ravenloft",1,"R") -> R | U36: =IF(Campagne="Ravenloft",1,"R") -> R | V36: =IF(Campagne="Ravenloft",1,"D") -> D | W36: =IF(Campagne="Ravenloft",1,"D") -> D | X36: =IF(Campagne="Ravenloft",1,"D") -> D
A37: 14 | B37: 10 | C37: 8 | D37: 9 | E37: 13 | F37: 9 | H37: Ame en peine/6 DV | J37: - | K37: - | L37: - | M37: =IF(Campagne="Ravenloft","-",20) -> 20 | N37: =IF(Campagne="Ravenloft",20,19) -> 19 | O37: =IF(Campagne="Ravenloft",19,16) -> 16 | P37: =IF(Campagne="Ravenloft",16,13) -> 13 | Q37: =IF(Campagne="Ravenloft",13,10) -> 10 | R37: =IF(Campagne="Ravenloft",10,7) -> 7 | S37: =IF(Campagne="Ravenloft",7,4) -> 4 | T37: =IF(Campagne="Ravenloft",4,"R") -> R | U37: =IF(Campagne="Ravenloft",4,"R") -> R | V37: =IF(Campagne="Ravenloft",1,"R") -> R | W37: =IF(Campagne="Ravenloft",1,"R") -> R | X37: =IF(Campagne="Ravenloft",1,"D") -> D
A38: 15 | B38: 10 | C38: 8 | D38: 9 | E38: 13 | F38: 9 | H38: Momie/7 DV | J38: - | K38: - | L38: - | M38: - | N38: =IF(Campagne="Ravenloft","-",20) -> 20 | O38: =IF(Campagne="Ravenloft",20,19) -> 19 | P38: =IF(Campagne="Ravenloft",19,16) -> 16 | Q38: =IF(Campagne="Ravenloft",16,13) -> 13 | R38: =IF(Campagne="Ravenloft",13,10) -> 10 | S38: =IF(Campagne="Ravenloft",10,7) -> 7 | T38: =IF(Campagne="Ravenloft",7,4) -> 4 | U38: =IF(Campagne="Ravenloft",7,4) -> 4 | V38: =IF(Campagne="Ravenloft",4,"R") -> R | W38: =IF(Campagne="Ravenloft",4,"R") -> R | X38: =IF(Campagne="Ravenloft",1,"R") -> R
A39: 16 | B39: 10 | C39: 8 | D39: 9 | E39: 13 | F39: 9 | H39: Spectre/8 DV | J39: - | K39: - | L39: - | M39: - | N39: - | O39: =IF(Campagne="Ravenloft","-",20) -> 20 | P39: =IF(Campagne="Ravenloft",20,19) -> 19 | Q39: =IF(Campagne="Ravenloft",19,16) -> 16 | R39: =IF(Campagne="Ravenloft",16,13) -> 13 | S39: =IF(Campagne="Ravenloft",13,10) -> 10 | T39: =IF(Campagne="Ravenloft",10,7) -> 7 | U39: =IF(Campagne="Ravenloft",10,7) -> 7 | V39: =IF(Campagne="Ravenloft",7,4) -> 4 | W39: =IF(Campagne="Ravenloft",7,4) -> 4 | X39: =IF(Campagne="Ravenloft",4,"R") -> R
A40: 17 | B40: 9 | C40: 6 | D40: 7 | E40: 12 | F40: 7 | H40: Vampire/9 DV | J40: - | K40: - | L40: - | M40: - | N40: - | O40: - | P40: =IF(Campagne="Ravenloft","-",20) -> 20 | Q40: =IF(Campagne="Ravenloft",20,19) -> 19 | R40: =IF(Campagne="Ravenloft",19,16) -> 16 | S40: =IF(Campagne="Ravenloft",16,13) -> 13 | T40: =IF(Campagne="Ravenloft",13,10) -> 10 | U40: =IF(Campagne="Ravenloft",13,10) -> 10 | V40: =IF(Campagne="Ravenloft",10,7) -> 7 | W40: =IF(Campagne="Ravenloft",10,7) -> 7 | X40: =IF(Campagne="Ravenloft",7,4) -> 4
A41: 18 | B41: 9 | C41: 6 | D41: 7 | E41: 12 | F41: 7 | H41: Fantôme/10 DV | J41: - | K41: - | L41: - | M41: - | N41: - | O41: - | P41: - | Q41: =IF(Campagne="Ravenloft","-",20) -> 20 | R41: =IF(Campagne="Ravenloft",20,19) -> 19 | S41: =IF(Campagne="Ravenloft",19,16) -> 16 | T41: =IF(Campagne="Ravenloft",16,13) -> 13 | U41: =IF(Campagne="Ravenloft",16,13) -> 13 | V41: =IF(Campagne="Ravenloft",13,10) -> 10 | W41: =IF(Campagne="Ravenloft",13,10) -> 10 | X41: =IF(Campagne="Ravenloft",10,7) -> 7
A42: 19 | B42: 9 | C42: 6 | D42: 7 | E42: 12 | F42: 7 | H42: Liche/11 DV | J42: - | K42: - | L42: - | M42: - | N42: - | O42: - | P42: - | Q42: - | R42: =IF(Campagne="Ravenloft","-",20) -> 20 | S42: =IF(Campagne="Ravenloft",20,19) -> 19 | T42: =IF(Campagne="Ravenloft",19,16) -> 16 | U42: =IF(Campagne="Ravenloft",19,16) -> 16 | V42: =IF(Campagne="Ravenloft",16,13) -> 13 | W42: =IF(Campagne="Ravenloft",16,13) -> 13 | X42: =IF(Campagne="Ravenloft",13,10) -> 10
A43: 20 | B43: 9 | C43: 6 | D43: 7 | E43: 12 | F43: 7 | H43: Spécial | J43: - | K43: - | L43: - | M43: - | N43: - | O43: - | P43: - | Q43: - | R43: - | S43: =IF(Campagne="Ravenloft","-",20) -> 20 | T43: =IF(Campagne="Ravenloft",20,19) -> 19 | U43: =IF(Campagne="Ravenloft",20,19) -> 19 | V43: =IF(Campagne="Ravenloft",19,16) -> 16 | W43: =IF(Campagne="Ravenloft",19,16) -> 16 | X43: =IF(Campagne="Ravenloft",16,13) -> 13
A44: 21 | B44: 8 | C44: 4 | D44: 7 | E44: 11 | F44: 5
A45: Guerriers | G45: Psioniste
A46: 0 | B46: 16 | C46: 18 | D46: 17 | E46: 20 | F46: 19 | G46: 1 | H46: 13 | I46: 15 | J46: 10 | K46: 16 | L46: 15
A47: 1 | B47: 14 | C47: 16 | D47: 15 | E47: 17 | F47: 17 | G47: 2 | H47: 13 | I47: 15 | J47: 10 | K47: 16 | L47: 15
A48: 2 | B48: 14 | C48: 16 | D48: 15 | E48: 17 | F48: 17 | G48: 3 | H48: 13 | I48: 15 | J48: 10 | K48: 16 | L48: 15
A49: 3 | B49: 13 | C49: 15 | D49: 14 | E49: 16 | F49: 16 | G49: 4 | H49: 13 | I49: 15 | J49: 10 | K49: 16 | L49: 15
A50: 4 | B50: 13 | C50: 15 | D50: 14 | E50: 16 | F50: 16 | G50: 5 | H50: 12 | I50: 13 | J50: 9 | K50: 15 | L50: 14
A51: 5 | B51: 11 | C51: 13 | D51: 12 | E51: 13 | F51: 14 | G51: 6 | H51: 12 | I51: 13 | J51: 9 | K51: 15 | L51: 14
A52: 6 | B52: 11 | C52: 13 | D52: 12 | E52: 13 | F52: 14 | G52: 7 | H52: 12 | I52: 13 | J52: 9 | K52: 15 | L52: 14
A53: 7 | B53: 10 | C53: 12 | D53: 11 | E53: 12 | F53: 13 | G53: 8 | H53: 12 | I53: 13 | J53: 9 | K53: 15 | L53: 14
A54: 8 | B54: 10 | C54: 12 | D54: 11 | E54: 12 | F54: 13 | G54: 9 | H54: 11 | I54: 11 | J54: 8 | K54: 13 | L54: 12
A55: 9 | B55: 8 | C55: 10 | D55: 9 | E55: 9 | F55: 11 | G55: 10 | H55: 11 | I55: 11 | J55: 8 | K55: 13 | L55: 12
A56: 10 | B56: 8 | C56: 10 | D56: 9 | E56: 9 | F56: 11 | G56: 11 | H56: 11 | I56: 11 | J56: 8 | K56: 13 | L56: 12
A57: 11 | B57: 7 | C57: 9 | D57: 8 | E57: 8 | F57: 10 | G57: 12 | H57: 11 | I57: 11 | J57: 8 | K57: 13 | L57: 12
... A66: 20 | B66: 3 | C66: 5 | D66: 4 | E66: 4 | F66: 6 | G66: 21 | H66: 8 | I66: 5 | J66: 5 | K66: 9 | L66: 7
A67: 21 | B67: 3 | C67: 5 | D67: 4 | E67: 4 | F67: 6
A68: Mages | H68: 0
A69: 1 | B69: 14 | C69: 11 | D69: 13 | E69: 15 | F69: 12 | H69: 1 | I69: 20 | J69: 20 | K69: 20 | L69: 20 | M69: 20
A70: 2 | B70: 14 | C70: 11 | D70: 13 | E70: 15 | F70: 12 | H70: 2 | I70: 20 | J70: 20 | K70: 20 | L70: 20 | M70: 20
A71: 3 | B71: 14 | C71: 11 | D71: 13 | E71: 15 | F71: 12 | H71: 3 | I71: 20 | J71: 20 | K71: 20 | L71: 20 | M71: 20
A72: 4 | B72: 14 | C72: 11 | D72: 13 | E72: 15 | F72: 12 | H72: 4 | I72: 20 | J72: 20 | K72: 20 | L72: 20 | M72: 20
A73: 5 | B73: 14 | C73: 11 | D73: 13 | E73: 15 | F73: 12 | H73: 5 | I73: 20 | J73: 20 | K73: 20 | L73: 20 | M73: 20
A74: 6 | B74: 13 | C74: 9 | D74: 11 | E74: 13 | F74: 10 | H74: 6 | I74: 20 | J74: 20 | K74: 20 | L74: 20 | M74: 20
A75: 7 | B75: 13 | C75: 9 | D75: 11 | E75: 13 | F75: 10 | H75: 7 | I75: 20 | J75: 20 | K75: 20 | L75: 20 | M75: 20
A76: 8 | B76: 13 | C76: 9 | D76: 11 | E76: 13 | F76: 10 | H76: 8 | I76: 20 | J76: 20 | K76: 20 | L76: 20 | M76: 20
A77: 9 | B77: 13 | C77: 9 | D77: 11 | E77: 13 | F77: 10 | H77: 9 | I77: 20 | J77: 20 | K77: 20 | L77: 20 | M77: 20
A78: 10 | B78: 13 | C78: 9 | D78: 11 | E78: 13 | F78: 10 | H78: 10 | I78: 20 | J78: 20 | K78: 20 | L78: 20 | M78: 20
A79: 11 | B79: 11 | C79: 7 | D79: 9 | E79: 11 | F79: 8 | H79: 11 | I79: 20 | J79: 20 | K79: 20 | L79: 20 | M79: 20
A80: 12 | B80: 11 | C80: 7 | D80: 9 | E80: 11 | F80: 8 | H80: 12 | I80: 20 | J80: 20 | K80: 20 | L80: 20 | M80: 20
... A89: 21 | B89: 8 | C89: 3 | D89: 5 | E89: 7 | F89: 4 | H89: 21 | I89: 20 | J89: 20 | K89: 20 | L89: 20 | M89: 20
A90: Nain
A91: 0 | B91: 0
A92: 1 | B92: 0
A93: 2 | B93: 0
A94: 3 | B94: 0 | E94: TAC0
A95: 4 | B95: 1 | E95: Class/niv | F95: 1 | G95: 2 | H95: 3 | I95: 4 | J95: 5 | K95: 6 | L95: 7 | M95: 8 | N95: 9 | O95: 10 | P95: 11 | Q95: 12 | R95: 13 | S95: 14 | T95: 15 | U95: 16 | V95: 17 | W95: 18 | X95: 19 | Y95: 20
A96: 5 | B96: 1 | E96: Prêtre | F96: 20 | G96: 20 | H96: 20 | I96: 18 | J96: 18 | K96: 18 | L96: 16 | M96: 16 | N96: 16 | O96: 14 | P96: 14 | Q96: 14 | R96: 12 | S96: 12 | T96: 12 | U96: 10 | V96: 10 | W96: 10 | X96: 8 | Y96: 8
A97: 6 | B97: 1 | E97: Roublard | F97: 20 | G97: 20 | H97: 19 | I97: 19 | J97: 18 | K97: 18 | L97: 17 | M97: 17 | N97: 16 | O97: 16 | P97: 15 | Q97: 15 | R97: 14 | S97: 14 | T97: 13 | U97: 13 | V97: 12 | W97: 12 | X97: 11 | Y97: 11
A98: 7 | B98: 2 | E98: Combattant | F98: 20 | G98: 19 | H98: 18 | I98: 17 | J98: 16 | K98: 15 | L98: 14 | M98: 13 | N98: 12 | O98: 11 | P98: 10 | Q98: 9 | R98: 8 | S98: 7 | T98: 6 | U98: 5 | V98: 4 | W98: 3 | X98: 2 | Y98: 1
A99: 8 | B99: 2 | E99: Magicien | F99: 20 | G99: 20 | H99: 20 | I99: 19 | J99: 19 | K99: 19 | L99: 18 | M99: 18 | N99: 18 | O99: 17 | P99: 17 | Q99: 17 | R99: 16 | S99: 16 | T99: 16 | U99: 15 | V99: 15 | W99: 15 | X99: 14 | Y99: 14
A100: 9 | B100: 2 | E100: Psioniste | F100: 20 | G100: 20 | H100: 19 | I100: 19 | J100: 18 | K100: 18 | L100: 17 | M100: 17 | N100: 16 | O100: 16 | P100: 15 | Q100: 15 | R100: 14 | S100: 14 | T100: 13 | U100: 13 | V100: 12 | W100: 12 | X100: 11 | Y100: 11
A101: 10 | B101: 2 | E101: Niveau 0 | F101: 20 | G101: 20 | H101: 20 | I101: 20 | J101: 20 | K101: 20 | L101: 20 | M101: 20 | N101: 20 | O101: 20 | P101: 20 | Q101: 20 | R101: 20 | S101: 20 | T101: 20 | U101: 20 | V101: 20 | W101: 20 | X101: 20 | Y101: 20
A102: 11 | B102: 3
A103: 12 | B103: 3 | J103: =VLOOKUP(Classe,Class_mod,16,FALSE) -> 0 | K103: =VLOOKUP(Classe2,Class_mod,16,FALSE) -> 0 | L103: =VLOOKUP(Classe3,Class_mod,16,FALSE) -> 0 | M103: Final
A104: 13 | B104: 3 | I104: BASE TAC0 | J104: =IF(OR(level=0,J103=0),20,VLOOKUP(J103,Base_TAC0,level+1,FALSE)) -> 20 | K104: =IF(OR(levelc2=0,K103=0),20,VLOOKUP(K103,Base_TAC0,levelc2+1,FALSE)) -> 20 | L104: =IF(OR(levelc3=0,L103=0),20,VLOOKUP(L103,Base_TAC0,levelc3+1,FALSE)) -> 20 | M104: =MIN(J104:L104) -> 20
A105: 14 | B105: 4
A106: 15 | B106: 4
A107: 16 | B107: 4
A108: 17 | B108: 4
A109: 18 | B109: 5
A110: 19 | B110: 5
A111: 20 | B111: 5
A112: 21 | B112: 6
A113: 22 | B113: 6
A114: 23 | B114: 6
A115: 24 | B115: 6
A116: 25 | B116: 6

Sheet Compétences
A1: GÉNÉRAL | B1: Original | C1: Caract. | D1: Mod ori. | F1: coût 2.5 | G1: valeur 2.5 | H1: Caract. 2.5 | M1: Tableau des compétences | AE1: tableau 45 T&P | AJ1: Ajustement Compétence selon Caractéristiques | AQ1: Compétences Martiales
A2: Agriculture | B2: 1 | C2: INT | D2: 0 | E2: Général | F2: 3 | G2: 7 | H2: Int/Éru | N2: Martiales | Q2: Diverses | V2: Compétence martiale coût | Z2: Compétences | AA2: Niveau | AB2: coût | AE2: 0 | AF2: -5 | AJ2: For/End | AK2: =VLOOKUP(Score_END,Tab_comp_mod_score,2,FALSE) -> -5 | AL2: Score_END | AQ2: Armes | AR2: Groupe
A3: Allumage de Feu | B3: 1 | C3: SAG | D3: -1 | E3: Général | F3: 2 | G3: 8 | H3: =IF(VLOOKUP("Sag/Int",Tab_comp_ajust_2.5,2,FALSE)>VLOOKUP("Int/Int",Tab_comp_ajust_2.5,2,FALSE),"Sag/Int","Int/Int") -> Int/Int | N3: Initiales | O3: # Niveau | P3: Pénalités | Q3: Initiales | R3: # Niveau | V3: 0 | W3: 0 | Z3: ='Feuille 1'!A83 -> 0 | AA3: ='Feuille 1'!L83 -> 0 | AB3: =VLOOKUP(AA3,Comp_martiales_cost,2,FALSE) -> 0 | AE3: 1 | AF3: -5 | AJ3: For/Pui | AK3: =VLOOKUP(Score_PUI,Tab_comp_mod_score,2,FALSE) -> -5 | AL3: Score_PUI | AQ3: Arbalète de poing | AR3: compétence
A4: Brassage | B4: 1 | C4: INT | D4: 0 | E4: Général | F4: 3 | G4: NA | H4: Sag/Vol | M4: Guerrier | N4: 4 | O4: 3 | P4: -2 | Q4: 3 | R4: 3 | V4: Familier | W4: 1 | Z4: ='Feuille 1'!A84 -> 0 | AA4: ='Feuille 1'!L84 -> 0 | AB4: =VLOOKUP(AA4,Comp_martiales_cost,2,FALSE) -> 0 | AE4: 2 | AF4: -5 | AJ4: Dex/Pré | AK4: =VLOOKUP(Score_PRE,Tab_comp_mod_score,2,FALSE) -> -5 | AL4: Score_PRE | AQ4: Arbalète Lègere | AR4: compétence
A5: Chant | B5: 1 | C5: CHA | D5: 0 | E5: Général | F5: 2 | G5: 5 | H5: Cha/Mag | M5: Mage | N5: 1 | O5: 6 | P5: -5 | Q5: 4 | R5: 3 | V5: Compétent | W5: 1 | Z5: ='Feuille 1'!A85 -> 0 | AA5: ='Feuille 1'!L85 -> 0 | AB5: =VLOOKUP(AA5,Comp_martiales_cost,2,FALSE) -> 0 | AE5: 3 | AF5: -5 | AJ5: Dex/Équ | AK5: =VLOOKUP(Score_EQU,Tab_comp_mod_score,2,FALSE) -> -5 | AL5: Score_EQU | AQ5: Arbalète Lourde | AR5: compétence
A6: Charpenterie | B6: 1 | C6: FOR | D6: 0 | E6: Général | F6: 3 | G6: 7 | H6: =IF(VLOOKUP("For/End",Tab_comp_ajust_2.5,2,FALSE)>VLOOKUP("Int/Éru",Tab_comp_ajust_2.5,2,FALSE),"For/End","Int/Éru") -> Int/Éru | M6: Prêtre | N6: 2 | O6: 4 | P6: -3 | Q6: 4 | R6: 3 | V6: Expert | W6: 2 | Z6: ='Feuille 1'!A86 -> 0 | AA6: ='Feuille 1'!L86 -> 0 | AB6: =VLOOKUP(AA6,Comp_martiales_cost,2,FALSE) -> 0 | AE6: 4 | AF6: -4 | AJ6: Con/Rés | AK6: =VLOOKUP(Score_RES,Tab_comp_mod_score,2,FALSE) -> -5 | AL6: Score_RES | AQ6: Arc Court | AR6: compétence
A7: Cordonnerie | B7: 1 | C7: DEX | D7: 0 | E7: Général | F7: 3 | G7: 7 | H7: =IF(VLOOKUP("Dex/Pré",Tab_comp_ajust_2.5,2,FALSE)>VLOOKUP("Int/Éru",Tab_comp_ajust_2.5,2,FALSE),"Dex/Pré","Int/Éru") -> Int/Éru | M7: Roublard | N7: 2 | O7: 4 | P7: -3 | Q7: 3 | R7: 4 | V7: Spécialiste | W7: 2 | Z7: ='Feuille 1'!N83 -> 0 | AA7: ='Feuille 1'!Y83 -> 0 | AB7: =VLOOKUP(AA7,Comp_martiales_cost,2,FALSE) -> 0 | AE7: 5 | AF7: -3 | AJ7: Con/Vig | AK7: =VLOOKUP(Score_VIG,Tab_comp_mod_score,2,FALSE) -> -5 | AL7: Score_VIG | AQ7: Arc Court composé | AR7: compétence
A8: Couture/Confection | B8: 1 | C8: DEX | D8: -1 | E8: Général | F8: 3 | G8: 7 | H8: =IF(VLOOKUP("Dex/Pré",Tab_comp_ajust_2.5,2,FALSE)>VLOOKUP("Int/Int",Tab_comp_ajust_2.5,2,FALSE),"Dex/Pré","Int/Int") -> Int/Int | M8: Psioniste | N8: 2 | O8: 5 | P8: -4 | Q8: 3 | R8: 3 | V8: Maître | W8: 3 | Z8: ='Feuille 1'!N84 -> 0 | AA8: ='Feuille 1'!Y84 -> 0 | AB8: =VLOOKUP(AA8,Comp_martiales_cost,2,FALSE) -> 0 | AE8: 6 | AF8: -2 | AJ8: Int/Int | AK8: =VLOOKUP(Score_INTct,Tab_comp_mod_score,2,FALSE) -> -5 | AL8: Score_INTct | AQ8: Arc Long | AR8: compétence
A9: Cuisine | B9: 1 | C9: INT | D9: 0 | E9: Général | F9: 3 | G9: 7 | H9: Int/Int | M9: 0 | N9: 0 | O9: 50 | P9: -6 | Q9: 0 | R9: 50 | V9: Grand Maître | W9: 4 | Z9: ='Feuille 1'!N85 -> 0 | AA9: ='Feuille 1'!Y85 -> 0 | AB9: =VLOOKUP(AA9,Comp_martiales_cost,2,FALSE) -> 0 | AE9: 7 | AF9: -1 | AJ9: Int/Éru | AK9: =VLOOKUP(Score_ERU,Tab_comp_mod_score,2,FALSE) -> -5 | AL9: Score_ERU | AQ9: Arc Long composé | AR9: compétence
A10: Danse | B10: 1 | C10: DEX | D10: 0 | E10: Général | F10: 2 | G10: 6 | H10: =IF(VLOOKUP("Dex/Équ",Tab_comp_ajust_2.5,2,FALSE)>VLOOKUP("Cha/Cha",Tab_comp_ajust_2.5,2,FALSE),"Dex/Équ","Cha/Cha") -> Cha/Cha | N10: =MAX(VLOOKUP(N11,Tab_compétences,2,FALSE),VLOOKUP(O11,Tab_compétences,2,FALSE),VLOOKUP(P11,Tab_compétences,2,FALSE)) -> 0 | O10: =MIN(VLOOKUP(N11,Tab_compétences,3,FALSE),VLOOKUP(O11,Tab_compétences,3,FALSE),VLOOKUP(P11,Tab_compétences,3,FALSE)) -> 50 | P10: =IF(MAX(VLOOKUP(N11,Tab_compétences,4,FALSE),VLOOKUP(O11,Tab_compétences,4,FALSE),VLOOKUP(P11,Tab_compétences,4,FALSE))=-6,"",MAX(VLOOKUP(N11,Tab_compétences,4,FALSE),VLOOKUP(O11,Tab_compétences,4,FALSE),VLOOKUP(P11,Tab_compétences,4,FALSE))) | Q10: =MAX(VLOOKUP(N11,Tab_compétences,5,FALSE),VLOOKUP(O11,Tab_compétences,5,FALSE),VLOOKUP(P11,Tab_compétences,5,FALSE)) -> 0 | R10: =MIN(VLOOKUP(N11,Tab_compétences,6,FALSE),VLOOKUP(O11,Tab_compétences,6,FALSE),VLOOKUP(P11,Tab_compétences,6,FALSE)) -> 50 | Z10: ='Feuille 1'!N86 -> 0 | AA10: ='Feuille 1'!Y86 -> 0 | AB10: =VLOOKUP(AA10,Comp_martiales_cost,2,FALSE) -> 0 | AE10: 8 | AF10: 0 | AJ10: Sag/Vol | AK10: =VLOOKUP(Score_VOL,Tab_comp_mod_score,2,FALSE) -> -5 | AL10: Score_VOL | AQ10: Arc Long de semi-géant | AR10: compétence
A11: Don Artistique | B11: 1 | C11: SAG | D11: 0 | E11: Général | N11: =IF('Saving Throws'!H12="ST_Mages","Mage",IF('Saving Throws'!H12="ST_Roub","Roublard",IF('Saving Throws'!H12="ST_Pretres","Prêtre",IF('Saving Throws'!H12="ST_Psi","Psioniste",IF('Saving Throws'!H12="ST_War","Guerrier",0))))) -> 0 | O11: =IF('Saving Throws'!I12="ST_Mages","Mage",IF('Saving Throws'!I12="ST_Roub","Roublard",IF('Saving Throws'!I12="ST_Pretres","Prêtre",IF('Saving Throws'!I12="ST_Psi","Psioniste",IF('Saving Throws'!I12="ST_War","Guerrier",0))))) -> 0 | P11: =IF('Saving Throws'!J12="ST_Mages","Mage",IF('Saving Throws'!J12="ST_Roub","Roublard",IF('Saving Throws'!J12="ST_Pretres","Prêtre",IF('Saving Throws'!J12="ST_Psi","Psioniste",IF('Saving Throws'!J12="ST_War","Guerrier",0))))) -> 0 | AB11: =SUM(AB3:AB10) -> 0 | AE11: 9 | AF11: 0 | AJ11: Sag/Int | AK11: =VLOOKUP(Score_INTtion,Tab_comp_mod_score,2,FALSE) -> -5 | AL11: Score_INTtion | AQ11: Arc Pixie | AR11: compétence
A12: Dressage d'Animaux | B12: 1 | C12: SAG | D12: -1 | E12: Général | F12: 4 | G12: 5 | H12: =IF(VLOOKUP("Sag/Vol",Tab_comp_ajust_2.5,2,FALSE)>VLOOKUP("Cha/Mag",Tab_comp_ajust_2.5,2,FALSE),"Sag/Vol","Cha/Mag") -> Cha/Mag | AE12: 10 | AF12: 0 | AJ12: Cha/Cha | AK12: =VLOOKUP(Score_CHAr,Tab_comp_mod_score,2,FALSE) -> -5 | AL12: Score_CHAr | AQ12: Attrape-Homme | AR12: compétence
A13: Équitation, à Terre | B13: 1 | C13: SAG | D13: 3 | E13: Général | F13: 2 | G13: 8 | H13: =IF(VLOOKUP("Sag/Vol",Tab_comp_ajust_2.5,2,FALSE)>VLOOKUP("Dex/Équ",Tab_comp_ajust_2.5,2,FALSE),"Sag/Vol","Dex/Équ") -> Dex/Équ | AE13: 11 | AF13: 0 | AJ13: Cha/Mag | AK13: =VLOOKUP(Score_MAG,Tab_comp_mod_score,2,FALSE) -> -5 | AL13: Score_MAG | AQ13: Bardiche | AR13: compétence
A14: Équitation, en vol | B14: 2 | C14: SAG | D14: -2 | E14: Général | F14: 4 | G14: 5 | H14: =IF(VLOOKUP("Sag/Vol",Tab_comp_ajust_2.5,2,FALSE)>VLOOKUP("Dex/Équ",Tab_comp_ajust_2.5,2,FALSE),"Sag/Vol","Dex/Équ") -> Dex/Équ | AE14: 12 | AF14: 0 | AQ14: Barre flind | AR14: compétence
A15: Étiquette | B15: 1 | C15: CHA | D15: 0 | E15: Général | F15: 2 | G15: 8 | H15: =IF(VLOOKUP("Sag/Int",Tab_comp_ajust_2.5,2,FALSE)>VLOOKUP("Cha/Cha",Tab_comp_ajust_2.5,2,FALSE),"Sag/Int","Cha/Cha") -> Cha/Cha | R15: Général | S15: Guerrier | T15: Roublard | U15: Magicien | V15: Clerical | W15: Psionique | X15: Rien | AE15: 13 | AF15: 0 | AQ15: Bâton | AR15: compétence
A16: Expertise Maritime | B16: 1 | C16: DEX | D16: 1 | E16: Général | F16: 3 | G16: 8 | H16: =IF(VLOOKUP("Dex/Équ",Tab_comp_ajust_2.5,2,FALSE)>VLOOKUP("Sag/Int",Tab_comp_ajust_2.5,2,FALSE),"Dex/Équ","Sag/Int") -> Sag/Int | Q16: Classe 1: | R16: TRUE | S16: =IF(OR(Classe="Guerrier",Classe="Paladin",Classe="Rôdeur",Classe="Druide",Classe="Barde"),TRUE,FALSE) -> FALSE | T16: =IF(OR(Classe="Voleur",Classe="Barde"),TRUE,FALSE) -> FALSE | U16: =IF(OR(Classe="Rôdeur",Classe="Mage",Classe="Barde"),TRUE,FALSE) -> FALSE | V16: =IF(OR(Classe="Paladin",Classe="Clerc",Classe="Druide"),TRUE,FALSE) -> FALSE | W16: =IF(OR(Classe="Psioniste"),TRUE,FALSE) -> FALSE | X16: FALSE | AE16: 14 | AF16: 1 | AQ16: Bâton de Cornu (Sauriale) | AR16: compétence
A17: Ferronnerie | B17: 1 | C17: FOR | D17: 0 | E17: Général | F17: 4 | G17: 6 | H17: =IF(VLOOKUP("For/Pui",Tab_comp_ajust_2.5,2,FALSE)>VLOOKUP("Int/Éru",Tab_comp_ajust_2.5,2,FALSE),"For/Pui","Int/Éru") -> Int/Éru | Q17: Classe 2: | R17: TRUE | S17: =IF(OR(Classe2="Guerrier",Classe2="Paladin",Classe2="Rôdeur",Classe2="Druide",Classe2="Barde"),TRUE,FALSE) -> FALSE | T17: =IF(OR(Classe2="Voleur",Classe2="Barde"),TRUE,FALSE) -> FALSE | U17: =IF(OR(Classe2="Rôdeur",Classe2="Mage",Classe2="Barde"),TRUE,FALSE) -> FALSE | V17: =IF(OR(Classe2="Paladin",Classe2="Clerc",Classe2="Druide"),TRUE,FALSE) -> FALSE | W17: =IF(OR(Classe2="Psioniste"),TRUE,FALSE) -> FALSE | X17: FALSE | AE17: 15 | AF17: 2 | AQ17: Bec de corbin | AR17: compétence
A18: Héraldique | B18: 1 | C18: INT | D18: 0 | E18: Général | F18: 2 | G18: 8 | H18: Int/Éru | Q18: Classe 3: | R18: TRUE | S18: =IF(OR(Classe3="Guerrier",Classe3="Paladin",Classe3="Rôdeur",Classe3="Druide",Classe3="Barde"),TRUE,FALSE) -> FALSE | T18: =IF(OR(Classe3="Voleur",Classe3="Barde"),TRUE,FALSE) -> FALSE | U18: =IF(OR(Classe3="Rôdeur",Classe3="Mage",Classe3="Barde"),TRUE,FALSE) -> FALSE | V18: =IF(OR(Classe3="Paladin",Classe3="Clerc",Classe3="Druide"),TRUE,FALSE) -> FALSE | W18: =IF(OR(Classe3="Psioniste"),TRUE,FALSE) -> FALSE | X18: FALSE | AE18: 16 | AF18: 3 | AQ18: Bo | AR18: compétence
A19: Langues,Vivantes | B19: 1 | C19: INT | D19: 0 | E19: Général | F19: 2 | G19: 9 | H19: Int/Éru | AE19: 17 | AF19: 4 | AQ19: Bolas | AR19: compétence
A20: Maçonnerie | B20: 1 | C20: FOR | D20: -2 | E20: Général | F20: 4 | G20: 5 | H20: =IF(VLOOKUP("For/End",Tab_comp_ajust_2.5,2,FALSE)>VLOOKUP("Sag/Int",Tab_comp_ajust_2.5,2,FALSE),"For/End","Sag/Int") -> Sag/Int | AE20: 18 | AF20: 5 | AQ20: Cabillot | AR20: compétence
A21: Maîtrise des animaux | B21: 1 | C21: SAG | D21: -1 | E21: Général | F21: 3 | G21: 7 | H21: Sag/Vol | M21: Compétence | P21: Groupe | Q21: De classe | R21: Coût | S21: Amél. | T21: Compétence | W21: Groupe | X21: De classe | Y21: Coût | Z21: Amél. | AE21: 19 | AF21: 5 | AQ21: Ceste | AR21: compétence
A22: Maroquineries | B22: 1 | C22: INT | D22: 0 | E22: Général | F22: 3 | G22: 7 | H22: =IF(VLOOKUP("Dex/Pré",Tab_comp_ajust_2.5,2,FALSE)>VLOOKUP("Int/Éru",Tab_comp_ajust_2.5,2,FALSE),"Dex/Pré","Int/Éru") -> Int/Éru | M22: ='Feuille 1'!A68 -> 0 | P22: =IF(ISNA(VLOOKUP(M22,Comp_diverses_Full,5,FALSE)),"Rien",VLOOKUP(M22,Comp_diverses_Full,5,FALSE)) -> Rien | Q22: =IF(OR(HLOOKUP(P22,Tab_comp_groupe,2,FALSE)=TRUE,HLOOKUP(P22,Tab_comp_groupe,3,FALSE)=TRUE,HLOOKUP(P22,Tab_comp_groupe,4,FALSE)=TRUE),TRUE,FALSE) -> FALSE | R22: =IF(ISNA(VLOOKUP(M22,Comp_diverses_Full,2,FALSE)),0,IF(comp_vers="2.5",IF(Q22=TRUE,VLOOKUP(M22,Comp_diverses_Full,6,FALSE),VLOOKUP(M22,Comp_diverses_Full,6,FALSE)+2)+IF(INDIRECT(VLOOKUP(VLOOKUP(M22,Comp_diverses_Full,8,FALSE),Tab_comp_ajust_2.5,3,FALSE))<9,1,0),IF(Q22=TRUE,VLOOKUP(M22,Comp_diverses_Full,2,FALSE),VLOOKUP(M22,Comp_diverses_Full,2,FALSE)+1))) -> 0 | S22: ='Feuille 1'!L68 -> 0 | T22: ='Feuille 1'!N68 -> 0 | W22: =IF(ISNA(VLOOKUP(T22,Comp_diverses_Full,5,FALSE)),"Rien",VLOOKUP(T22,Comp_diverses_Full,5,FALSE)) -> Rien | X22: =IF(OR(HLOOKUP(W22,Tab_comp_groupe,2,FALSE)=TRUE,HLOOKUP(W22,Tab_comp_groupe,3,FALSE)=TRUE,HLOOKUP(W22,Tab_comp_groupe,4,FALSE)=TRUE),TRUE,FALSE) -> FALSE | Y22: =IF(ISNA(VLOOKUP(T22,Comp_diverses_Full,2,FALSE)),0,IF(comp_vers="2.5",IF(X22=TRUE,VLOOKUP(T22,Comp_diverses_Full,6,FALSE),VLOOKUP(T22,Comp_diverses_Full,6,FALSE)+2)+IF(INDIRECT(VLOOKUP(VLOOKUP(T22,Comp_diverses_Full,8,FALSE),Tab_comp_ajust_2.5,3,FALSE))<9,1,0),IF(X22=TRUE,VLOOKUP(T22,Comp_diverses_Full,2,FALSE),VLOOKUP(T22,Comp_diverses_Full,2,FALSE)+1))) -> 0 | Z22: ='Feuille 1'!Y68 -> 0 | AE22: 20 | AF22: 5 | AQ22: Cimeterre/Sabre | AR22: compétence
A23: Météorologie | B23: 1 | C23: SAG | D23: -1 | E23: Général | F23: 2 | G23: 7 | H23: Sag/Int | M23: ='Feuille 1'!A69 -> 0 | P23: =IF(ISNA(VLOOKUP(M23,Comp_diverses_Full,5,FALSE)),"Rien",VLOOKUP(M23,Comp_diverses_Full,5,FALSE)) -> Rien | Q23: =IF(OR(HLOOKUP(P23,Tab_comp_groupe,2,FALSE)=TRUE,HLOOKUP(P23,Tab_comp_groupe,3,FALSE)=TRUE,HLOOKUP(P23,Tab_comp_groupe,4,FALSE)=TRUE),TRUE,FALSE) -> FALSE | R23: =IF(ISNA(VLOOKUP(M23,Comp_diverses_Full,2,FALSE)),0,IF(comp_vers="2.5",IF(Q23=TRUE,VLOOKUP(M23,Comp_diverses_Full,6,FALSE),VLOOKUP(M23,Comp_diverses_Full,6,FALSE)+2)+IF(INDIRECT(VLOOKUP(VLOOKUP(M23,Comp_diverses_Full,8,FALSE),Tab_comp_ajust_2.5,3,FALSE))<9,1,0),IF(Q23=TRUE,VLOOKUP(M23,Comp_diverses_Full,2,FALSE),VLOOKUP(M23,Comp_diverses_Full,2,FALSE)+1))) -> 0 | S23: ='Feuille 1'!L69 -> 0 | T23: ='Feuille 1'!N69 -> 0 | W23: =IF(ISNA(VLOOKUP(T23,Comp_diverses_Full,5,FALSE)),"Rien",VLOOKUP(T23,Comp_diverses_Full,5,FALSE)) -> Rien | X23: =IF(OR(HLOOKUP(W23,Tab_comp_groupe,2,FALSE)=TRUE,HLOOKUP(W23,Tab_comp_groupe,3,FALSE)=TRUE,HLOOKUP(W23,Tab_comp_groupe,4,FALSE)=TRUE),TRUE,FALSE) -> FALSE | Y23: =IF(ISNA(VLOOKUP(T23,Comp_diverses_Full,2,FALSE)),0,IF(comp_vers="2.5",IF(X23=TRUE,VLOOKUP(T23,Comp_diverses_Full,6,FALSE),VLOOKUP(T23,Comp_diverses_Full,6,FALSE)+2)+IF(INDIRECT(VLOOKUP(VLOOKUP(T23,Comp_diverses_Full,8,FALSE),Tab_comp_ajust_2.5,3,FALSE))<9,1,0),IF(X23=TRUE,VLOOKUP(T23,Comp_diverses_Full,2,FALSE),VLOOKUP(T23,Comp_diverses_Full,2,FALSE)+1))) -> 0 | Z23: ='Feuille 1'!Y69 -> 0 | AE23: 21 | AF23: 5 | AQ23: Coupe-coup | AR23: compétence
A24: Mines | B24: 2 | C24: SAG | D24: -3 | E24: Général | F24: 5 | G24: 5 | H24: =IF(VLOOKUP("For/End",Tab_comp_ajust_2.5,2,FALSE)>VLOOKUP("Sag/Int",Tab_comp_ajust_2.5,2,FALSE),"For/End","Sag/Int") -> Sag/Int | M24: ='Feuille 1'!A70 -> 0 | P24: =IF(ISNA(VLOOKUP(M24,Comp_diverses_Full,5,FALSE)),"Rien",VLOOKUP(M24,Comp_diverses_Full,5,FALSE)) -> Rien | Q24: =IF(OR(HLOOKUP(P24,Tab_comp_groupe,2,FALSE)=TRUE,HLOOKUP(P24,Tab_comp_groupe,3,FALSE)=TRUE,HLOOKUP(P24,Tab_comp_groupe,4,FALSE)=TRUE),TRUE,FALSE) -> FALSE | R24: =IF(ISNA(VLOOKUP(M24,Comp_diverses_Full,2,FALSE)),0,IF(comp_vers="2.5",IF(Q24=TRUE,VLOOKUP(M24,Comp_diverses_Full,6,FALSE),VLOOKUP(M24,Comp_diverses_Full,6,FALSE)+2)+IF(INDIRECT(VLOOKUP(VLOOKUP(M24,Comp_diverses_Full,8,FALSE),Tab_comp_ajust_2.5,3,FALSE))<9,1,0),IF(Q24=TRUE,VLOOKUP(M24,Comp_diverses_Full,2,FALSE),VLOOKUP(M24,Comp_diverses_Full,2,FALSE)+1))) -> 0 | S24: ='Feuille 1'!L70 -> 0 | T24: ='Feuille 1'!N70 -> 0 | W24: =IF(ISNA(VLOOKUP(T24,Comp_diverses_Full,5,FALSE)),"Rien",VLOOKUP(T24,Comp_diverses_Full,5,FALSE)) -> Rien | X24: =IF(OR(HLOOKUP(W24,Tab_comp_groupe,2,FALSE)=TRUE,HLOOKUP(W24,Tab_comp_groupe,3,FALSE)=TRUE,HLOOKUP(W24,Tab_comp_groupe,4,FALSE)=TRUE),TRUE,FALSE) -> FALSE | Y24: =IF(ISNA(VLOOKUP(T24,Comp_diverses_Full,2,FALSE)),0,IF(comp_vers="2.5",IF(X24=TRUE,VLOOKUP(T24,Comp_diverses_Full,6,FALSE),VLOOKUP(T24,Comp_diverses_Full,6,FALSE)+2)+IF(INDIRECT(VLOOKUP(VLOOKUP(T24,Comp_diverses_Full,8,FALSE),Tab_comp_ajust_2.5,3,FALSE))<9,1,0),IF(X24=TRUE,VLOOKUP(T24,Comp_diverses_Full,2,FALSE),VLOOKUP(T24,Comp_diverses_Full,2,FALSE)+1))) -> 0 | Z24: ='Feuille 1'!Y70 -> 0 | AE24: 22 | AF24: 5 | AQ24: Couteau | AR24: compétence
A25: Natation | B25: 1 | C25: FOR | D25: 0 | E25: Général | F25: 2 | G25: 9 | H25: For/End | M25: ='Feuille 1'!A71 -> 0 | P25: =IF(ISNA(VLOOKUP(M25,Comp_diverses_Full,5,FALSE)),"Rien",VLOOKUP(M25,Comp_diverses_Full,5,FALSE)) -> Rien | Q25: =IF(OR(HLOOKUP(P25,Tab_comp_groupe,2,FALSE)=TRUE,HLOOKUP(P25,Tab_comp_groupe,3,FALSE)=TRUE,HLOOKUP(P25,Tab_comp_groupe,4,FALSE)=TRUE),TRUE,FALSE) -> FALSE | R25: =IF(ISNA(VLOOKUP(M25,Comp_diverses_Full,2,FALSE)),0,IF(comp_vers="2.5",IF(Q25=TRUE,VLOOKUP(M25,Comp_diverses_Full,6,FALSE),VLOOKUP(M25,Comp_diverses_Full,6,FALSE)+2)+IF(INDIRECT(VLOOKUP(VLOOKUP(M25,Comp_diverses_Full,8,FALSE),Tab_comp_ajust_2.5,3,FALSE))<9,1,0),IF(Q25=TRUE,VLOOKUP(M25,Comp_diverses_Full,2,FALSE),VLOOKUP(M25,Comp_diverses_Full,2,FALSE)+1))) -> 0 | S25: ='Feuille 1'!L71 -> 0 | T25: ='Feuille 1'!N71 -> 0 | W25: =IF(ISNA(VLOOKUP(T25,Comp_diverses_Full,5,FALSE)),"Rien",VLOOKUP(T25,Comp_diverses_Full,5,FALSE)) -> Rien | X25: =IF(OR(HLOOKUP(W25,Tab_comp_groupe,2,FALSE)=TRUE,HLOOKUP(W25,Tab_comp_groupe,3,FALSE)=TRUE,HLOOKUP(W25,Tab_comp_groupe,4,FALSE)=TRUE),TRUE,FALSE) -> FALSE | Y25: =IF(ISNA(VLOOKUP(T25,Comp_diverses_Full,2,FALSE)),0,IF(comp_vers="2.5",IF(X25=TRUE,VLOOKUP(T25,Comp_diverses_Full,6,FALSE),VLOOKUP(T25,Comp_diverses_Full,6,FALSE)+2)+IF(INDIRECT(VLOOKUP(VLOOKUP(T25,Comp_diverses_Full,8,FALSE),Tab_comp_ajust_2.5,3,FALSE))<9,1,0),IF(X25=TRUE,VLOOKUP(T25,Comp_diverses_Full,2,FALSE),VLOOKUP(T25,Comp_diverses_Full,2,FALSE)+1))) -> 0 | Z25: ='Feuille 1'!Y71 -> 0 | AE25: 23 | AF25: 5 | AQ25: Couteau (en os) | AR25: compétence
A26: Pêche | B26: 1 | C26: SAG | D26: -1 | E26: Général | F26: 3 | G26: 6 | H26: =IF(VLOOKUP("Sag/Int",Tab_comp_ajust_2.5,2,FALSE)>VLOOKUP("Int/Éru",Tab_comp_ajust_2.5,2,FALSE),"Sag/Int","Int/Éru") -> Int/Éru | M26: ='Feuille 1'!A72 -> 0 | P26: =IF(ISNA(VLOOKUP(M26,Comp_diverses_Full,5,FALSE)),"Rien",VLOOKUP(M26,Comp_diverses_Full,5,FALSE)) -> Rien | Q26: =IF(OR(HLOOKUP(P26,Tab_comp_groupe,2,FALSE)=TRUE,HLOOKUP(P26,Tab_comp_groupe,3,FALSE)=TRUE,HLOOKUP(P26,Tab_comp_groupe,4,FALSE)=TRUE),TRUE,FALSE) -> FALSE | R26: =IF(ISNA(VLOOKUP(M26,Comp_diverses_Full,2,FALSE)),0,IF(comp_vers="2.5",IF(Q26=TRUE,VLOOKUP(M26,Comp_diverses_Full,6,FALSE),VLOOKUP(M26,Comp_diverses_Full,6,FALSE)+2)+IF(INDIRECT(VLOOKUP(VLOOKUP(M26,Comp_diverses_Full,8,FALSE),Tab_comp_ajust_2.5,3,FALSE))<9,1,0),IF(Q26=TRUE,VLOOKUP(M26,Comp_diverses_Full,2,FALSE),VLOOKUP(M26,Comp_diverses_Full,2,FALSE)+1))) -> 0 | S26: ='Feuille 1'!L72 -> 0 | T26: ='Feuille 1'!N72 -> 0 | W26: =IF(ISNA(VLOOKUP(T26,Comp_diverses_Full,5,FALSE)),"Rien",VLOOKUP(T26,Comp_diverses_Full,5,FALSE)) -> Rien | X26: =IF(OR(HLOOKUP(W26,Tab_comp_groupe,2,FALSE)=TRUE,HLOOKUP(W26,Tab_comp_groupe,3,FALSE)=TRUE,HLOOKUP(W26,Tab_comp_groupe,4,FALSE)=TRUE),TRUE,FALSE) -> FALSE | Y26: =IF(ISNA(VLOOKUP(T26,Comp_diverses_Full,2,FALSE)),0,IF(comp_vers="2.5",IF(X26=TRUE,VLOOKUP(T26,Comp_diverses_Full,6,FALSE),VLOOKUP(T26,Comp_diverses_Full,6,FALSE)+2)+IF(INDIRECT(VLOOKUP(VLOOKUP(T26,Comp_diverses_Full,8,FALSE),Tab_comp_ajust_2.5,3,FALSE))<9,1,0),IF(X26=TRUE,VLOOKUP(T26,Comp_diverses_Full,2,FALSE),VLOOKUP(T26,Comp_diverses_Full,2,FALSE)+1))) -> 0 | Z26: ='Feuille 1'!Y72 -> 0 | AE26: 24 | AF26: 5 | AQ26: Couteau (en pierre) | AR26: compétence
A27: Poterie | B27: 1 | C27: DEX | D27: -2 | E27: Général | F27: 3 | G27: 7 | H27: Dex/Pré | M27: ='Feuille 1'!A73 -> 0 | P27: =IF(ISNA(VLOOKUP(M27,Comp_diverses_Full,5,FALSE)),"Rien",VLOOKUP(M27,Comp_diverses_Full,5,FALSE)) -> Rien | Q27: =IF(OR(HLOOKUP(P27,Tab_comp_groupe,2,FALSE)=TRUE,HLOOKUP(P27,Tab_comp_groupe,3,FALSE)=TRUE,HLOOKUP(P27,Tab_comp_groupe,4,FALSE)=TRUE),TRUE,FALSE) -> FALSE | R27: =IF(ISNA(VLOOKUP(M27,Comp_diverses_Full,2,FALSE)),0,IF(comp_vers="2.5",IF(Q27=TRUE,VLOOKUP(M27,Comp_diverses_Full,6,FALSE),VLOOKUP(M27,Comp_diverses_Full,6,FALSE)+2)+IF(INDIRECT(VLOOKUP(VLOOKUP(M27,Comp_diverses_Full,8,FALSE),Tab_comp_ajust_2.5,3,FALSE))<9,1,0),IF(Q27=TRUE,VLOOKUP(M27,Comp_diverses_Full,2,FALSE),VLOOKUP(M27,Comp_diverses_Full,2,FALSE)+1))) -> 0 | S27: ='Feuille 1'!L73 -> 0 | T27: ='Feuille 1'!N73 -> 0 | W27: =IF(ISNA(VLOOKUP(T27,Comp_diverses_Full,5,FALSE)),"Rien",VLOOKUP(T27,Comp_diverses_Full,5,FALSE)) -> Rien | X27: =IF(OR(HLOOKUP(W27,Tab_comp_groupe,2,FALSE)=TRUE,HLOOKUP(W27,Tab_comp_groupe,3,FALSE)=TRUE,HLOOKUP(W27,Tab_comp_groupe,4,FALSE)=TRUE),TRUE,FALSE) -> FALSE | Y27: =IF(ISNA(VLOOKUP(T27,Comp_diverses_Full,2,FALSE)),0,IF(comp_vers="2.5",IF(X27=TRUE,VLOOKUP(T27,Comp_diverses_Full,6,FALSE),VLOOKUP(T27,Comp_diverses_Full,6,FALSE)+2)+IF(INDIRECT(VLOOKUP(VLOOKUP(T27,Comp_diverses_Full,8,FALSE),Tab_comp_ajust_2.5,3,FALSE))<9,1,0),IF(X27=TRUE,VLOOKUP(T27,Comp_diverses_Full,2,FALSE),VLOOKUP(T27,Comp_diverses_Full,2,FALSE)+1))) -> 0 | Z27: ='Feuille 1'!Y73 -> 0 | AE27: 25 | AF27: 5 | AQ27: Crochet (attaché) | AR27: compétence
A28: Sens de l'orientation | B28: 1 | C28: SAG | D28: =1 -> 1 | E28: Général | F28: 3 | G28: 7 | H28: =IF(VLOOKUP("Sag/Int",Tab_comp_ajust_2.5,2,FALSE)>VLOOKUP("Int/Éru",Tab_comp_ajust_2.5,2,FALSE),"Sag/Int","Int/Éru") -> Int/Éru | M28: ='Feuille 1'!A74 -> 0 | P28: =IF(ISNA(VLOOKUP(M28,Comp_diverses_Full,5,FALSE)),"Rien",VLOOKUP(M28,Comp_diverses_Full,5,FALSE)) -> Rien | Q28: =IF(OR(HLOOKUP(P28,Tab_comp_groupe,2,FALSE)=TRUE,HLOOKUP(P28,Tab_comp_groupe,3,FALSE)=TRUE,HLOOKUP(P28,Tab_comp_groupe,4,FALSE)=TRUE),TRUE,FALSE) -> FALSE | R28: =IF(ISNA(VLOOKUP(M28,Comp_diverses_Full,2,FALSE)),0,IF(comp_vers="2.5",IF(Q28=TRUE,VLOOKUP(M28,Comp_diverses_Full,6,FALSE),VLOOKUP(M28,Comp_diverses_Full,6,FALSE)+2)+IF(INDIRECT(VLOOKUP(VLOOKUP(M28,Comp_diverses_Full,8,FALSE),Tab_comp_ajust_2.5,3,FALSE))<9,1,0),IF(Q28=TRUE,VLOOKUP(M28,Comp_diverses_Full,2,FALSE),VLOOKUP(M28,Comp_diverses_Full,2,FALSE)+1))) -> 0 | S28: ='Feuille 1'!L74 -> 0 | T28: ='Feuille 1'!N74 -> 0 | W28: =IF(ISNA(VLOOKUP(T28,Comp_diverses_Full,5,FALSE)),"Rien",VLOOKUP(T28,Comp_diverses_Full,5,FALSE)) -> Rien | X28: =IF(OR(HLOOKUP(W28,Tab_comp_groupe,2,FALSE)=TRUE,HLOOKUP(W28,Tab_comp_groupe,3,FALSE)=TRUE,HLOOKUP(W28,Tab_comp_groupe,4,FALSE)=TRUE),TRUE,FALSE) -> FALSE | Y28: =IF(ISNA(VLOOKUP(T28,Comp_diverses_Full,2,FALSE)),0,IF(comp_vers="2.5",IF(X28=TRUE,VLOOKUP(T28,Comp_diverses_Full,6,FALSE),VLOOKUP(T28,Comp_diverses_Full,6,FALSE)+2)+IF(INDIRECT(VLOOKUP(VLOOKUP(T28,Comp_diverses_Full,8,FALSE),Tab_comp_ajust_2.5,3,FALSE))<9,1,0),IF(X28=TRUE,VLOOKUP(T28,Comp_diverses_Full,2,FALSE),VLOOKUP(T28,Comp_diverses_Full,2,FALSE)+1))) -> 0 | Z28: ='Feuille 1'!Y74 -> 0 | AE28: ="" | AF28: -5 | AQ28: Crochet (tenu) | AR28: compétence
A29: Tissage | B29: 1 | C29: INT | D29: -1 | E29: Général | F29: 3 | G29: 6 | H29: =IF(VLOOKUP("Dex/Pré",Tab_comp_ajust_2.5,2,FALSE)>VLOOKUP("Int/Int",Tab_comp_ajust_2.5,2,FALSE),"Dex/Pré","Int/Int") -> Int/Int | M29: ='Feuille 1'!A75 -> 0 | P29: =IF(ISNA(VLOOKUP(M29,Comp_diverses_Full,5,FALSE)),"Rien",VLOOKUP(M29,Comp_diverses_Full,5,FALSE)) -> Rien | Q29: =IF(OR(HLOOKUP(P29,Tab_comp_groupe,2,FALSE)=TRUE,HLOOKUP(P29,Tab_comp_groupe,3,FALSE)=TRUE,HLOOKUP(P29,Tab_comp_groupe,4,FALSE)=TRUE),TRUE,FALSE) -> FALSE | R29: =IF(ISNA(VLOOKUP(M29,Comp_diverses_Full,2,FALSE)),0,IF(comp_vers="2.5",IF(Q29=TRUE,VLOOKUP(M29,Comp_diverses_Full,6,FALSE),VLOOKUP(M29,Comp_diverses_Full,6,FALSE)+2)+IF(INDIRECT(VLOOKUP(VLOOKUP(M29,Comp_diverses_Full,8,FALSE),Tab_comp_ajust_2.5,3,FALSE))<9,1,0),IF(Q29=TRUE,VLOOKUP(M29,Comp_diverses_Full,2,FALSE),VLOOKUP(M29,Comp_diverses_Full,2,FALSE)+1))) -> 0 | S29: ='Feuille 1'!L75 -> 0 | T29: ='Feuille 1'!N75 -> 0 | W29: =IF(ISNA(VLOOKUP(T29,Comp_diverses_Full,5,FALSE)),"Rien",VLOOKUP(T29,Comp_diverses_Full,5,FALSE)) -> Rien | X29: =IF(OR(HLOOKUP(W29,Tab_comp_groupe,2,FALSE)=TRUE,HLOOKUP(W29,Tab_comp_groupe,3,FALSE)=TRUE,HLOOKUP(W29,Tab_comp_groupe,4,FALSE)=TRUE),TRUE,FALSE) -> FALSE | Y29: =IF(ISNA(VLOOKUP(T29,Comp_diverses_Full,2,FALSE)),0,IF(comp_vers="2.5",IF(X29=TRUE,VLOOKUP(T29,Comp_diverses_Full,6,FALSE),VLOOKUP(T29,Comp_diverses_Full,6,FALSE)+2)+IF(INDIRECT(VLOOKUP(VLOOKUP(T29,Comp_diverses_Full,8,FALSE),Tab_comp_ajust_2.5,3,FALSE))<9,1,0),IF(X29=TRUE,VLOOKUP(T29,Comp_diverses_Full,2,FALSE),VLOOKUP(T29,Comp_diverses_Full,2,FALSE)+1))) -> 0 | Z29: ='Feuille 1'!Y75 -> 0 | AE29: ="1" -> 1 | AF29: -5 | AQ29: Dague - Main-gauche | AR29: compétence
A30: Utilisation des cordes | B30: 1 | C30: DEX | D30: 0 | E30: Général | F30: 2 | G30: 8 | H30: =IF(VLOOKUP("Dex/Pré",Tab_comp_ajust_2.5,2,FALSE)>VLOOKUP("Sag/Int",Tab_comp_ajust_2.5,2,FALSE),"Dex/Pré","Sag/Int") -> Sag/Int | M30: ='Feuille 1'!A76 -> 0 | P30: =IF(ISNA(VLOOKUP(M30,Comp_diverses_Full,5,FALSE)),"Rien",VLOOKUP(M30,Comp_diverses_Full,5,FALSE)) -> Rien | Q30: =IF(OR(HLOOKUP(P30,Tab_comp_groupe,2,FALSE)=TRUE,HLOOKUP(P30,Tab_comp_groupe,3,FALSE)=TRUE,HLOOKUP(P30,Tab_comp_groupe,4,FALSE)=TRUE),TRUE,FALSE) -> FALSE | R30: =IF(ISNA(VLOOKUP(M30,Comp_diverses_Full,2,FALSE)),0,IF(comp_vers="2.5",IF(Q30=TRUE,VLOOKUP(M30,Comp_diverses_Full,6,FALSE),VLOOKUP(M30,Comp_diverses_Full,6,FALSE)+2)+IF(INDIRECT(VLOOKUP(VLOOKUP(M30,Comp_diverses_Full,8,FALSE),Tab_comp_ajust_2.5,3,FALSE))<9,1,0),IF(Q30=TRUE,VLOOKUP(M30,Comp_diverses_Full,2,FALSE),VLOOKUP(M30,Comp_diverses_Full,2,FALSE)+1))) -> 0 | S30: ='Feuille 1'!L76 -> 0 | T30: ='Feuille 1'!N76 -> 0 | W30: =IF(ISNA(VLOOKUP(T30,Comp_diverses_Full,5,FALSE)),"Rien",VLOOKUP(T30,Comp_diverses_Full,5,FALSE)) -> Rien | X30: =IF(OR(HLOOKUP(W30,Tab_comp_groupe,2,FALSE)=TRUE,HLOOKUP(W30,Tab_comp_groupe,3,FALSE)=TRUE,HLOOKUP(W30,Tab_comp_groupe,4,FALSE)=TRUE),TRUE,FALSE) -> FALSE | Y30: =IF(ISNA(VLOOKUP(T30,Comp_diverses_Full,2,FALSE)),0,IF(comp_vers="2.5",IF(X30=TRUE,VLOOKUP(T30,Comp_diverses_Full,6,FALSE),VLOOKUP(T30,Comp_diverses_Full,6,FALSE)+2)+IF(INDIRECT(VLOOKUP(VLOOKUP(T30,Comp_diverses_Full,8,FALSE),Tab_comp_ajust_2.5,3,FALSE))<9,1,0),IF(X30=TRUE,VLOOKUP(T30,Comp_diverses_Full,2,FALSE),VLOOKUP(T30,Comp_diverses_Full,2,FALSE)+1))) -> 0 | Z30: ='Feuille 1'!Y76 -> 0 | AE30: ="2" -> 2 | AF30: -5 | AQ30: Dague (en os) | AR30: compétence
M31: ='Feuille 1'!A77 -> 0 | P31: =IF(ISNA(VLOOKUP(M31,Comp_diverses_Full,5,FALSE)),"Rien",VLOOKUP(M31,Comp_diverses_Full,5,FALSE)) -> Rien | Q31: =IF(OR(HLOOKUP(P31,Tab_comp_groupe,2,FALSE)=TRUE,HLOOKUP(P31,Tab_comp_groupe,3,FALSE)=TRUE,HLOOKUP(P31,Tab_comp_groupe,4,FALSE)=TRUE),TRUE,FALSE) -> FALSE | R31: =IF(ISNA(VLOOKUP(M31,Comp_diverses_Full,2,FALSE)),0,IF(comp_vers="2.5",IF(Q31=TRUE,VLOOKUP(M31,Comp_diverses_Full,6,FALSE),VLOOKUP(M31,Comp_diverses_Full,6,FALSE)+2)+IF(INDIRECT(VLOOKUP(VLOOKUP(M31,Comp_diverses_Full,8,FALSE),Tab_comp_ajust_2.5,3,FALSE))<9,1,0),IF(Q31=TRUE,VLOOKUP(M31,Comp_diverses_Full,2,FALSE),VLOOKUP(M31,Comp_diverses_Full,2,FALSE)+1))) -> 0 | S31: ='Feuille 1'!L77 -> 0 | T31: ='Feuille 1'!N77 -> 0 | W31: =IF(ISNA(VLOOKUP(T31,Comp_diverses_Full,5,FALSE)),"Rien",VLOOKUP(T31,Comp_diverses_Full,5,FALSE)) -> Rien | X31: =IF(OR(HLOOKUP(W31,Tab_comp_groupe,2,FALSE)=TRUE,HLOOKUP(W31,Tab_comp_groupe,3,FALSE)=TRUE,HLOOKUP(W31,Tab_comp_groupe,4,FALSE)=TRUE),TRUE,FALSE) -> FALSE | Y31: =IF(ISNA(VLOOKUP(T31,Comp_diverses_Full,2,FALSE)),0,IF(comp_vers="2.5",IF(X31=TRUE,VLOOKUP(T31,Comp_diverses_Full,6,FALSE),VLOOKUP(T31,Comp_diverses_Full,6,FALSE)+2)+IF(INDIRECT(VLOOKUP(VLOOKUP(T31,Comp_diverses_Full,8,FALSE),Tab_comp_ajust_2.5,3,FALSE))<9,1,0),IF(X31=TRUE,VLOOKUP(T31,Comp_diverses_Full,2,FALSE),VLOOKUP(T31,Comp_diverses_Full,2,FALSE)+1))) -> 0 | Z31: ='Feuille 1'!Y77 -> 0 | AE31: ="3" -> 3 | AF31: -5 | AQ31: Dague (en pierre) | AR31: compétence
A32: GUERRIER | M32: ='Feuille 1'!A78 -> 0 | P32: =IF(ISNA(VLOOKUP(M32,Comp_diverses_Full,5,FALSE)),"Rien",VLOOKUP(M32,Comp_diverses_Full,5,FALSE)) -> Rien | Q32: =IF(OR(HLOOKUP(P32,Tab_comp_groupe,2,FALSE)=TRUE,HLOOKUP(P32,Tab_comp_groupe,3,FALSE)=TRUE,HLOOKUP(P32,Tab_comp_groupe,4,FALSE)=TRUE),TRUE,FALSE) -> FALSE | R32: =IF(ISNA(VLOOKUP(M32,Comp_diverses_Full,2,FALSE)),0,IF(comp_vers="2.5",IF(Q32=TRUE,VLOOKUP(M32,Comp_diverses_Full,6,FALSE),VLOOKUP(M32,Comp_diverses_Full,6,FALSE)+2)+IF(INDIRECT(VLOOKUP(VLOOKUP(M32,Comp_diverses_Full,8,FALSE),Tab_comp_ajust_2.5,3,FALSE))<9,1,0),IF(Q32=TRUE,VLOOKUP(M32,Comp_diverses_Full,2,FALSE),VLOOKUP(M32,Comp_diverses_Full,2,FALSE)+1))) -> 0 | S32: ='Feuille 1'!L78 -> 0 | T32: ='Feuille 1'!N78 -> 0 | W32: =IF(ISNA(VLOOKUP(T32,Comp_diverses_Full,5,FALSE)),"Rien",VLOOKUP(T32,Comp_diverses_Full,5,FALSE)) -> Rien | X32: =IF(OR(HLOOKUP(W32,Tab_comp_groupe,2,FALSE)=TRUE,HLOOKUP(W32,Tab_comp_groupe,3,FALSE)=TRUE,HLOOKUP(W32,Tab_comp_groupe,4,FALSE)=TRUE),TRUE,FALSE) -> FALSE | Y32: =IF(ISNA(VLOOKUP(T32,Comp_diverses_Full,2,FALSE)),0,IF(comp_vers="2.5",IF(X32=TRUE,VLOOKUP(T32,Comp_diverses_Full,6,FALSE),VLOOKUP(T32,Comp_diverses_Full,6,FALSE)+2)+IF(INDIRECT(VLOOKUP(VLOOKUP(T32,Comp_diverses_Full,8,FALSE),Tab_comp_ajust_2.5,3,FALSE))<9,1,0),IF(X32=TRUE,VLOOKUP(T32,Comp_diverses_Full,2,FALSE),VLOOKUP(T32,Comp_diverses_Full,2,FALSE)+1))) -> 0 | Z32: ='Feuille 1'!Y78 -> 0 | AE32: ="4" -> 4 | AF32: -4 | AQ32: Dague de semi-géant | AR32: compétence
A33: Alpinisme | B33: 1 | C33: NA | D33: NA | E33: Guerrier | F33: 4 | G33: 7 | H33: =IF(VLOOKUP("For/End",Tab_comp_ajust_2.5,2,FALSE)>VLOOKUP("Sag/Vol",Tab_comp_ajust_2.5,2,FALSE),"For/End","Sag/Vol") -> Sag/Vol | M33: ='Feuille 1'!A79 -> 0 | P33: =IF(ISNA(VLOOKUP(M33,Comp_diverses_Full,5,FALSE)),"Rien",VLOOKUP(M33,Comp_diverses_Full,5,FALSE)) -> Rien | Q33: =IF(OR(HLOOKUP(P33,Tab_comp_groupe,2,FALSE)=TRUE,HLOOKUP(P33,Tab_comp_groupe,3,FALSE)=TRUE,HLOOKUP(P33,Tab_comp_groupe,4,FALSE)=TRUE),TRUE,FALSE) -> FALSE | R33: =IF(ISNA(VLOOKUP(M33,Comp_diverses_Full,2,FALSE)),0,IF(comp_vers="2.5",IF(Q33=TRUE,VLOOKUP(M33,Comp_diverses_Full,6,FALSE),VLOOKUP(M33,Comp_diverses_Full,6,FALSE)+2)+IF(INDIRECT(VLOOKUP(VLOOKUP(M33,Comp_diverses_Full,8,FALSE),Tab_comp_ajust_2.5,3,FALSE))<9,1,0),IF(Q33=TRUE,VLOOKUP(M33,Comp_diverses_Full,2,FALSE),VLOOKUP(M33,Comp_diverses_Full,2,FALSE)+1))) -> 0 | S33: ='Feuille 1'!L79 -> 0 | T33: ='Feuille 1'!N79 -> 0 | W33: =IF(ISNA(VLOOKUP(T33,Comp_diverses_Full,5,FALSE)),"Rien",VLOOKUP(T33,Comp_diverses_Full,5,FALSE)) -> Rien | X33: =IF(OR(HLOOKUP(W33,Tab_comp_groupe,2,FALSE)=TRUE,HLOOKUP(W33,Tab_comp_groupe,3,FALSE)=TRUE,HLOOKUP(W33,Tab_comp_groupe,4,FALSE)=TRUE),TRUE,FALSE) -> FALSE | Y33: =IF(ISNA(VLOOKUP(T33,Comp_diverses_Full,2,FALSE)),0,IF(comp_vers="2.5",IF(X33=TRUE,VLOOKUP(T33,Comp_diverses_Full,6,FALSE),VLOOKUP(T33,Comp_diverses_Full,6,FALSE)+2)+IF(INDIRECT(VLOOKUP(VLOOKUP(T33,Comp_diverses_Full,8,FALSE),Tab_comp_ajust_2.5,3,FALSE))<9,1,0),IF(X33=TRUE,VLOOKUP(T33,Comp_diverses_Full,2,FALSE),VLOOKUP(T33,Comp_diverses_Full,2,FALSE)+1))) -> 0 | Z33: ='Feuille 1'!Y79 -> 0 | AE33: ="5" -> 5 | AF33: -3 | AQ33: Dague ou Coutelas | AR33: compétence
A34: Armurerie | B34: 2 | C34: INT | D34: -2 | E34: Guerrier | F34: 5 | G34: 5 | H34: =IF(VLOOKUP("For/Pui",Tab_comp_ajust_2.5,2,FALSE)>VLOOKUP("Int/Éru",Tab_comp_ajust_2.5,2,FALSE),"For/Pui","Int/Éru") -> Int/Éru | M34: ='Feuille 1'!A80 -> 0 | P34: =IF(ISNA(VLOOKUP(M34,Comp_diverses_Full,5,FALSE)),"Rien",VLOOKUP(M34,Comp_diverses_Full,5,FALSE)) -> Rien | Q34: =IF(OR(HLOOKUP(P34,Tab_comp_groupe,2,FALSE)=TRUE,HLOOKUP(P34,Tab_comp_groupe,3,FALSE)=TRUE,HLOOKUP(P34,Tab_comp_groupe,4,FALSE)=TRUE),TRUE,FALSE) -> FALSE | R34: =IF(ISNA(VLOOKUP(M34,Comp_diverses_Full,2,FALSE)),0,IF(comp_vers="2.5",IF(Q34=TRUE,VLOOKUP(M34,Comp_diverses_Full,6,FALSE),VLOOKUP(M34,Comp_diverses_Full,6,FALSE)+2)+IF(INDIRECT(VLOOKUP(VLOOKUP(M34,Comp_diverses_Full,8,FALSE),Tab_comp_ajust_2.5,3,FALSE))<9,1,0),IF(Q34=TRUE,VLOOKUP(M34,Comp_diverses_Full,2,FALSE),VLOOKUP(M34,Comp_diverses_Full,2,FALSE)+1))) -> 0 | S34: ='Feuille 1'!L80 -> 0 | T34: ='Feuille 1'!N80 -> 0 | W34: =IF(ISNA(VLOOKUP(T34,Comp_diverses_Full,5,FALSE)),"Rien",VLOOKUP(T34,Comp_diverses_Full,5,FALSE)) -> Rien | X34: =IF(OR(HLOOKUP(W34,Tab_comp_groupe,2,FALSE)=TRUE,HLOOKUP(W34,Tab_comp_groupe,3,FALSE)=TRUE,HLOOKUP(W34,Tab_comp_groupe,4,FALSE)=TRUE),TRUE,FALSE) -> FALSE | Y34: =IF(ISNA(VLOOKUP(T34,Comp_diverses_Full,2,FALSE)),0,IF(comp_vers="2.5",IF(X34=TRUE,VLOOKUP(T34,Comp_diverses_Full,6,FALSE),VLOOKUP(T34,Comp_diverses_Full,6,FALSE)+2)+IF(INDIRECT(VLOOKUP(VLOOKUP(T34,Comp_diverses_Full,8,FALSE),Tab_comp_ajust_2.5,3,FALSE))<9,1,0),IF(X34=TRUE,VLOOKUP(T34,Comp_diverses_Full,2,FALSE),VLOOKUP(T34,Comp_diverses_Full,2,FALSE)+1))) -> 0 | Z34: ='Feuille 1'!Y80 -> 0 | AE34: ="6" -> 6 | AF34: -2 | AQ34: Daikyu | AR34: compétence
A35: Chasse | B35: 1 | C35: SAG | D35: =1 -> 1 | E35: Guerrier | F35: 2 | G35: 7 | H35: Sag/Int | AE35: ="7" -> 7 | AF35: -1 | AQ35: Doloire* | AR35: compétence
A36: Combat à l'aveugle (Guerrier) | B36: 2 | C36: NA | D36: NA | E36: Guerrier | F36: 4 | G36: =IF(H36="Dex/Équ","NA",6) -> 6 | H36: =IF(VLOOKUP("Dex/Équ",Tab_comp_ajust_2.5,2,FALSE)>VLOOKUP("Sag/Int",Tab_comp_ajust_2.5,2,FALSE),"Dex/Équ","Sag/Int") -> Sag/Int | Y36: =SUM(R22:R35,Y22:Y35)+SUM(S22:S35,Z22:Z35) -> 0 | AE36: ="8" -> 8 | AF36: 0 | AQ36: Doloire-Guisarme* | AR36: compétence
A37: Conduite de chars | B37: 1 | C37: DEX | D37: 2 | E37: Guerrier | F37: 4 | G37: 5 | H37: =IF(VLOOKUP("Sag/Vol",Tab_comp_ajust_2.5,2,FALSE)>VLOOKUP("Dex/Équ",Tab_comp_ajust_2.5,2,FALSE),"Sag/Vol","Dex/Équ") -> Dex/Équ | AE37: ="9" -> 9 | AF37: 0 | AQ37: Drusus | AR37: compétence
A38: Connaissance des animaux | B38: 1 | C38: INT | D38: 0 | E38: Guerrier | F38: 3 | G38: 7 | H38: =IF(VLOOKUP("Sag/Int",Tab_comp_ajust_2.5,2,FALSE)>VLOOKUP("Int/Éru",Tab_comp_ajust_2.5,2,FALSE),"Sag/Int","Int/Éru") -> Int/Éru | AE38: ="10" -> 10 | AF38: 0 | AQ38: Épée à 2 Mains de semi-géant | AR38: compétence
A39: Course | B39: 1 | C39: CON | D39: -6 | E39: Guerrier | F39: 2 | G39: 5 | H39: =IF(VLOOKUP("For/End",Tab_comp_ajust_2.5,2,FALSE)>VLOOKUP("Con/Vig",Tab_comp_ajust_2.5,2,FALSE),"For/End","Con/Vig") -> Con/Vig | Q39: Voleur | R39: Barde | S39: Pas d'armure | T39: Armure de Cuir | U39: Cotte de Mailles Elfique | V39: Armure Matelassé ou clouté | W39: Annellée ou Cotte de Mailles Non-Elfique | X39: Brigand ou Feuilletée | Y39: Cuirasse | Z39: Écailles ou à bandes | AA39: Armure de Plates | AB39: Armure de Plate Intégrale | AC39: 0 | AE39: ="11" -> 11 | AF39: 0 | AQ39: Épée À Deux Mains | AR39: compétence
A40: Endurance | B40: 2 | C40: CON | D40: 0 | E40: Guerrier | F40: 2 | G40: 3 | H40: Con/Vig | Q40: Base | R40: Base | S40: Armure | T40: Armure | U40: Armure | V40: Armure | W40: Armure | X40: Armure | Y40: Armure | Z40: Armure | AA40: Armure | AB40: Armure | AC40: Armure | AE40: ="12" -> 12 | AF40: 0 | AQ40: Épée Bâtarde | AR40: compétence
A41: Fabrication d'arcs et de flèches | B41: 1 | C41: DEX | D41: -1 | E41: Guerrier | F41: 5 | G41: 6 | H41: =IF(VLOOKUP("Dex/Équ",Tab_comp_ajust_2.5,2,FALSE)>VLOOKUP("Int/Éru",Tab_comp_ajust_2.5,2,FALSE),"Dex/Équ","Int/Éru") -> Int/Éru | N41: Vole à la tire | Q41: 0.15 | R41: 0.1 | S41: 0.05 | T41: 0 | U41: -0.2 | V41: -0.3 | W41: =IF(OR(Classe="Barde",Classe2="Barde",Classe3="Barde"),-25%,-40%) -> -0.4 | X41: -0.4 | Y41: -0.6 | Z41: -0.5 | AA41: -0.75 | AB41: -0.95 | AC41: 0.05 | AE41: ="13" -> 13 | AF41: 0 | AQ41: Épée Courte | AR41: compétence
A42: Forge d'armes | B42: 3 | C42: INT | D42: -3 | E42: Guerrier | F42: 5 | G42: 5 | H42: =IF(VLOOKUP("Dex/Pré",Tab_comp_ajust_2.5,2,FALSE)>VLOOKUP("Int/Éru",Tab_comp_ajust_2.5,2,FALSE),"Dex/Pré","Int/Éru") -> Int/Éru | N42: Crochetage de serrures | Q42: 0.1 | R42: 0 | S42: 0 | T42: 0 | U42: -0.05 | V42: -0.1 | W42: =IF(OR(Classe="Barde",Classe2="Barde",Classe3="Barde"),-10%,-15%) -> -0.15 | X42: -0.15 | Y42: -0.5 | Z42: -0.2 | AA42: -0.4 | AB42: -0.8 | AC42: 0 | AE42: ="14" -> 14 | AF42: 1 | AQ42: Épée Khopesh | AR42: compétence
A43: Jeu (Guerrier) | B43: 1 | C43: CHA | D43: 0 | E43: Guerrier | F43: 2 | G43: 5 | H43: =IF(VLOOKUP("Sag/Int",Tab_comp_ajust_2.5,2,FALSE)>VLOOKUP("Int/Éru",Tab_comp_ajust_2.5,2,FALSE),"Sag/Int","Int/Éru") -> Int/Éru | N43: Trouver/Désa. Des Pièges | Q43: 0.05 | R43: 0 | S43: 0 | T43: 0 | U43: -0.05 | V43: -0.1 | W43: =IF(OR(Classe="Barde",Classe2="Barde",Classe3="Barde"),-10%,-15%) -> -0.15 | X43: -0.25 | Y43: -0.5 | Z43: -0.2 | AA43: -0.4 | AB43: -0.8 | AC43: 0 | AE43: ="15" -> 15 | AF43: 2 | AQ43: Épée Large | AR43: compétence
A44: Navigation (Guerrier) | B44: 1 | C44: INT | D44: -2 | E44: Guerrier | F44: 3 | G44: 6 | H44: =IF(VLOOKUP("Sag/Int",Tab_comp_ajust_2.5,2,FALSE)>VLOOKUP("Int/Éru",Tab_comp_ajust_2.5,2,FALSE),"Sag/Int","Int/Éru") -> Int/Éru | N44: Mouvement Silencieux | Q44: 0.1 | R44: 0 | S44: 0.1 | T44: 0 | U44: -0.1 | V44: -0.2 | W44: =IF(OR(Classe="Barde",Classe2="Barde",Classe3="Barde"),-15%,-40%) -> -0.4 | X44: -0.4 | Y44: -0.3 | Z44: -0.6 | AA44: -0.8 | AB44: -0.95 | AC44: 0.1 | AE44: ="16" -> 16 | AF44: 3 | AQ44: Épée Large d'Aileronné (Sauriale) | AR44: compétence
A45: Pistage | B45: 2 | C45: SAG | D45: 0 | E45: Guerrier | F45: 4 | G45: 7 | H45: Sag/Int | N45: Se cacher dans l'ombre | Q45: 0.05 | R45: 0 | S45: 0.05 | T45: 0 | U45: -0.1 | V45: -0.2 | W45: =IF(OR(Classe="Barde",Classe2="Barde",Classe3="Barde"),-15%,-30%) -> -0.3 | X45: -0.3 | Y45: -0.2 | Z45: -0.5 | AA45: -0.75 | AB45: -0.95 | AC45: 0.05 | AE45: ="17" -> 17 | AF45: 4 | AQ45: Épée Longue | AR45: compétence
A46: Pose de Collets (Guerrier) | B46: 1 | C46: DEX | D46: -1 | E46: Guerrier | F46: 3 | G46: 6 | H46: =IF(VLOOKUP("Dex/Pré",Tab_comp_ajust_2.5,2,FALSE)>VLOOKUP("Sag/Int",Tab_comp_ajust_2.5,2,FALSE),"Dex/Pré","Sag/Int") -> Sag/Int | N46: Detecter des Bruits | Q46: 0.15 | R46: 0.2 | S46: 0 | T46: 0 | U46: -0.05 | V46: -0.1 | W46: =IF(OR(Classe="Barde",Classe2="Barde",Classe3="Barde"),-10%,-20%) -> -0.2 | X46: -0.25 | Y46: -0.1 | Z46: -0.3 | AA46: -0.5 | AB46: -0.7 | AC46: 0 | AE46: ="18" -> 18 | AF46: 5 | AQ46: Épée Pixie | AR46: compétence
A47: Survie | B47: 2 | C47: INT | D47: 0 | E47: Guerrier | F47: 3 | G47: 6 | H47: =IF(VLOOKUP("Sag/Vol",Tab_comp_ajust_2.5,2,FALSE)>VLOOKUP("Int/Éru",Tab_comp_ajust_2.5,2,FALSE),"Sag/Vol","Int/Éru") -> Int/Éru | N47: Grimper | Q47: 0.6 | R47: 0.5 | S47: 0.1 | T47: 0 | U47: -0.2 | V47: -0.3 | W47: =IF(OR(Classe="Barde",Classe2="Barde",Classe3="Barde"),-25%,-40%) -> -0.4 | X47: -0.5 | Y47: -0.6 | Z47: -0.9 | AA47: -0.95 | AB47: -0.95 | AC47: 0.1 | AE47: ="19" -> 19 | AF47: 5 | AQ47: Épieu de cavalier | AR47: compétence
N48: Langues Inconnues | Q48: 0 | R48: 0.05 | S48: 0 | T48: 0 | U48: 0 | V48: 0 | W48: 0 | X48: 0 | Y48: 0 | Z48: 0 | AA48: 0 | AB48: 0 | AC48: 0 | AE48: ="20" -> 20 | AF48: 5 | AQ48: Épieu de fantassin | AR48: compétence
A49: ROUBLARD | N49: Corruption | Q49: 0 | R49: 0.05 | S49: 0 | T49: 0 | U49: 0 | V49: 0 | W49: 0 | X49: 0 | Y49: 0 | Z49: 0 | AA49: 0 | AB49: 0 | AC49: 0 | AE49: ="21" -> 21 | AF49: 5 | AQ49: Esponton# | AR49: compétence
A50: Acrobatie | B50: 1 | C50: DEX | D50: 0 | E50: Roublard | F50: 3 | G50: 7 | H50: =IF(VLOOKUP("For/Pui",Tab_comp_ajust_2.5,2,FALSE)>VLOOKUP("Dex/Pré",Tab_comp_ajust_2.5,2,FALSE),"For/Pui","Dex/Pré") -> Dex/Pré | N50: Détection de la magie | Q50: 0 | R50: 0.05 | S50: 0 | T50: 0 | U50: -0.05 | V50: -0.1 | W50: 0 | X50: 0 | Y50: 0 | Z50: 0 | AA50: 0 | AB50: 0 | AC50: 0 | AE50: ="22" -> 22 | AF50: 5 | AQ50: Étoile du Matin | AR50: compétence
A51: Combat Aveugle (Roublard) | B51: 2 | C51: NA | D51: NA | E51: Roublard | F51: 4 | G51: =IF(H51="Dex/Équ","NA",6) -> 6 | H51: =IF(VLOOKUP("Dex/Équ",Tab_comp_ajust_2.5,2,FALSE)>VLOOKUP("Sag/Int",Tab_comp_ajust_2.5,2,FALSE),"Dex/Équ","Sag/Int") -> Sag/Int | N51: Détection des illusions | Q51: 0 | R51: 0.1 | S51: 0 | T51: 0 | U51: -0.05 | V51: -0.1 | W51: 0 | X51: 0 | Y51: 0 | Z51: 0 | AA51: 0 | AB51: 0 | AC51: 0 | AE51: ="23" -> 23 | AF51: 5 | AQ51: Fauchard | AR51: compétence
A52: Contrefaçons | B52: 1 | C52: DEX | D52: -1 | E52: Roublard | F52: 3 | G52: 5 | H52: =IF(VLOOKUP("Dex/Pré",Tab_comp_ajust_2.5,2,FALSE)>VLOOKUP("Sag/Int",Tab_comp_ajust_2.5,2,FALSE),"Dex/Pré","Sag/Int") -> Sag/Int | N52: Évasion | Q52: 0 | R52: 0.1 | S52: 0 | T52: 0 | U52: -0.05 | V52: -0.1 | W52: 0 | X52: 0 | Y52: 0 | Z52: 0 | AA52: 0 | AB52: 0 | AC52: 0 | AE52: ="24" -> 24 | AF52: 5 | AQ52: Fauchard-Crochet | AR52: compétence
A53: Déguisement | B53: 1 | C53: CHA | D53: -1 | E53: Roublard | F53: 4 | G53: 5 | H53: =IF(VLOOKUP("Sag/Int",Tab_comp_ajust_2.5,2,FALSE)>VLOOKUP("Cha/Mag",Tab_comp_ajust_2.5,2,FALSE),"Sag/Int","Cha/Mag") -> Cha/Mag | N53: Percement d'un tunnel | Q53: 0 | R53: 0.15 | S53: 0.05 | T53: 0.05 | U53: -0.2 | V53: -0.3 | W53: 0 | X53: 0 | Y53: 0 | Z53: 0 | AA53: 0 | AB53: 0 | AC53: 0.05 | AE53: ="25" -> 25 | AF53: 5 | AQ53: Filet | AR53: compétence
A54: Estimation | B54: 1 | C54: INT | D54: 0 | E54: Roublard | F54: 2 | G54: 8 | H54: =IF(VLOOKUP("Int/Int",Tab_comp_ajust_2.5,2,FALSE)>VLOOKUP("Sag/Int",Tab_comp_ajust_2.5,2,FALSE),"Int/Int","Sag/Int") -> Sag/Int | S54: 6 | T54: 7 | U54: 8 | V54: 9 | W54: 10 | X54: 11 | Y54: 12 | Z54: 13 | AA54: 14 | AB54: 15 | AC54: 16 | AQ54: Fléau de cavalier | AR54: compétence
A55: Funambulisme | B55: 1 | C55: DEX | D55: 0 | E55: Roublard | F55: 3 | G55: 5 | H55: Dex/Équ | AQ55: Fléau de Fantassin | AR55: compétence
A56: Histoire Ancienne (Roublard) | B56: 1 | C56: INT | D56: -1 | E56: Roublard | F56: 3 | G56: 6 | H56: =IF(VLOOKUP("Sag/Int",Tab_comp_ajust_2.5,2,FALSE)>VLOOKUP("Int/Éru",Tab_comp_ajust_2.5,2,FALSE),"Sag/Int","Int/Éru") -> Int/Éru | AQ56: Fléau de Piquedos (Sauriale) | AR56: compétence
A57: Histoire Local (Roublard) | B57: 1 | C57: CHA | D57: 0 | E57: Roublard | F57: 2 | G57: 8 | H57: =IF(VLOOKUP("Int/Éru",Tab_comp_ajust_2.5,2,FALSE)>VLOOKUP("Cha/Cha",Tab_comp_ajust_2.5,2,FALSE),"Int/Éru","Cha/Cha") -> Cha/Cha | AQ57: Flèche de daikyu | AR57: compétence
A58: Instrument de Musique | B58: 1 | C58: DEX | D58: -1 | E58: Roublard | F58: 2 | G58: 7 | H58: Cha/Mag | P58: Attribut | Q58: Vole à la tire | R58: Crochetage de serrures | S58: Trouver/Désa. Des Pièges | T58: Mouvement Silencieux | U58: Se cacher dans l'ombre | V58: Évasion | W58: Grimper | X58: Tunnel | AQ58: Flèche de Guerre (Pixie) | AR58: compétence
A59: Jeu (Roublard) | B59: 1 | C59: CHA | D59: 0 | E59: Roublard | F59: 2 | G59: 5 | H59: =IF(VLOOKUP("Sag/Int",Tab_comp_ajust_2.5,2,FALSE)>VLOOKUP("Int/Éru",Tab_comp_ajust_2.5,2,FALSE),"Sag/Int","Int/Éru") -> Int/Éru | P59: 0 | Q59: -0.35 | R59: -0.45 | S59: -0.4 | T59: -0.35 | U59: -0.45 | V59: -0.35 | W59: -0.45 | X59: -0.45 | AQ59: Flèche de Sommeil (Pixie) | AR59: compétence
A60: Jonglerie | B60: 1 | C60: DEX | D60: -1 | E60: Roublard | F60: 3 | G60: 7 | H60: Dex/Pré | P60: 1 | Q60: -0.35 | R60: -0.4 | S60: -0.35 | T60: -0.35 | U60: -0.4 | V60: -0.35 | W60: -0.4 | X60: -0.4 | AQ60: Flèche d'oublie (Pixie) | AR60: compétence
A61: Lecture sur les Lèvres | B61: 2 | C61: INT | D61: -2 | E61: Roublard | F61: 3 | G61: 7 | H61: =IF(VLOOKUP("Sag/Int",Tab_comp_ajust_2.5,2,FALSE)>VLOOKUP("Int/Éru",Tab_comp_ajust_2.5,2,FALSE),"Sag/Int","Int/Éru") -> Int/Éru | P61: 2 | Q61: -0.3 | R61: -0.35 | S61: -0.35 | T61: -0.35 | U61: -0.35 | V61: -0.3 | W61: -0.35 | X61: -0.35 | AB61: Compétences Moteur | AD61: NPC | AE61: LEVEL 1+ | AQ61: Flèches de semi-géant | AR61: compétence
A62: Pose de Collets (Roublard) | B62: 1 | C62: DEX | D62: -1 | E62: Roublard | F62: 3 | G62: 6 | H62: =IF(VLOOKUP("Dex/Pré",Tab_comp_ajust_2.5,2,FALSE)>VLOOKUP("Sag/Int",Tab_comp_ajust_2.5,2,FALSE),"Dex/Pré","Sag/Int") -> Sag/Int | P62: 3 | Q62: -0.3 | R62: -0.3 | S62: -0.3 | T62: -0.3 | U62: -0.3 | V62: -0.3 | W62: -0.3 | X62: -0.3 | AB62: 2.5 | AC62: ="" | AD62: =IF(NPC=FALSE,"",AC62) | AE62: =IF(MAX(level,levelc2,levelc3)>=1,AD62,0) -> 0 | AQ62: Flèches en pierre légère | AR62: compétence
A63: Saut | B63: 1 | C63: FOR | D63: 0 | E63: Roublard | F63: 2 | G63: 8 | H63: =IF(VLOOKUP("For/Pui",Tab_comp_ajust_2.5,2,FALSE)>VLOOKUP("Dex/Équ",Tab_comp_ajust_2.5,2,FALSE),"For/Pui","Dex/Équ") -> Dex/Équ | P63: 4 | Q63: -0.25 | R63: -0.25 | S63: -0.3 | T63: -0.3 | U63: -0.25 | V63: -0.25 | W63: -0.25 | X63: -0.25 | AB63: ="2.0" -> 2.0 | AC63: =ROUNDDOWN((level-1)/Compétences!R10,0) -> 0 | AD63: =IF(NPC=FALSE,"",AC63) | AE63: =IF(MAX(level,levelc2,levelc3)>=1,AD63,0) -> 0 | AQ63: Flèches légères | AR63: compétence
A64: Taille de Gemmes (Roublard) | B64: 2 | C64: DEX | D64: -2 | E64: Roublard | F64: 3 | G64: 6 | H64: Dex/Pré | P64: 5 | Q64: -0.25 | R64: -0.2 | S64: -0.25 | T64: -0.3 | U64: -0.2 | V64: -0.25 | W64: -0.2 | X64: -0.2 | AB64: jello | AC64: =ROUNDDOWN((level-1)/Compétences!R10,0)*Compétences!Q10 -> 0 | AD64: =IF(NPC=FALSE,"",AC64) | AE64: =IF(MAX(level,levelc2,levelc3)>=1,AD64,0) -> 0 | AQ64: Flèches lourdes | AR64: compétence
A65: Ventriloquie | B65: 1 | C65: INT | D65: -2 | E65: Roublard | F65: 4 | G65: 5 | H65: =IF(VLOOKUP("Int/Éru",Tab_comp_ajust_2.5,2,FALSE)>VLOOKUP("Cha/Mag",Tab_comp_ajust_2.5,2,FALSE),"Int/Éru","Cha/Mag") -> Cha/Mag | P65: 6 | Q65: -0.2 | R65: -0.2 | S65: -0.2 | T65: -0.25 | U65: -0.2 | V65: -0.2 | W65: -0.2 | X65: -0.2 | AB65: aucune | AC65: ="" | AD65: =IF(NPC=FALSE,"",AC65) | AE65: =IF(MAX(level,levelc2,levelc3)>=1,AD65,0) -> 0 | AQ65: Flèches, Tête de Feuille (Daikyu) | AR65: compétence
P66: 7 | Q66: -0.2 | R66: -0.15 | S66: -0.2 | T66: -0.25 | U66: -0.15 | V66: -0.2 | W66: -0.15 | X66: -0.15 | AD66: Base | AE66: =Compétences!Q10+IF(K23="",0,IF(AE6="Oui",K23,0)) -> 0 | AQ66: Fléchette | AR66: compétence
A67: MAGICIEN | P67: 8 | Q67: -0.15 | R67: -0.15 | S67: -0.15 | T67: -0.2 | U67: -0.15 | V67: -0.15 | W67: -0.15 | X67: -0.15 | AD67: Base+niveau | AE67: =IF(OR(comp_vers="2.5",comp_vers="aucune"),"",AE66+VLOOKUP(comp_vers,Compétences!AB62:AE65,4,FALSE)) -> 0 | AQ67: Fléchette barbelée | AR67: compétence
A68: Astrologie (Magicien) | B68: 2 | C68: INT | D68: 0 | E68: Magicien | F68: 3 | G68: 5 | H68: =IF(VLOOKUP("Sag/Int",Tab_comp_ajust_2.5,2,FALSE)>VLOOKUP("Int/Éru",Tab_comp_ajust_2.5,2,FALSE),"Sag/Int","Int/Éru") -> Int/Éru | P68: 9 | Q68: -0.15 | R68: -0.1 | S68: -0.1 | T68: -0.2 | U68: -0.1 | V68: -0.15 | W68: -0.1 | X68: -0.1 | AQ68: Fléchette d'Homme Lézard | AR68: compétence
A69: Connaissance des sorts (Magicien) | B69: 1 | C69: INT | D69: -2 | E69: Magicien | F69: 3 | G69: 7 | H69: Int/Éru | P69: 10 | Q69: -0.1 | R69: -0.05 | S69: -0.1 | T69: -0.15 | U69: -0.05 | V69: -0.1 | W69: -0.05 | X69: -0.05 | AQ69: Fouet | AR69: compétence
A70: Ingénierie (Magicien) | B70: 2 | C70: INT | D70: -3 | E70: Magicien | F70: 4 | G70: 5 | H70: =IF(VLOOKUP("Sag/Int",Tab_comp_ajust_2.5,2,FALSE)>VLOOKUP("Int/Int",Tab_comp_ajust_2.5,2,FALSE),"Sag/Int","Int/Int") -> Int/Int | P70: 11 | Q70: -0.05 | R70: 0 | S70: -0.05 | T70: -0.1 | U70: 0 | V70: -0.1 | W70: 0 | X70: 0 | AQ70: Fourche de guerre* | AR70: compétence
A71: Herboristerie (Magicien) | B71: 2 | C71: INT | D71: -2 | E71: Magicien | F71: 3 | G71: 6 | H71: =IF(VLOOKUP("Sag/Int",Tab_comp_ajust_2.5,2,FALSE)>VLOOKUP("Int/Éru",Tab_comp_ajust_2.5,2,FALSE),"Sag/Int","Int/Éru") -> Int/Éru | P71: 12 | Q71: 0 | R71: 0 | S71: 0 | T71: -0.05 | U71: 0 | V71: -0.05 | W71: 0 | X71: 0 | AQ71: Fourche-Fauchard | AR71: compétence
A72: Histoire Ancienne (Magicien) | B72: 1 | C72: INT | D72: -1 | E72: Magicien | F72: 3 | G72: 6 | H72: =IF(VLOOKUP("Sag/Int",Tab_comp_ajust_2.5,2,FALSE)>VLOOKUP("Int/Éru",Tab_comp_ajust_2.5,2,FALSE),"Sag/Int","Int/Éru") -> Int/Éru | P72: 13 | Q72: 0 | R72: 0 | S72: 0 | T72: 0 | U72: 0 | V72: -0.05 | W72: 0 | X72: 0 | AQ72: Fronde | AR72: compétence
A73: Langue, Ancienne (Magicien) | B73: 1 | C73: INT | D73: 0 | E73: Magicien | F73: 4 | G73: 5 | H73: Int/Éru | P73: 14 | Q73: 0 | R73: 0 | S73: 0 | T73: 0 | U73: 0 | V73: 0 | W73: 0 | X73: 0 | AQ73: Gaffe-gobelin | AR73: compétence
A74: Lecture/Écriture (Magicien) | B74: 1 | C74: INT | D74: 1 | E74: Magicien | F74: 2 | G74: 8 | H74: Int/Éru | P74: 15 | Q74: 0 | R74: 0 | S74: 0 | T74: 0 | U74: 0 | V74: 0 | W74: 0 | X74: 0 | AQ74: Goudin, Grand | AR74: compétence
A75: Navigation (Magicien) | B75: 1 | C75: INT | D75: -2 | E75: Magicien | F75: 3 | G75: 6 | H75: =IF(VLOOKUP("Sag/Int",Tab_comp_ajust_2.5,2,FALSE)>VLOOKUP("Int/Éru",Tab_comp_ajust_2.5,2,FALSE),"Sag/Int","Int/Éru") -> Int/Éru | P75: 16 | Q75: 0 | R75: 0.05 | S75: 0 | T75: 0 | U75: 0 | V75: 0 | W75: 0 | X75: 0 | AQ75: Gourdin | AR75: compétence
A76: Religion (Magicien) | B76: 1 | C76: SAG | D76: 0 | E76: Magicien | F76: 2 | G76: 6 | H76: Sag/Int | P76: 17 | Q76: 0.05 | R76: 0.1 | S76: 0 | T76: 0.05 | U76: 0.05 | V76: 0.05 | W76: 0.05 | X76: 0 | AQ76: Guisarme | AR76: compétence
A77: Taille de Gemmes (Magicien) | B77: 2 | C77: DEX | D77: -2 | E77: Magicien | F77: 3 | G77: 6 | H77: Dex/Pré | P77: 18 | Q77: 0.1 | R77: 0.15 | S77: 0.05 | T77: 0.1 | U77: 0.1 | V77: 0.1 | W77: 0.1 | X77: 0.05 | AQ77: Hache d'armes | AR77: compétence
P78: 19 | Q78: 0.15 | R78: 0.2 | S78: 0.1 | T78: 0.15 | U78: 0.15 | V78: 0.15 | W78: 0.15 | X78: 0.1 | AQ78: Hachette ou hache de jet | AR78: compétence
A79: CLERICAL | P79: 20 | Q79: 0.2 | R79: 0.2 | S79: 0.15 | T79: 0.15 | U79: 0.2 | V79: 0.2 | W79: 0.2 | X79: 0.15 | AQ79: Hallebarde | AR79: compétence
A80: Astrologie (clerical) | B80: 2 | C80: INT | D80: 0 | E80: Clerical | F80: 3 | G80: 5 | H80: =IF(VLOOKUP("Sag/Int",Tab_comp_ajust_2.5,2,FALSE)>VLOOKUP("Int/Éru",Tab_comp_ajust_2.5,2,FALSE),"Sag/Int","Int/Éru") -> Int/Éru | P80: 21 | Q80: 0.2 | R80: 0.25 | S80: 0.2 | T80: 0.2 | U80: 0.25 | V80: 0.25 | W80: 0.2 | X80: 0.2 | AQ80: Hallebarde de semi-géant | AR80: compétence
A81: Connaissance des sorts (clerical) | B81: 1 | C81: INT | D81: -2 | E81: Clerical | F81: 3 | G81: 7 | H81: Int/Éru | P81: 22 | Q81: 0.25 | R81: 0.25 | S81: 0.2 | T81: 0.2 | U81: 0.3 | V81: 0.3 | W81: 0.25 | X81: 0.3 | AQ81: Harpon | AR81: compétence
A82: Herboristerie (clerical) | B82: 2 | C82: INT | D82: -2 | E82: Clerical | F82: 3 | G82: 6 | H82: =IF(VLOOKUP("Sag/Int",Tab_comp_ajust_2.5,2,FALSE)>VLOOKUP("Int/Éru",Tab_comp_ajust_2.5,2,FALSE),"Sag/Int","Int/Éru") -> Int/Éru | P82: 23 | Q82: 0.25 | R82: 0.3 | S82: 0.25 | T82: 0.25 | U82: 0.3 | V82: 0.3 | W82: 0.25 | X82: 0.3 | AQ82: Javelot | AR82: compétence
A83: Histoire Ancienne (clerical) | B83: 1 | C83: INT | D83: -1 | E83: Clerical | F83: 3 | G83: 6 | H83: =IF(VLOOKUP("Sag/Int",Tab_comp_ajust_2.5,2,FALSE)>VLOOKUP("Int/Éru",Tab_comp_ajust_2.5,2,FALSE),"Sag/Int","Int/Éru") -> Int/Éru | P83: 24 | Q83: 0.3 | R83: 0.3 | S83: 0.25 | T83: 0.25 | U83: 0.35 | V83: 0.35 | W83: 0.3 | X83: 0.35 | AQ83: Javelot (en pierre) | AR83: compétence
A84: Histoire Local (clerical) | B84: 1 | C84: CHA | D84: 0 | E84: Clerical | F84: 2 | G84: 8 | H84: =IF(VLOOKUP("Int/Éru",Tab_comp_ajust_2.5,2,FALSE)>VLOOKUP("Cha/Cha",Tab_comp_ajust_2.5,2,FALSE),"Int/Éru","Cha/Cha") -> Cha/Cha | P84: 25 | Q84: 0.3 | R84: 0.35 | S84: 0.3 | T84: 0.3 | U84: 0.35 | V84: 0.35 | W84: 0.3 | X84: 0.35 | AQ84: Katana | AR84: compétence
A85: Ingénierie (clerical) | B85: 2 | C85: INT | D85: -3 | E85: Clerical | F85: 4 | G85: 5 | H85: =IF(VLOOKUP("Sag/Int",Tab_comp_ajust_2.5,2,FALSE)>VLOOKUP("Int/Int",Tab_comp_ajust_2.5,2,FALSE),"Sag/Int","Int/Int") -> Int/Int | AQ85: Knout | AR85: compétence
A86: Instrument de Musique (clerical) | B86: 1 | C86: DEX | D86: -1 | E86: Clerical | F86: 2 | G86: 7 | H86: Cha/Mag | AQ86: Lance de cavalier, légère @ | AR86: compétence
A87: Langue, Ancienne (clerical) | B87: 1 | C87: INT | D87: 0 | E87: Clerical | F87: 4 | G87: 5 | H87: Int/Éru | AQ87: Lance de cavalier, lourde @ | AR87: compétence
A88: Lecture/Écriture (clerical) | B88: 1 | C88: INT | D88: 1 | E88: Clerical | F88: 2 | G88: 8 | H88: Int/Éru | AQ88: Lance de cavalier, moyenne @ | AR88: compétence
A89: Navigation (clerical) | B89: 1 | C89: INT | D89: -2 | E89: Clerical | F89: 3 | G89: 6 | H89: =IF(VLOOKUP("Sag/Int",Tab_comp_ajust_2.5,2,FALSE)>VLOOKUP("Int/Éru",Tab_comp_ajust_2.5,2,FALSE),"Sag/Int","Int/Éru") -> Int/Éru | AQ89: Lance de fantassin (en pierre) @ | AR89: compétence
A90: Premier Secours | B90: 2 | C90: SAG | D90: -2 | E90: Clerical | F90: 4 | G90: 5 | H90: =IF(VLOOKUP("Sag/Int",Tab_comp_ajust_2.5,2,FALSE)>VLOOKUP("Cha/Mag",Tab_comp_ajust_2.5,2,FALSE),"Sag/Int","Cha/Mag") -> Cha/Mag | AQ90: Lance de fantassin @ | AR90: compétence
A91: Religion (clerical) | B91: 1 | C91: SAG | D91: 0 | E91: Clerical | F91: 2 | G91: 6 | H91: Sag/Int | AQ91: Lance de joute @ | AR91: compétence
AQ92: Lance de Vol | AR92: compétence
A93: PSIONIQUE | AQ93: Lance-pierre | AR93: compétence
A94: Aménager le subconscient | B94: 2 | C94: SAG | D94: -1 | E94: Psionique | F94: 3 | G94: 6 | H94: Sag/Vol | AQ94: Lasso | AR94: compétence
A95: Hypnose | B95: 1 | C95: CHA | D95: -2 | E95: Psionique | AQ95: Manriki-gusari | AR95: compétence
A96: Contact | B96: 1 | C96: SAG | D96: 0 | E96: Psionique | F96: 3 | G96: NA | H96: Sag/Vol | AQ96: Marteau de guerre | AR96: compétence
A97: Instrument de Musique (psionique) | B97: 1 | C97: DEX | D97: -1 | E97: Psionique | F97: 2 | G97: 7 | H97: Cha/Mag | AQ97: Marteau de lucerne# | AR97: compétence
A98: Lecture/Écriture (psionique) | B98: 1 | C98: INT | D98: 1 | E98: Psionique | F98: 2 | G98: 8 | H98: Int/Éru | AQ98: Masse de cavalier | AR98: compétence
A99: Méditation Focalisée | B99: 1 | C99: SAG | D99: 1 | E99: Psionique | F99: 3 | G99: 6 | H99: Sag/Int | AQ99: Masse de fantassin | AR99: compétence
A100: Régénérescence | B100: 1 | C100: SAG | D100: -1 | E100: Psionique | F100: 3 | G100: 6 | H100: Sag/Int | AQ100: Masse de Piquedos (Sauriale) | AR100: compétence
...

Sheet Races
A1: 1 | B1: 2 | C1: 3 | D1: 4 | E1: 5 | F1: 6 | G1: 7 | H1: 8 | I1: 9 | J1: 10 | K1: 11 | L1: 12 | M1: 13 | N1: 14 | O1: 15 | P1: 16 | Q1: 17 | R1: 18 | S1: 19 | T1: 20 | U1: 21 | V1: 22 | W1: 23 | X1: 24 | Y1: 25 | Z1: 26 | AA1: 27 | AB1: 28 | AC1: 29 | AD1: 30 | AE1: 31 | AF1: 32 | AG1: Ethnie
A2: ="" | B2: Standard | C2: Aghar (Gully) | D2: Athasien | E2: Astromundi, Antilan | F2: Alfar | G2: des Rochers, Féerunien | H2: =IF('Feuille 1'!P6="Femelle","Duchesse des vents (Air)","Duc des vents (Air)") -> Duc des vents (Air) | I2: Standard | J2: Standard | K2: Hound | L2: Amethyst | M2: Bralani | N2: Goliath (Athasien) | O2: Fremlin | P2: Gnoll | Q2: Standard | R2: Avoral | S2: Bronze | T2: Badger | U2: Standard | V2: Standard | W2: Cayma (Cayman) | X2: Standard | Y2: Standard | Z2: Standard | AA2: Standard | AB2: Standard | AC2: Standard | AD2: Piquedos | AE2: Standard | AF2: Standard | AG2: =HLOOKUP(VLOOKUP(Race,Race_stats,2,FALSE),Ethnies_total,2,FALSE)
A3: ="" | B3: Athasien | C3: Arctic (Innugaakalikuritt) | D3: Cerilien | E3: Astromundi, Calidian | F3: Aquatique | G3: des Forêts | H3: =IF('Feuille 1'!P6="Femelle","Reine des mers (Eau)","Roi des mers (Eau)") -> Roi des mers (Eau) | I3: Athasien | J3: De Sigil | K3: Lantern | L3: Black | M3: Coure | N3: Firbolg | O3: Jermlaine | P3: Flind | Q3: Erlking | R3: Cervidal | S3: Chiang Lung | T3: Carp | U3: Koalinth (Aquatique) | V3: Marak | W3: Gurrash (Gator-man) | X3: Agrutha | Y3: Noble | Z3: Féerunien | AA3: Merrow (D&D) | AB3: Taladan | AC3: Faerunian | AD3: Aileronné | AE3: Black | AF3: Athasien | AG3: =HLOOKUP(VLOOKUP(Race,Race_stats,2,FALSE),Ethnies_total,3,FALSE)
A4: ="" | B4: Cerilien | C4: Athasian | D4: Foursin | E4: Astromundi, Thoric | F4: Aquatique (D&D) | G4: des Rochers | H4: =IF('Feuille 1'!P6="Femelle","Dame des flammes (Feu)","Seigneur des flammes (Feu)") -> Seigneur des flammes (Feu) | I4: ="" | J4: ="" | K4: Sword | L4: Blue | M4: Firre | N4: Verbeeg | O4: ="" | P4: ="" | Q4: Taladan | R4: Equinal | S4: Deep (Drow Dragon) | T4: Cat | U4: ="" | V4: ="" | W4: Shazak (Sis'thik) | X4: Bakali | Y4: ="" | Z4: ="" | AA4: Féerunien | AB4: Winged, Enduk | AC4: Ogre Mage | AD4: Voltigeur | AE4: ="" | AF4: ="" | AG4: =HLOOKUP(VLOOKUP(Race,Race_stats,2,FALSE),Ethnies_total,4,FALSE)
A5: ="" | B5: Féerunien | C5: Cerilian | D5: Pieds-Velus | E5: Astromundi, Varan | F5: Aquatique (l'Éternelle-rencontre) | G5: Standard | H5: =IF('Feuille 1'!P6="Femelle","Princesse de la pierre (Terre)","Prince de la pierre (Terre)") -> Prince de la pierre (Terre) | I5: ="" | J5: ="" | K5: Trumpet | L5: Brass | M5: Ghaele | N5: Voadkyn | O5: ="" | P5: ="" | Q5: ="" | R5: Leonal | S5: Gold | T5: Crab | U5: ="" | V5: ="" | W5: Wallara (Chameleonman) | X5: Crocodilian, Brute | Y5: ="" | Z5: ="" | AA5: ="" | AB5: ="" | AC5: Irda | AD5: Cornu | AE5: ="" | AF5: ="" | AG5: =HLOOKUP(VLOOKUP(Race,Race_stats,2,FALSE),Ethnies_total,5,FALSE)
A6: ="" | B6: Krynn | C6: Daergar (Mountain) | D6: Pieds-Velus (Luiren) | E6: Athasian | F6: Aquatique (Féerunien) | G6: Svirfneblin (des Profondeurs) | H6: ="" | I6: ="" | J6: ="" | K6: Warden | L6: Bronze | M6: Noviere | N6: Voadkyn (Faerunian) | O6: ="" | P6: ="" | Q6: ="" | R6: Lupinal | S6: Greyhawk | T6: Crane | U6: ="" | V6: ="" | W6: ="" | X6: Crocodilian, Master | Y6: ="" | Z6: ="" | AA6: ="" | AB6: ="" | AC6: Merrow | AD6: ="" | AE6: ="" | AF6: ="" | AG6: =HLOOKUP(VLOOKUP(Race,Race_stats,2,FALSE),Ethnies_total,6,FALSE)
A7: ="" | B7: des Mers (Féerunien) | C7: Daewar (Mountain) | D7: Costaud | E7: Baklunish | F7: Aquatique (Sea of Fallen Stars) | G7: Bricoleur, Gnomoi | H7: ="" | I7: ="" | J7: ="" | K7: ="" | L7: Cloud | M7: Shiere | N7: ="" | O7: ="" | P7: ="" | Q7: ="" | R7: Ursinal | S7: Iron | T7: Dog | U7: ="" | V7: ="" | W7: ="" | X7: Geckonid | Y7: ="" | Z7: ="" | AA7: ="" | AB7: ="" | AC7: Mischta | AD7: ="" | AE7: ="" | AF7: ="" | AG7: =HLOOKUP(VLOOKUP(Race,Race_stats,2,FALSE),Ethnies_total,7,FALSE)
A8: ="" | B8: Planaire | C8: Deep | D8: Costaud, Mazticain | E8: Cerilian, Anuirean | F8: Astromundi | G8: Bricoleur, Minoï | H8: ="" | I8: ="" | J8: ="" | K8: ="" | L8: Copper | M8: Tulani | N8: ="" | O8: ="" | P8: ="" | Q8: ="" | R8: ="" | S8: Shen Lung | T8: Dolphin | U8: ="" | V8: ="" | W8: ="" | X8: Hurdu | Y8: ="" | Z8: ="" | AA8: ="" | AB8: ="" | AC8: Nzunta | AD8: ="" | AE8: ="" | AF8: ="" | AG8: =HLOOKUP(VLOOKUP(Race,Race_stats,2,FALSE),Ethnies_total,8,FALSE)
A9: ="" | B9: ="" | C9: Derro | D9: Grand-Gars | E9: Cerilian, Brecht | F9: Athasien | G9: Bricoleur, Minoï (Taladan) | H9: ="" | I9: ="" | J9: ="" | K9: ="" | L9: Crystal | M9: ="" | N9: ="" | O9: ="" | P9: ="" | Q9: ="" | R9: ="" | S9: Silver | T9: Drake | U9: ="" | V9: ="" | W9: ="" | X9: Iguanid | Y9: ="" | Z9: ="" | AA9: ="" | AB9: ="" | AC9: Taladan | AD9: ="" | AE9: ="" | AF9: ="" | AG9: =HLOOKUP(VLOOKUP(Race,Race_stats,2,FALSE),Ethnies_total,9,FALSE)
A10: ="" | B10: ="" | C10: Duergar | D10: ="" | E10: Cerilian, Khinasi | F10: Avariel | H10: ="" | I10: ="" | J10: ="" | K10: ="" | L10: Deep | M10: ="" | N10: ="" | O10: ="" | P10: ="" | Q10: ="" | R10: ="" | S10: Steel | T10: Falcon | U10: ="" | V10: ="" | W10: ="" | X10: Tokay | Y10: ="" | Z10: ="" | AA10: ="" | AB10: ="" | AC10: ="" | AD10: ="" | AE10: ="" | AF10: ="" | AG10: =HLOOKUP(VLOOKUP(Race,Race_stats,2,FALSE),Ethnies_total,10,FALSE)
A11: ="" | B11: ="" | C11: Duergar (Gray) (Faerunian) | D11: ="" | E11: Cerilian, Rjurik | F11: Avariel (Féerunien) | G11: ="" | H11: ="" | I11: ="" | J11: ="" | K11: ="" | L11: Emerald | M11: ="" | N11: ="" | O11: ="" | P11: ="" | Q11: ="" | R11: ="" | S11: ="" | T11: Fox | U11: ="" | V11: ="" | W11: ="" | X11: Varanid | Y11: ="" | Z11: ="" | AA11: ="" | AB11: ="" | AC11: ="" | AD11: ="" | AE11: ="" | AF11: ="" | AG11: =HLOOKUP(VLOOKUP(Race,Race_stats,2,FALSE),Ethnies_total,11,FALSE)
A12: ="" | B12: ="" | C12: Finawar | D12: ="" | E12: Cerilian, Vos | F12: Cerilien | G12: ="" | H12: ="" | I12: ="" | J12: ="" | K12: ="" | L12: Gold | M12: ="" | N12: ="" | O12: ="" | P12: ="" | Q12: ="" | R12: ="" | S12: ="" | T12: Frog | U12: ="" | V12: ="" | W12: ="" | X12: Wildspace | Y12: ="" | Z12: ="" | AA12: ="" | AB12: ="" | AC12: ="" | AD12: ="" | AE12: ="" | AF12: ="" | AG12: =HLOOKUP(VLOOKUP(Race,Race_stats,2,FALSE),Ethnies_total,12,FALSE)
A13: ="" | B13: ="" | C13: Gold (Hill) | D13: ="" | E13: Dog People | F13: Cha'asii | G13: ="" | H13: ="" | I13: ="" | J13: ="" | K13: ="" | L13: Green | M13: ="" | N13: ="" | O13: ="" | P13: ="" | Q13: ="" | R13: ="" | S13: ="" | T13: Hare | U13: ="" | V13: ="" | W13: ="" | X13: ="" | Y13: ="" | Z13: ="" | AA13: ="" | AB13: ="" | ... AF13: ="" | AG13: =HLOOKUP(VLOOKUP(Race,Race_stats,2,FALSE),Ethnies_total,13,FALSE)
A14: ="" | B14: ="" | C14: Gully | D14: ="" | E14: Flannae | F14: Clan | G14: ="" | H14: ="" | I14: ="" | J14: ="" | K14: ="" | L14: Mercury | M14: ="" | N14: ="" | O14: ="" | P14: ="" | Q14: ="" | R14: ="" | S14: ="" | T14: Lizard | U14: ="" | V14: ="" | W14: ="" | X14: ="" | Y14: ="" | Z14: ="" | AA14: ="" | AB14: ="" | ... AF14: ="" | AG14: =HLOOKUP(VLOOKUP(Race,Race_stats,2,FALSE),Ethnies_total,14,FALSE)
A15: ="" | B15: ="" | C15: Hill | D15: ="" | E15: Green People | F15: Dargonesti | G15: ="" | H15: ="" | I15: ="" | J15: ="" | K15: ="" | L15: Mist | M15: ="" | N15: ="" | O15: ="" | P15: ="" | Q15: ="" | R15: ="" | S15: ="" | T15: Lynx | U15: ="" | V15: ="" | W15: ="" | X15: ="" | Y15: ="" | Z15: ="" | AA15: ="" | AB15: ="" | ... AF15: ="" | AG15: =HLOOKUP(VLOOKUP(Race,Race_stats,2,FALSE),Ethnies_total,15,FALSE)
A16: ="" | B16: ="" | C16: Hylar (Mountain) | D16: ="" | E16: Maztican | F16: Dimernesti | G16: ="" | H16: ="" | I16: ="" | J16: ="" | K16: ="" | L16: Red | M16: ="" | N16: ="" | O16: ="" | P16: ="" | Q16: ="" | R16: ="" | S16: ="" | T16: Monkey | U16: ="" | V16: ="" | W16: ="" | X16: ="" | Y16: ="" | Z16: ="" | AA16: ="" | AB16: ="" | ... AF16: ="" | AG16: =HLOOKUP(VLOOKUP(Race,Race_stats,2,FALSE),Ethnies_total,16,FALSE)
A17: ="" | B17: ="" | C17: Korobokuru | D17: ="" | E17: Oeridian | F17: Dockalfar | G17: ="" | H17: ="" | I17: ="" | J17: ="" | K17: ="" | L17: Sapphire | M17: ="" | N17: ="" | O17: ="" | P17: ="" | Q17: ="" | R17: ="" | S17: ="" | T17: Octopus | U17: ="" | V17: ="" | W17: ="" | X17: ="" | Y17: ="" | Z17: ="" | AA17: ="" | AB17: ="" | ... AF17: ="" | AG17: =HLOOKUP(VLOOKUP(Race,Race_stats,2,FALSE),Ethnies_total,17,FALSE)
A18: ="" | B18: ="" | C18: Mountain | D18: ="" | E18: Payit | F18: Elfe noir (Drow) | G18: ="" | H18: ="" | I18: ="" | J18: ="" | K18: ="" | L18: Shadow | M18: ="" | N18: ="" | O18: ="" | P18: ="" | Q18: ="" | R18: ="" | S18: ="" | T18: Otter | U18: ="" | V18: ="" | W18: ="" | X18: ="" | Y18: ="" | Z18: ="" | AA18: ="" | AB18: ="" | ... AF18: ="" | AG18: =HLOOKUP(VLOOKUP(Race,Race_stats,2,FALSE),Ethnies_total,18,FALSE)
A19: ="" | B19: ="" | C19: Neidar (Hill) | D19: ="" | E19: Rhennee | F19: Elfe noir (Drow) (Féerunien) | G19: ="" | H19: ="" | I19: ="" | J19: ="" | K19: ="" | L19: Silver | M19: ="" | N19: ="" | O19: ="" | P19: ="" | Q19: ="" | R19: ="" | S19: ="" | T19: Owl | U19: ="" | V19: ="" | W19: ="" | X19: ="" | Y19: ="" | Z19: ="" | AA19: ="" | AB19: ="" | ... AF19: ="" | AG19: =HLOOKUP(VLOOKUP(Race,Race_stats,2,FALSE),Ethnies_total,19,FALSE)
A20: ="" | B20: ="" | C20: Scorned | D20: ="" | E20: Standard | F20: Fey | G20: ="" | H20: ="" | I20: ="" | J20: ="" | K20: ="" | L20: Steel | M20: ="" | N20: ="" | O20: ="" | P20: ="" | Q20: ="" | R20: ="" | S20: ="" | T20: Panda | U20: ="" | V20: ="" | W20: ="" | X20: ="" | Y20: ="" | Z20: ="" | AA20: ="" | AB20: ="" | ... AF20: ="" | AG20: =HLOOKUP(VLOOKUP(Race,Race_stats,2,FALSE),Ethnies_total,20,FALSE)
A21: ="" | B21: ="" | C21: Shield (Mountain) | D21: ="" | E21: Suel | F21: Doré (ou du Levant) | G21: ="" | H21: ="" | I21: ="" | J21: ="" | K21: ="" | L21: Topaz | M21: ="" | N21: ="" | O21: ="" | P21: ="" | Q21: ="" | R21: ="" | S21: ="" | T21: Racoon Dog | U21: ="" | V21: ="" | W21: ="" | X21: ="" | Y21: ="" | Z21: ="" | AA21: ="" | AB21: ="" | ... AF21: ="" | AG21: =HLOOKUP(VLOOKUP(Race,Race_stats,2,FALSE),Ethnies_total,21,FALSE)
A22: ="" | B22: ="" | C22: Shield, Desert (Maztican) | D22: ="" | E22: Ulutiun | F22: Verts (ou Sauvage) | G22: ="" | H22: ="" | I22: ="" | J22: ="" | K22: ="" | L22: White | M22: ="" | N22: ="" | O22: ="" | P22: ="" | Q22: ="" | R22: ="" | S22: ="" | T22: Rat | U22: ="" | V22: ="" | W22: ="" | X22: ="" | Y22: ="" | Z22: ="" | AA22: ="" | AB22: ="" | ... AF22: ="" | AG22: =HLOOKUP(VLOOKUP(Race,Race_stats,2,FALSE),Ethnies_total,22,FALSE)
A23: ="" | B23: ="" | C23: Sundered | D23: ="" | E23: Half-Human, Vistani | F23: Verts (ou Sauvage)(Féerunien) | G23: ="" | H23: ="" | I23: ="" | J23: ="" | K23: ="" | L23: Yellow | M23: ="" | N23: ="" | O23: ="" | P23: ="" | Q23: ="" | R23: ="" | S23: ="" | T23: Sparrow | U23: ="" | V23: ="" | W23: ="" | X23: ="" | Y23: ="" | Z23: ="" | AA23: ="" | AB23: ="" | ... AF23: ="" | AG23: =HLOOKUP(VLOOKUP(Race,Race_stats,2,FALSE),Ethnies_total,23,FALSE)
A24: ="" | B24: ="" | C24: Theiwar (Mountain) | D24: ="" | E24: Planar | F24: Gris | G24: ="" | H24: ="" | I24: ="" | J24: ="" | K24: ="" | L24: ="" | M24: ="" | N24: ="" | ... S24: ="" | T24: Turtle | U24: ="" | V24: ="" | W24: ="" | X24: ="" | Y24: ="" | Z24: ="" | AA24: ="" | AB24: ="" | ... AF24: ="" | AG24: =HLOOKUP(VLOOKUP(Race,Race_stats,2,FALSE),Ethnies_total,24,FALSE)
A25: ="" | B25: ="" | C25: Wild (Jungle, Chultan) | D25: ="" | E25: ="" | F25: Haut | G25: ="" | H25: ="" | I25: ="" | J25: ="" | K25: ="" | L25: ="" | M25: ="" | N25: ="" | ... S25: ="" | T25: Weasel | U25: ="" | V25: ="" | W25: ="" | X25: ="" | Y25: ="" | Z25: ="" | AA25: ="" | AB25: ="" | ... AF25: ="" | AG25: =HLOOKUP(VLOOKUP(Race,Race_stats,2,FALSE),Ethnies_total,25,FALSE)
A26: ="" | B26: ="" | C26: Zakhar (Mountain) | D26: ="" | E26: ="" | F26: Hulderfolk | G26: ="" | H26: ="" | I26: ="" | J26: ="" | K26: ="" | L26: ="" | M26: ="" | N26: ="" | ... AF26: ="" | AG26: =HLOOKUP(VLOOKUP(Race,Race_stats,2,FALSE),Ethnies_total,26,FALSE)
A27: ="" | B27: ="" | C27: ="" | D27: ="" | E27: ="" | F27: Kagonesti | G27: ="" | H27: ="" | I27: ="" | J27: ="" | K27: ="" | L27: ="" | M27: ="" | N27: ="" | ... AF27: ="" | AG27: =HLOOKUP(VLOOKUP(Race,Race_stats,2,FALSE),Ethnies_total,27,FALSE)
A28: ="" | B28: ="" | C28: ="" | D28: ="" | E28: ="" | F28: Lythari (Lycanthrope Elf) | G28: ="" | H28: ="" | I28: ="" | J28: ="" | K28: ="" | L28: ="" | M28: ="" | N28: ="" | ... AF28: ="" | AG28: =HLOOKUP(VLOOKUP(Race,Race_stats,2,FALSE),Ethnies_total,28,FALSE)
A29: ="" | B29: ="" | C29: ="" | D29: ="" | E29: ="" | F29: de la Lune | G29: ="" | H29: ="" | I29: ="" | J29: ="" | K29: ="" | L29: ="" | M29: ="" | N29: ="" | ... AF29: ="" | AG29: =HLOOKUP(VLOOKUP(Race,Race_stats,2,FALSE),Ethnies_total,29,FALSE)
A30: ="" | B30: ="" | C30: ="" | D30: ="" | E30: ="" | F30: Qualinesti | G30: ="" | H30: ="" | I30: ="" | J30: ="" | K30: ="" | L30: ="" | M30: ="" | N30: ="" | ... AF30: ="" | AG30: =HLOOKUP(VLOOKUP(Race,Race_stats,2,FALSE),Ethnies_total,30,FALSE)
A31: ="" | B31: ="" | C31: ="" | D31: ="" | E31: ="" | F31: Rockseer | G31: ="" | H31: ="" | I31: ="" | J31: ="" | K31: ="" | L31: ="" | M31: ="" | N31: ="" | ... AF31: ="" | AG31: =HLOOKUP(VLOOKUP(Race,Race_stats,2,FALSE),Ethnies_total,31,FALSE)
A32: ="" | B32: ="" | C32: ="" | D32: ="" | E32: ="" | F32: Standard | G32: ="" | H32: ="" | I32: ="" | J32: ="" | K32: ="" | L32: ="" | M32: ="" | N32: ="" | ... AF32: ="" | AG32: =HLOOKUP(VLOOKUP(Race,Race_stats,2,FALSE),Ethnies_total,32,FALSE)
A33: ="" | B33: ="" | C33: ="" | D33: ="" | E33: ="" | F33: Silvanesti | G33: ="" | H33: ="" | I33: ="" | J33: ="" | K33: ="" | L33: ="" | M33: ="" | N33: ="" | ... AF33: ="" | AG33: =HLOOKUP(VLOOKUP(Race,Race_stats,2,FALSE),Ethnies_total,33,FALSE)
A34: ="" | B34: ="" | C34: ="" | D34: ="" | E34: ="" | F34: Sylvain | G34: ="" | H34: ="" | I34: ="" | J34: ="" | K34: ="" | L34: ="" | M34: ="" | N34: ="" | ... AF34: ="" | AG34: =HLOOKUP(VLOOKUP(Race,Race_stats,2,FALSE),Ethnies_total,34,FALSE)
A35: ="" | B35: ="" | C35: ="" | D35: ="" | E35: ="" | F35: Wildspace | G35: ="" | H35: ="" | I35: ="" | J35: ="" | K35: ="" | L35: ="" | M35: ="" | N35: ="" | ... AF35: ="" | AG35: =HLOOKUP(VLOOKUP(Race,Race_stats,2,FALSE),Ethnies_total,35,FALSE)
A36: ="" | B36: ="" | C36: ="" | D36: ="" | E36: ="" | F36: Winged, Ee'aar | G36: ="" | H36: ="" | I36: ="" | J36: ="" | K36: ="" | L36: ="" | M36: ="" | N36: ="" | ... AF36: ="" | AG36: =HLOOKUP(VLOOKUP(Race,Race_stats,2,FALSE),Ethnies_total,36,FALSE)
C39: FOR | D39: DEX | E39: CON | F39: INT | G39: SAG | H39: CHA | I39: CA Nat | J39: VT | K39: CS | L39: T/DP | M39: MS | N39: CdO | O39: DB | P39: Gr | Q39: LLI | R39: DM | S39: DI | T39: C | U39: PT | V39: E
A40: Race | B40: Rang
A41: 0 | B41: 1 | C41: — | D41: — | E41: — | F41: — | G41: — | H41: — | I41: Aucune | J41: 0 | K41: 0 | L41: 0 | M41: 0 | N41: 0 | O41: 0 | P41: 0 | Q41: 0 | R41: 0 | S41: 0 | T41: 0 | U41: 0 | V41: 0 | W41: =IF(B41=1,1,0) -> 1
A42: Aarakocra | B42: 9 | C42: =IF(OR(Ethnie=0,Ethnie="Standard"),VLOOKUP("Standard",Race_stats_Aarakocra,3,FALSE),VLOOKUP(Ethnie,Race_stats_Aarakocra,3,FALSE)) -> –1 | D42: =IF(OR(Ethnie=0,Ethnie="Standard"),VLOOKUP("Standard",Race_stats_Aarakocra,4,FALSE),VLOOKUP(Ethnie,Race_stats_Aarakocra,4,FALSE)) -> +1 | E42: =IF(OR(Ethnie=0,Ethnie="Standard"),VLOOKUP("Standard",Race_stats_Aarakocra,5,FALSE),VLOOKUP(Ethnie,Race_stats_Aarakocra,5,FALSE)) -> –1 | F42: =IF(OR(Ethnie=0,Ethnie="Standard"),VLOOKUP("Standard",Race_stats_Aarakocra,6,FALSE),VLOOKUP(Ethnie,Race_stats_Aarakocra,6,FALSE)) -> — | G42: =IF(OR(Ethnie=0,Ethnie="Standard"),VLOOKUP("Standard",Race_stats_Aarakocra,7,FALSE),VLOOKUP(Ethnie,Race_stats_Aarakocra,7,FALSE)) -> — | H42: =IF(OR(Ethnie=0,Ethnie="Standard"),VLOOKUP("Standard",Race_stats_Aarakocra,8,FALSE),VLOOKUP(Ethnie,Race_stats_Aarakocra,8,FALSE)) -> — | I42: 7 | J42: =IF(OR(Ethnie=0,Ethnie="Standard"),VLOOKUP("Standard",Race_stats_Aarakocra,10,FALSE),VLOOKUP(Ethnie,Race_stats_Aarakocra,10,FALSE)) -> 0 | K42: =IF(OR(Ethnie=0,Ethnie="Standard"),VLOOKUP("Standard",Race_stats_Aarakocra,11,FALSE),VLOOKUP(Ethnie,Race_stats_Aarakocra,11,FALSE)) -> -0.1 | L42: =IF(OR(Ethnie=0,Ethnie="Standard"),VLOOKUP("Standard",Race_stats_Aarakocra,12,FALSE),VLOOKUP(Ethnie,Race_stats_Aarakocra,12,FALSE)) -> 0 | M42: =IF(OR(Ethnie=0,Ethnie="Standard"),VLOOKUP("Standard",Race_stats_Aarakocra,13,FALSE),VLOOKUP(Ethnie,Race_stats_Aarakocra,13,FALSE)) -> -0.05 | N42: =IF(OR(Ethnie=0,Ethnie="Standard"),VLOOKUP("Standard",Race_stats_Aarakocra,14,FALSE),VLOOKUP(Ethnie,Race_stats_Aarakocra,14,FALSE)) -> 0 | O42: =IF(OR(Ethnie=0,Ethnie="Standard"),VLOOKUP("Standard",Race_stats_Aarakocra,15,FALSE),VLOOKUP(Ethnie,Race_stats_Aarakocra,15,FALSE)) -> 0.15 | P42: =IF(OR(Ethnie=0,Ethnie="Standard"),VLOOKUP("Standard",Race_stats_Aarakocra,16,FALSE),VLOOKUP(Ethnie,Race_stats_Aarakocra,16,FALSE)) -> 0 | Q42: =IF(OR(Ethnie=0,Ethnie="Standard"),VLOOKUP("Standard",Race_stats_Aarakocra,17,FALSE),VLOOKUP(Ethnie,Race_stats_Aarakocra,17,FALSE)) -> -0.05 | R42: =IF(OR(Ethnie=0,Ethnie="Standard"),VLOOKUP("Standard",Race_stats_Aarakocra,18,FALSE),VLOOKUP(Ethnie,Race_stats_Aarakocra,18,FALSE)) -> 0 | S42: =IF(OR(Ethnie=0,Ethnie="Standard"),VLOOKUP("Standard",Race_stats_Aarakocra,19,FALSE),VLOOKUP(Ethnie,Race_stats_Aarakocra,19,FALSE)) -> 0 | T42: =IF(OR(Ethnie=0,Ethnie="Standard"),VLOOKUP("Standard",Race_stats_Aarakocra,20,FALSE),VLOOKUP(Ethnie,Race_stats_Aarakocra,20,FALSE)) -> 0 | U42: =IF(OR(Ethnie=0,Ethnie="Standard"),VLOOKUP("Standard",Race_stats_Aarakocra,21,FALSE),VLOOKUP(Ethnie,Race_stats_Aarakocra,21,FALSE)) -> 0 | V42: =IF(OR(Ethnie=0,Ethnie="Standard"),VLOOKUP("Standard",Race_stats_Aarakocra,22,FALSE),VLOOKUP(Ethnie,Race_stats_Aarakocra,22,FALSE)) -> 0 | W42: =IF(B42=1,1,0) -> 0
A43: Aasimar | B43: 10 | C43: =IF(OR(Ethnie=0,Ethnie="Standard"),VLOOKUP("Standard",Race_stats_Aasimar,3,FALSE),VLOOKUP(Ethnie,Race_stats_Aasimar,3,FALSE)) -> * | D43: =IF(OR(Ethnie=0,Ethnie="Standard"),VLOOKUP("Standard",Race_stats_Aasimar,4,FALSE),VLOOKUP(Ethnie,Race_stats_Aasimar,4,FALSE)) -> — | E43: =IF(OR(Ethnie=0,Ethnie="Standard"),VLOOKUP("Standard",Race_stats_Aasimar,5,FALSE),VLOOKUP(Ethnie,Race_stats_Aasimar,5,FALSE)) -> –2 | F43: =IF(OR(Ethnie=0,Ethnie="Standard"),VLOOKUP("Standard",Race_stats_Aasimar,6,FALSE),VLOOKUP(Ethnie,Race_stats_Aasimar,6,FALSE)) -> — | G43: =IF(OR(Ethnie=0,Ethnie="Standard"),VLOOKUP("Standard",Race_stats_Aasimar,7,FALSE),VLOOKUP(Ethnie,Race_stats_Aasimar,7,FALSE)) -> +1 | H43: =IF(OR(Ethnie=0,Ethnie="Standard"),VLOOKUP("Standard",Race_stats_Aasimar,8,FALSE),VLOOKUP(Ethnie,Race_stats_Aasimar,8,FALSE)) -> * | I43: =IF(OR(Ethnie=0,Ethnie="Standard"),"Aucune",VLOOKUP(Ethnie,Race_stats_Aasimar,9,FALSE)) -> Aucune | J43: =IF(OR(Ethnie=0,Ethnie="Standard"),VLOOKUP("Standard",Race_stats_Aasimar,10,FALSE),VLOOKUP(Ethnie,Race_stats_Aasimar,10,FALSE)) -> 0 | K43: =IF(OR(Ethnie=0,Ethnie="Standard"),VLOOKUP("Standard",Race_stats_Aasimar,11,FALSE),VLOOKUP(Ethnie,Race_stats_Aasimar,11,FALSE)) -> 0 | L43: =IF(OR(Ethnie=0,Ethnie="Standard"),VLOOKUP("Standard",Race_stats_Aasimar,12,FALSE),VLOOKUP(Ethnie,Race_stats_Aasimar,12,FALSE)) -> 0.1 | M43: =IF(OR(Ethnie=0,Ethnie="Standard"),VLOOKUP("Standard",Race_stats_Aasimar,13,FALSE),VLOOKUP(Ethnie,Race_stats_Aasimar,13,FALSE)) -> 0.05 | N43: =IF(OR(Ethnie=0,Ethnie="Standard"),VLOOKUP("Standard",Race_stats_Aasimar,14,FALSE),VLOOKUP(Ethnie,Race_stats_Aasimar,14,FALSE)) -> 0.1 | O43: =IF(OR(Ethnie=0,Ethnie="Standard"),VLOOKUP("Standard",Race_stats_Aasimar,15,FALSE),VLOOKUP(Ethnie,Race_stats_Aasimar,15,FALSE)) -> 0.05 | P43: =IF(OR(Ethnie=0,Ethnie="Standard"),VLOOKUP("Standard",Race_stats_Aasimar,16,FALSE),VLOOKUP(Ethnie,Race_stats_Aasimar,16,FALSE)) -> 0 | Q43: =IF(OR(Ethnie=0,Ethnie="Standard"),VLOOKUP("Standard",Race_stats_Aasimar,17,FALSE),VLOOKUP(Ethnie,Race_stats_Aasimar,17,FALSE)) -> 0 | R43: =IF(OR(Ethnie=0,Ethnie="Standard"),VLOOKUP("Standard",Race_stats_Aasimar,18,FALSE),VLOOKUP(Ethnie,Race_stats_Aasimar,18,FALSE)) -> 0.1 | S43: =IF(OR(Ethnie=0,Ethnie="Standard"),VLOOKUP("Standard",Race_stats_Aasimar,19,FALSE),VLOOKUP(Ethnie,Race_stats_Aasimar,19,FALSE)) -> 0.1 | T43: =IF(OR(Ethnie=0,Ethnie="Standard"),VLOOKUP("Standard",Race_stats_Aasimar,20,FALSE),VLOOKUP(Ethnie,Race_stats_Aasimar,20,FALSE)) -> 0 | U43: =IF(OR(Ethnie=0,Ethnie="Standard"),VLOOKUP("Standard",Race_stats_Aasimar,21,FALSE),VLOOKUP(Ethnie,Race_stats_Aasimar,21,FALSE)) -> -0.05 | V43: =IF(OR(Ethnie=0,Ethnie="Standard"),VLOOKUP("Standard",Race_stats_Aasimar,22,FALSE),VLOOKUP(Ethnie,Race_stats_Aasimar,22,FALSE)) -> 0 | W43: =IF(B43=1,1,0) -> 0
A44: Alaghe | B44: 1 | C44: +2 | D44: — | E44: — | F44: –2 | G44: — | H44: — | I44: 4 | J44: 0 | K44: 0 | L44: 0 | M44: 0 | N44: 0 | O44: 0 | P44: 0 | Q44: 0 | R44: 0 | S44: 0 | T44: 0 | U44: 0 | V44: 0 | W44: =IF(B44=1,1,0) -> 1
A45: Aranea | B45: 1 | C45: –2 | D45: +2 | E45: –2 | F45: +2 | G45: — | H45: — | I45: 7 | J45: 0 | K45: 0 | L45: 0 | M45: 0.1 | N45: 0.05 | O45: 0 | P45: 0.05 | Q45: 0.1 | R45: 0 | S45: 0 | T45: 0 | U45: 0 | V45: 0 | W45: =IF(B45=1,1,0) -> 1
A46: Archon | B46: 11 | C46: =IF(OR(Ethnie=0,Ethnie="Standard"),"—",VLOOKUP(Ethnie,Race_stats_Archon,3,FALSE)) -> — | D46: =IF(OR(Ethnie=0,Ethnie="Standard"),"—",VLOOKUP(Ethnie,Race_stats_Archon,4,FALSE)) -> — | E46: =IF(OR(Ethnie=0,Ethnie="Standard"),"—",VLOOKUP(Ethnie,Race_stats_Archon,5,FALSE)) -> — | F46: =IF(OR(Ethnie=0,Ethnie="Standard"),"—",VLOOKUP(Ethnie,Race_stats_Archon,6,FALSE)) -> — | G46: =IF(OR(Ethnie=0,Ethnie="Standard"),"—",VLOOKUP(Ethnie,Race_stats_Archon,7,FALSE)) -> — | H46: =IF(OR(Ethnie=0,Ethnie="Standard"),"—",VLOOKUP(Ethnie,Race_stats_Archon,8,FALSE)) -> — | I46: =IF(OR(Ethnie=0,Ethnie="Standard"),"Aucune",VLOOKUP(Ethnie,Race_stats_Archon,9,FALSE)) -> Aucune | J46: =IF(OR(Ethnie=0,Ethnie="Standard"),0,VLOOKUP(Ethnie,Race_stats_Archon,10,FALSE)) -> 0 | K46: =IF(OR(Ethnie=0,Ethnie="Standard"),0,VLOOKUP(Ethnie,Race_stats_Archon,11,FALSE)) -> 0 | L46: =IF(OR(Ethnie=0,Ethnie="Standard"),0,VLOOKUP(Ethnie,Race_stats_Archon,12,FALSE)) -> 0 | M46: =IF(OR(Ethnie=0,Ethnie="Standard"),0,VLOOKUP(Ethnie,Race_stats_Archon,13,FALSE)) -> 0 | N46: =IF(OR(Ethnie=0,Ethnie="Standard"),0,VLOOKUP(Ethnie,Race_stats_Archon,14,FALSE)) -> 0 | O46: =IF(OR(Ethnie=0,Ethnie="Standard"),0,VLOOKUP(Ethnie,Race_stats_Archon,15,FALSE)) -> 0 | P46: =IF(OR(Ethnie=0,Ethnie="Standard"),0,VLOOKUP(Ethnie,Race_stats_Archon,16,FALSE)) -> 0 | Q46: =IF(OR(Ethnie=0,Ethnie="Standard"),0,VLOOKUP(Ethnie,Race_stats_Archon,17,FALSE)) -> 0 | R46: =IF(OR(Ethnie=0,Ethnie="Standard"),0,VLOOKUP(Ethnie,Race_stats_Archon,18,FALSE)) -> 0 | S46: =IF(OR(Ethnie=0,Ethnie="Standard"),0,VLOOKUP(Ethnie,Race_stats_Archon,19,FALSE)) -> 0 | T46: =IF(OR(Ethnie=0,Ethnie="Standard"),0,VLOOKUP(Ethnie,Race_stats_Archon,20,FALSE)) -> 0 | U46: =IF(OR(Ethnie=0,Ethnie="Standard"),0,VLOOKUP(Ethnie,Race_stats_Archon,21,FALSE)) -> 0 | V46: =IF(OR(Ethnie=0,Ethnie="Standard"),0,VLOOKUP(Ethnie,Race_stats_Archon,22,FALSE)) -> 0 | W46: =IF(B46=1,1,0) -> 0
A47: Ashiera | B47: 1 | C47: +1 | D47: –1 | E47: — | F47: –1 | G47: — | H47: — | I47: Inconnu | J47: 0 | K47: 0 | L47: 0 | M47: 0 | N47: 0 | O47: 0 | P47: 0 | Q47: 0 | R47: 0 | S47: 0 | T47: 0 | U47: 0 | V47: 0 | W47: =IF(B47=1,1,0) -> 1
A48: Aasimon, Agathinon | B48: 1 | C48: — | D48: — | E48: — | F48: — | G48: +2 | H48: — | I48: 7 | J48: 0 | K48: 0 | L48: 0 | M48: 0 | N48: 0 | O48: 0 | P48: 0 | Q48: 0 | R48: 0 | S48: 0 | T48: 0 | U48: 0 | V48: 0 | W48: =IF(B48=1,1,0) -> 1
A49: Asuras | B49: 1 | C49: — | D49: — | E49: –1 | F49: +2 | G49: +3 | H49: — | I49: -2 | J49: 0 | K49: 0 | L49: 0 | M49: 0 | N49: 0 | O49: 0 | P49: 0 | Q49: 0 | R49: 0 | S49: 0 | T49: 0 | U49: 0 | V49: 0 | W49: =IF(B49=1,1,0) -> 1
A50: Bakali | B50: 1 | C50: +1 | D50: — | E50: +1 | F50: –1 | G50: — | H50: –1 | I50: 7 | J50: 0 | K50: 0 | L50: 0 | M50: 0 | N50: 0 | O50: 0 | P50: 0 | Q50: 0 | R50: 0 | S50: 0 | T50: 0 | U50: 0 | V50: 0 | W50: =IF(B50=1,1,0) -> 1
A51: Batrasog Avancé | B51: 1 | C51: — | D51: +1 | E51: — | F51: –1 | G51: — | H51: –1 | I51: 6 | J51: 0 | K51: -0.05 | L51: 0 | M51: 0 | N51: 0.05 | O51: 0 | P51: 0 | Q51: -0.05 | R51: 0 | S51: 0 | T51: 0 | U51: 0 | V51: 0 | W51: =IF(B51=1,1,0) -> 1
A52: Lutin, Buckawn | B52: 1 | C52: –1 | D52: +2 | E52: –1 | F52: — | G52: — | H52: — | I52: Aucune | J52: 0.05 | K52: -0.1 | L52: 0 | M52: 0.2 | N52: 0.2 | O52: 0.15 | P52: 0 | Q52: 0 | R52: 0 | S52: 0 | T52: 0 | U52: 0 | V52: 0 | W52: =IF(B52=1,1,0) -> 1
A53: Centaure | B53: 1 | C53: — | D53: –2 | E53: +1 | F53: — | G53: +1 | H53: — | I53: 5 | J53: 0 | K53: 0 | L53: 0 | M53: -0.1 | N53: -0.05 | O53: 0 | P53: 0 | Q53: 0 | R53: 0 | S53: 0 | T53: 0 | U53: 0 | V53: 0 | W53: =IF(B53=1,1,0) -> 1
A54: Chitine | B54: 1 | C54: — | D54: +1 | E54: +1 | F54: — | G54: — | H54: –2 | I54: 9 | J54: -0.05 | K54: -0.05 | L54: 0.1 | M54: 0 | N54: 0 | O54: 0.05 | P54: 0.8 | Q54: 0 | R54: 0 | S54: 0 | T54: 0 | U54: 0 | V54: 0 | W54: =IF(B54=1,1,0) -> 1
A55: Homme-crabe | B55: 1 | C55: +1 | D55: — | E55: +1 | F55: –1 | G55: — | H55: –1 | I55: 4 | J55: 0 | K55: 0 | L55: 0 | M55: 0 | N55: 0 | O55: 0 | P55: 0 | Q55: 0 | R55: 0 | S55: 0 | T55: 0 | U55: 0 | V55: 0 | W55: =IF(B55=1,1,0) -> 1
A56: Dame des cygnes | B56: 31 | C56: =IF(OR(Ethnie=0,Ethnie="Standard"),VLOOKUP("Standard",Race_stats_Dame_cygne,3,FALSE),VLOOKUP(Ethnie,Race_stats_Dame_cygne,3,FALSE)) -> — | D56: =IF(OR(Ethnie=0,Ethnie="Standard"),VLOOKUP("Standard",Race_stats_Dame_cygne,4,FALSE),VLOOKUP(Ethnie,Race_stats_Dame_cygne,4,FALSE)) -> +1 | E56: =IF(OR(Ethnie=0,Ethnie="Standard"),VLOOKUP("Standard",Race_stats_Dame_cygne,5,FALSE),VLOOKUP(Ethnie,Race_stats_Dame_cygne,5,FALSE)) -> — | F56: =IF(OR(Ethnie=0,Ethnie="Standard"),VLOOKUP("Standard",Race_stats_Dame_cygne,6,FALSE),VLOOKUP(Ethnie,Race_stats_Dame_cygne,6,FALSE)) -> — | G56: =IF(OR(Ethnie=0,Ethnie="Standard"),VLOOKUP("Standard",Race_stats_Dame_cygne,7,FALSE),VLOOKUP(Ethnie,Race_stats_Dame_cygne,7,FALSE)) -> +1 | H56: =IF(OR(Ethnie=0,Ethnie="Standard"),VLOOKUP("Standard",Race_stats_Dame_cygne,8,FALSE),VLOOKUP(Ethnie,Race_stats_Dame_cygne,8,FALSE)) -> — | I56: =IF(OR(Ethnie=0,Ethnie="Standard"),7,VLOOKUP(Ethnie,Race_stats_Dame_cygne,9,FALSE)) -> 7 | J56: =IF(OR(Ethnie=0,Ethnie="Standard"),0,VLOOKUP(Ethnie,Race_stats_Dame_cygne,10,FALSE)) -> 0 | K56: =IF(OR(Ethnie=0,Ethnie="Standard"),0,VLOOKUP(Ethnie,Race_stats_Dame_cygne,11,FALSE)) -> 0 | L56: =IF(OR(Ethnie=0,Ethnie="Standard"),0,VLOOKUP(Ethnie,Race_stats_Dame_cygne,12,FALSE)) -> 0 | M56: =IF(OR(Ethnie=0,Ethnie="Standard"),0,VLOOKUP(Ethnie,Race_stats_Dame_cygne,13,FALSE)) -> 0 | N56: =IF(OR(Ethnie=0,Ethnie="Standard"),0,VLOOKUP(Ethnie,Race_stats_Dame_cygne,14,FALSE)) -> 0 | O56: =IF(OR(Ethnie=0,Ethnie="Standard"),0,VLOOKUP(Ethnie,Race_stats_Dame_cygne,15,FALSE)) -> 0 | P56: =IF(OR(Ethnie=0,Ethnie="Standard"),0,VLOOKUP(Ethnie,Race_stats_Dame_cygne,16,FALSE)) -> 0 | Q56: =IF(OR(Ethnie=0,Ethnie="Standard"),0,VLOOKUP(Ethnie,Race_stats_Dame_cygne,17,FALSE)) -> 0 | R56: =IF(OR(Ethnie=0,Ethnie="Standard"),0,VLOOKUP(Ethnie,Race_stats_Dame_cygne,18,FALSE)) -> 0 | S56: =IF(OR(Ethnie=0,Ethnie="Standard"),0,VLOOKUP(Ethnie,Race_stats_Dame_cygne,19,FALSE)) -> 0 | T56: =IF(OR(Ethnie=0,Ethnie="Standard"),0,VLOOKUP(Ethnie,Race_stats_Dame_cygne,20,FALSE)) -> 0 | U56: =IF(OR(Ethnie=0,Ethnie="Standard"),0,VLOOKUP(Ethnie,Race_stats_Dame_cygne,21,FALSE)) -> 0 | V56: =IF(OR(Ethnie=0,Ethnie="Standard"),0,VLOOKUP(Ethnie,Race_stats_Dame_cygne,22,FALSE)) -> 0 | W56: =IF(B56=1,1,0) -> 0
A57: Demi-Dragon | B57: 19 | C57: =IF(OR(Ethnie=0,Ethnie="Standard"),"—",VLOOKUP(Ethnie,Race_stats_dDragon,3,FALSE)) -> — | D57: =IF(OR(Ethnie=0,Ethnie="Standard"),"—",VLOOKUP(Ethnie,Race_stats_dDragon,4,FALSE)) -> — | E57: =IF(OR(Ethnie=0,Ethnie="Standard"),"—",VLOOKUP(Ethnie,Race_stats_dDragon,5,FALSE)) -> — | F57: =IF(OR(Ethnie=0,Ethnie="Standard"),"—",VLOOKUP(Ethnie,Race_stats_dDragon,6,FALSE)) -> — | G57: =IF(OR(Ethnie=0,Ethnie="Standard"),"—",VLOOKUP(Ethnie,Race_stats_dDragon,7,FALSE)) -> — | H57: =IF(OR(Ethnie=0,Ethnie="Standard"),"—",VLOOKUP(Ethnie,Race_stats_dDragon,8,FALSE)) -> — | I57: =IF(OR(Ethnie=0,Ethnie="Standard"),"Aucune",VLOOKUP(Ethnie,Race_stats_dDragon,10,FALSE)) -> Aucune | J57: =IF(OR(Ethnie=0,Ethnie="Standard"),0,VLOOKUP(Ethnie,Race_stats_dDragon,10,FALSE)) -> 0 | K57: =IF(OR(Ethnie=0,Ethnie="Standard"),0,VLOOKUP(Ethnie,Race_stats_dDragon,11,FALSE)) -> 0 | L57: =IF(OR(Ethnie=0,Ethnie="Standard"),0,VLOOKUP(Ethnie,Race_stats_dDragon,12,FALSE)) -> 0 | M57: =IF(OR(Ethnie=0,Ethnie="Standard"),0,VLOOKUP(Ethnie,Race_stats_dDragon,13,FALSE)) -> 0 | N57: =IF(OR(Ethnie=0,Ethnie="Standard"),0,VLOOKUP(Ethnie,Race_stats_dDragon,14,FALSE)) -> 0 | O57: =IF(OR(Ethnie=0,Ethnie="Standard"),0,VLOOKUP(Ethnie,Race_stats_dDragon,15,FALSE)) -> 0 | P57: =IF(OR(Ethnie=0,Ethnie="Standard"),0,VLOOKUP(Ethnie,Race_stats_dDragon,16,FALSE)) -> 0 | Q57: =IF(OR(Ethnie=0,Ethnie="Standard"),0,VLOOKUP(Ethnie,Race_stats_dDragon,17,FALSE)) -> 0 | R57: =IF(OR(Ethnie=0,Ethnie="Standard"),0,VLOOKUP(Ethnie,Race_stats_dDragon,18,FALSE)) -> 0 | S57: =IF(OR(Ethnie=0,Ethnie="Standard"),0,VLOOKUP(Ethnie,Race_stats_dDragon,19,FALSE)) -> 0 | T57: =IF(OR(Ethnie=0,Ethnie="Standard"),0,VLOOKUP(Ethnie,Race_stats_dDragon,20,FALSE)) -> 0 | U57: =IF(OR(Ethnie=0,Ethnie="Standard"),0,VLOOKUP(Ethnie,Race_stats_dDragon,21,FALSE)) -> 0 | V57: =IF(OR(Ethnie=0,Ethnie="Standard"),0,VLOOKUP(Ethnie,Race_stats_dDragon,22,FALSE)) -> 0 | W57: =IF(B57=1,1,0) -> 0
A58: Demi-Elfe | B58: 2 | C58: =IF(OR(Ethnie=0,Ethnie="Standard"),VLOOKUP("Standard",Race_stats_demi_elfe,3,FALSE),VLOOKUP(Ethnie,Race_stats_demi_elfe,3,FALSE)) -> — | D58: =IF(OR(Ethnie=0,Ethnie="Standard"),VLOOKUP("Standard",Race_stats_demi_elfe,4,FALSE),VLOOKUP(Ethnie,Race_stats_demi_elfe,4,FALSE)) -> — | E58: =IF(OR(Ethnie=0,Ethnie="Standard"),VLOOKUP("Standard",Race_stats_demi_elfe,5,FALSE),VLOOKUP(Ethnie,Race_stats_demi_elfe,5,FALSE)) -> — | F58: =IF(OR(Ethnie=0,Ethnie="Standard"),VLOOKUP("Standard",Race_stats_demi_elfe,6,FALSE),VLOOKUP(Ethnie,Race_stats_demi_elfe,6,FALSE)) -> — | G58: =IF(OR(Ethnie=0,Ethnie="Standard"),VLOOKUP("Standard",Race_stats_demi_elfe,7,FALSE),VLOOKUP(Ethnie,Race_stats_demi_elfe,7,FALSE)) -> — | H58: =IF(OR(Ethnie=0,Ethnie="Standard"),VLOOKUP("Standard",Race_stats_demi_elfe,8,FALSE),VLOOKUP(Ethnie,Race_stats_demi_elfe,8,FALSE)) -> — | I58: =IF(OR(Ethnie=0,Ethnie="Standard"),"Aucune",VLOOKUP(Ethnie,Race_stats_demi_elfe,9,FALSE)) -> Aucune | J58: =IF(OR(Ethnie=0,Ethnie="Standard"),VLOOKUP("Standard",Race_stats_demi_elfe,10,FALSE),VLOOKUP(Ethnie,Race_stats_demi_elfe,10,FALSE)) -> 0.1 | K58: =IF(OR(Ethnie=0,Ethnie="Standard"),VLOOKUP("Standard",Race_stats_demi_elfe,11,FALSE),VLOOKUP(Ethnie,Race_stats_demi_elfe,11,FALSE)) -> 0 | L58: =IF(OR(Ethnie=0,Ethnie="Standard"),VLOOKUP("Standard",Race_stats_demi_elfe,12,FALSE),VLOOKUP(Ethnie,Race_stats_demi_elfe,12,FALSE)) -> 0 | M58: =IF(OR(Ethnie=0,Ethnie="Standard"),VLOOKUP("Standard",Race_stats_demi_elfe,13,FALSE),VLOOKUP(Ethnie,Race_stats_demi_elfe,13,FALSE)) -> 0 | N58: =IF(OR(Ethnie=0,Ethnie="Standard"),VLOOKUP("Standard",Race_stats_demi_elfe,14,FALSE),VLOOKUP(Ethnie,Race_stats_demi_elfe,14,FALSE)) -> 0.05 | O58: =IF(OR(Ethnie=0,Ethnie="Standard"),VLOOKUP("Standard",Race_stats_demi_elfe,15,FALSE),VLOOKUP(Ethnie,Race_stats_demi_elfe,15,FALSE)) -> 0 | P58: =IF(OR(Ethnie=0,Ethnie="Standard"),VLOOKUP("Standard",Race_stats_demi_elfe,16,FALSE),VLOOKUP(Ethnie,Race_stats_demi_elfe,16,FALSE)) -> 0 | Q58: =IF(OR(Ethnie=0,Ethnie="Standard"),VLOOKUP("Standard",Race_stats_demi_elfe,17,FALSE),VLOOKUP(Ethnie,Race_stats_demi_elfe,17,FALSE)) -> 0 | R58: =IF(OR(Ethnie=0,Ethnie="Standard"),VLOOKUP("Standard",Race_stats_demi_elfe,18,FALSE),VLOOKUP(Ethnie,Race_stats_demi_elfe,18,FALSE)) -> 0.05 | S58: =IF(OR(Ethnie=0,Ethnie="Standard"),VLOOKUP("Standard",Race_stats_demi_elfe,19,FALSE),VLOOKUP(Ethnie,Race_stats_demi_elfe,19,FALSE)) -> 0.05 | T58: =IF(OR(Ethnie=0,Ethnie="Standard"),VLOOKUP("Standard",Race_stats_demi_elfe,20,FALSE),VLOOKUP(Ethnie,Race_stats_demi_elfe,20,FALSE)) -> 0.05 | U58: =IF(OR(Ethnie=0,Ethnie="Standard"),VLOOKUP("Standard",Race_stats_demi_elfe,21,FALSE),VLOOKUP(Ethnie,Race_stats_demi_elfe,21,FALSE)) -> -0.05 | V58: =IF(OR(Ethnie=0,Ethnie="Standard"),VLOOKUP("Standard",Race_stats_demi_elfe,22,FALSE),VLOOKUP(Ethnie,Race_stats_demi_elfe,22,FALSE)) -> 0 | W58: =IF(B58=1,1,0) -> 0
A59: Demi-Ogre | B59: 1 | C59: +1 | D59: — | E59: +1 | F59: –1 | G59: — | H59: –1 | I59: 8 | J59: 0 | K59: 0 | L59: 0 | M59: 0 | N59: 0 | O59: 0 | P59: 0 | Q59: 0 | R59: -0.05 | S59: -0.1 | T59: 0.05 | U59: -0.05 | V59: 0.05 | W59: =IF(B59=1,1,0) -> 1
A60: Demi-Orque | B60: 1 | C60: +1 | D60: — | E60: +1 | F60: — | G60: — | H60: –2 | I60: Aucune | J60: -0.05 | K60: 0.05 | L60: 0.05 | M60: 0 | N60: 0 | O60: 0.05 | P60: 0.05 | Q60: -0.1 | R60: 0 | S60: -0.05 | T60: 0.1 | U60: 0 | V60: 0 | W60: =IF(B60=1,1,0) -> 1
A61: Diopsid | B61: 1 | C61: +1 | D61: — | E61: — | F61: — | G61: — | H61: –1 | I61: 4 | J61: 0.05 | K61: 0 | L61: 0 | M61: 0 | N61: 0 | O61: 0.1 | P61: 0 | Q61: -0.15 | R61: 0 | S61: 0 | T61: 0 | U61: 0 | V61: 0 | W61: =IF(B61=1,1,0) -> 1
A62: Dracon | B62: 1 | C62: +1 | D62: –1 | E62: — | F62: — | G62: — | H62: — | I62: 5 | J62: 0 | K62: 0 | L62: 0 | M62: 0 | N62: 0 | O62: 0 | P62: 0 | Q62: 0 | R62: 0 | S62: 0 | T62: 0 | U62: 0 | V62: 0 | W62: =IF(B62=1,1,0) -> 1
A63: Draconian, Sesk | B63: 1 | C63: –1 | D63: –1 | E63: — | F63: +2 | G63: — | H63: — | I63: Inconnu | J63: 0 | K63: 0 | L63: 0 | M63: 0 | N63: 0 | O63: 0 | P63: 0 | Q63: 0 | R63: 0 | S63: 0 | T63: 0 | U63: 0 | V63: 0 | W63: =IF(B63=1,1,0) -> 1
A64: Dragon | B64: 12 | C64: =IF(OR(Ethnie=0,Ethnie="Standard"),"—",VLOOKUP(Ethnie,Race_stats_Dragon,3,FALSE)) -> — | D64: =IF(OR(Ethnie=0,Ethnie="Standard"),"—",VLOOKUP(Ethnie,Race_stats_Dragon,4,FALSE)) -> — | E64: =IF(OR(Ethnie=0,Ethnie="Standard"),"—",VLOOKUP(Ethnie,Race_stats_Dragon,5,FALSE)) -> — | F64: =IF(OR(Ethnie=0,Ethnie="Standard"),"—",VLOOKUP(Ethnie,Race_stats_Dragon,6,FALSE)) -> — | G64: =IF(OR(Ethnie=0,Ethnie="Standard"),"—",VLOOKUP(Ethnie,Race_stats_Dragon,7,FALSE)) -> — | H64: =IF(OR(Ethnie=0,Ethnie="Standard"),"—",VLOOKUP(Ethnie,Race_stats_Dragon,8,FALSE)) -> — | I64: =IF(OR(Ethnie=0,Ethnie="Standard"),"relatif",VLOOKUP(Ethnie,Race_stats_Dragon,9,FALSE)) -> relatif | J64: =IF(OR(Ethnie=0,Ethnie="Standard"),0,VLOOKUP(Ethnie,Race_stats_Dragon,10,FALSE)) -> 0 | K64: =IF(OR(Ethnie=0,Ethnie="Standard"),0,VLOOKUP(Ethnie,Race_stats_Dragon,11,FALSE)) -> 0 | L64: =IF(OR(Ethnie=0,Ethnie="Standard"),0,VLOOKUP(Ethnie,Race_stats_Dragon,12,FALSE)) -> 0 | M64: =IF(OR(Ethnie=0,Ethnie="Standard"),0,VLOOKUP(Ethnie,Race_stats_Dragon,13,FALSE)) -> 0 | N64: =IF(OR(Ethnie=0,Ethnie="Standard"),0,VLOOKUP(Ethnie,Race_stats_Dragon,14,FALSE)) -> 0 | O64: =IF(OR(Ethnie=0,Ethnie="Standard"),0,VLOOKUP(Ethnie,Race_stats_Dragon,15,FALSE)) -> 0 | P64: =IF(OR(Ethnie=0,Ethnie="Standard"),0,VLOOKUP(Ethnie,Race_stats_Dragon,16,FALSE)) -> 0 | Q64: =IF(OR(Ethnie=0,Ethnie="Standard"),0,VLOOKUP(Ethnie,Race_stats_Dragon,17,FALSE)) -> 0 | R64: =IF(OR(Ethnie=0,Ethnie="Standard"),0,VLOOKUP(Ethnie,Race_stats_Dragon,18,FALSE)) -> 0 | S64: =IF(OR(Ethnie=0,Ethnie="Standard"),0,VLOOKUP(Ethnie,Race_stats_Dragon,19,FALSE)) -> 0 | T64: =IF(OR(Ethnie=0,Ethnie="Standard"),0,VLOOKUP(Ethnie,Race_stats_Dragon,20,FALSE)) -> 0 | U64: =IF(OR(Ethnie=0,Ethnie="Standard"),0,VLOOKUP(Ethnie,Race_stats_Dragon,21,FALSE)) -> 0 | V64: =IF(OR(Ethnie=0,Ethnie="Standard"),0,VLOOKUP(Ethnie,Race_stats_Dragon,22,FALSE)) -> 0 | W64: =IF(B64=1,1,0) -> 0
A65: Eladrin | B65: 13 | C65: =IF(OR(Ethnie=0,Ethnie="Standard"),"—",VLOOKUP(Ethnie,Race_stats_Eladrin,3,FALSE)) -> — | D65: =IF(OR(Ethnie=0,Ethnie="Standard"),"—",VLOOKUP(Ethnie,Race_stats_Eladrin,4,FALSE)) -> — | E65: =IF(OR(Ethnie=0,Ethnie="Standard"),"—",VLOOKUP(Ethnie,Race_stats_Eladrin,5,FALSE)) -> — | F65: =IF(OR(Ethnie=0,Ethnie="Standard"),"—",VLOOKUP(Ethnie,Race_stats_Eladrin,6,FALSE)) -> — | G65: =IF(OR(Ethnie=0,Ethnie="Standard"),"—",VLOOKUP(Ethnie,Race_stats_Eladrin,7,FALSE)) -> — | H65: =IF(OR(Ethnie=0,Ethnie="Standard"),"—",VLOOKUP(Ethnie,Race_stats_Eladrin,8,FALSE)) -> — | I65: =IF(OR(Ethnie=0,Ethnie="Standard"),"Aucune",VLOOKUP(Ethnie,Race_stats_Eladrin,9,FALSE)) -> Aucune | J65: =IF(OR(Ethnie=0,Ethnie="Standard"),0,VLOOKUP(Ethnie,Race_stats_Eladrin,10,FALSE)) -> 0 | K65: =IF(OR(Ethnie=0,Ethnie="Standard"),0,VLOOKUP(Ethnie,Race_stats_Eladrin,11,FALSE)) -> 0 | L65: =IF(OR(Ethnie=0,Ethnie="Standard"),0,VLOOKUP(Ethnie,Race_stats_Eladrin,12,FALSE)) -> 0 | M65: =IF(OR(Ethnie=0,Ethnie="Standard"),0,VLOOKUP(Ethnie,Race_stats_Eladrin,13,FALSE)) -> 0 | N65: =IF(OR(Ethnie=0,Ethnie="Standard"),0,VLOOKUP(Ethnie,Race_stats_Eladrin,14,FALSE)) -> 0 | O65: =IF(OR(Ethnie=0,Ethnie="Standard"),0,VLOOKUP(Ethnie,Race_stats_Eladrin,15,FALSE)) -> 0 | P65: =IF(OR(Ethnie=0,Ethnie="Standard"),0,VLOOKUP(Ethnie,Race_stats_Eladrin,16,FALSE)) -> 0 | Q65: =IF(OR(Ethnie=0,Ethnie="Standard"),0,VLOOKUP(Ethnie,Race_stats_Eladrin,17,FALSE)) -> 0 | R65: =IF(OR(Ethnie=0,Ethnie="Standard"),0,VLOOKUP(Ethnie,Race_stats_Eladrin,18,FALSE)) -> 0 | S65: =IF(OR(Ethnie=0,Ethnie="Standard"),0,VLOOKUP(Ethnie,Race_stats_Eladrin,19,FALSE)) -> 0 | T65: =IF(OR(Ethnie=0,Ethnie="Standard"),0,VLOOKUP(Ethnie,Race_stats_Eladrin,20,FALSE)) -> 0 | U65: =IF(OR(Ethnie=0,Ethnie="Standard"),0,VLOOKUP(Ethnie,Race_stats_Eladrin,21,FALSE)) -> 0 | V65: =IF(OR(Ethnie=0,Ethnie="Standard"),0,VLOOKUP(Ethnie,Race_stats_Eladrin,22,FALSE)) -> 0 | W65: =IF(B65=1,1,0) -> 0
A66: Elfe | B66: 6 | C66: =IF(OR(Ethnie=0,Ethnie="Standard"),VLOOKUP("Standard",Race_stats_Elfe,3,FALSE),VLOOKUP(Ethnie,Race_stats_Elfe,3,FALSE)) -> — | D66: =IF(OR(Ethnie=0,Ethnie="Standard"),VLOOKUP("Standard",Race_stats_Elfe,4,FALSE),VLOOKUP(Ethnie,Race_stats_Elfe,4,FALSE)) -> +1 | E66: =IF(OR(Ethnie=0,Ethnie="Standard"),VLOOKUP("Standard",Race_stats_Elfe,5,FALSE),VLOOKUP(Ethnie,Race_stats_Elfe,5,FALSE)) -> –1 | F66: =IF(OR(Ethnie=0,Ethnie="Standard"),VLOOKUP("Standard",Race_stats_Elfe,6,FALSE),VLOOKUP(Ethnie,Race_stats_Elfe,6,FALSE)) -> — | G66: =IF(OR(Ethnie=0,Ethnie="Standard"),VLOOKUP("Standard",Race_stats_Elfe,7,FALSE),VLOOKUP(Ethnie,Race_stats_Elfe,7,FALSE)) -> — | H66: =IF(OR(Ethnie=0,Ethnie="Standard"),VLOOKUP("Standard",Race_stats_Elfe,8,FALSE),VLOOKUP(Ethnie,Race_stats_Elfe,8,FALSE)) -> — | I66: =IF(OR(Ethnie=0,Ethnie="Standard"),VLOOKUP("Standard",Race_stats_Elfe,9,FALSE),VLOOKUP(Ethnie,Race_stats_Elfe,9,FALSE)) -> Aucune | J66: =IF(OR(Ethnie=0,Ethnie="Standard"),VLOOKUP("Standard",Race_stats_Elfe,10,FALSE),VLOOKUP(Ethnie,Race_stats_Elfe,10,FALSE)) -> 0.05 | K66: =IF(OR(Ethnie=0,Ethnie="Standard"),VLOOKUP("Standard",Race_stats_Elfe,11,FALSE),VLOOKUP(Ethnie,Race_stats_Elfe,11,FALSE)) -> -0.05 | L66: =IF(OR(Ethnie=0,Ethnie="Standard"),VLOOKUP("Standard",Race_stats_Elfe,12,FALSE),VLOOKUP(Ethnie,Race_stats_Elfe,12,FALSE)) -> 0 | M66: =IF(OR(Ethnie=0,Ethnie="Standard"),VLOOKUP("Standard",Race_stats_Elfe,13,FALSE),VLOOKUP(Ethnie,Race_stats_Elfe,13,FALSE)) -> 0.05 | N66: =IF(OR(Ethnie=0,Ethnie="Standard"),VLOOKUP("Standard",Race_stats_Elfe,14,FALSE),VLOOKUP(Ethnie,Race_stats_Elfe,14,FALSE)) -> 0.1 | O66: =IF(OR(Ethnie=0,Ethnie="Standard"),VLOOKUP("Standard",Race_stats_Elfe,15,FALSE),VLOOKUP(Ethnie,Race_stats_Elfe,15,FALSE)) -> 0.05 | P66: =IF(OR(Ethnie=0,Ethnie="Standard"),VLOOKUP("Standard",Race_stats_Elfe,16,FALSE),VLOOKUP(Ethnie,Race_stats_Elfe,16,FALSE)) -> 0 | Q66: =IF(OR(Ethnie=0,Ethnie="Standard"),VLOOKUP("Standard",Race_stats_Elfe,17,FALSE),VLOOKUP(Ethnie,Race_stats_Elfe,17,FALSE)) -> 0 | R66: =IF(OR(Ethnie=0,Ethnie="Standard"),VLOOKUP("Standard",Race_stats_Elfe,18,FALSE),VLOOKUP(Ethnie,Race_stats_Elfe,18,FALSE)) -> 0 | S66: =IF(OR(Ethnie=0,Ethnie="Standard"),VLOOKUP("Standard",Race_stats_Elfe,19,FALSE),VLOOKUP(Ethnie,Race_stats_Elfe,19,FALSE)) -> 0 | T66: =IF(OR(Ethnie=0,Ethnie="Standard"),VLOOKUP("Standard",Race_stats_Elfe,20,FALSE),VLOOKUP(Ethnie,Race_stats_Elfe,20,FALSE)) -> 0 | U66: =IF(OR(Ethnie=0,Ethnie="Standard"),VLOOKUP("Standard",Race_stats_Elfe,21,FALSE),VLOOKUP(Ethnie,Race_stats_Elfe,21,FALSE)) -> 0 | V66: =IF(OR(Ethnie=0,Ethnie="Standard"),VLOOKUP("Standard",Race_stats_Elfe,22,FALSE),VLOOKUP(Ethnie,Race_stats_Elfe,22,FALSE)) -> 0 | W66: =IF(B66=1,1,0) -> 0
A67: Fainil | B67: 1 | C67: –1 | D67: +1 | E67: –1 | F67: — | G67: — | H67: — | I67: Inconnu | J67: 0 | K67: 0 | L67: 0 | M67: -0.15 | N67: 0.1 | O67: 0.05 | P67: 0 | Q67: 0 | R67: 0 | S67: 0 | T67: 0 | U67: 0 | V67: 0 | W67: =IF(B67=1,1,0) -> 1
A68: Genasis | B68: 8 | C68: =IF(OR(Ethnie=0,Ethnie="Standard"),"—",VLOOKUP(Ethnie,Race_stats_Genasis,3,FALSE)) -> — | D68: =IF(OR(Ethnie=0,Ethnie="Standard"),"—",VLOOKUP(Ethnie,Race_stats_Genasis,4,FALSE)) -> — | E68: =IF(OR(Ethnie=0,Ethnie="Standard"),"—",VLOOKUP(Ethnie,Race_stats_Genasis,5,FALSE)) -> — | F68: =IF(OR(Ethnie=0,Ethnie="Standard"),"—",VLOOKUP(Ethnie,Race_stats_Genasis,6,FALSE)) -> — | G68: =IF(OR(Ethnie=0,Ethnie="Standard"),"—",VLOOKUP(Ethnie,Race_stats_Genasis,7,FALSE)) -> — | H68: =IF(OR(Ethnie=0,Ethnie="Standard"),"—",VLOOKUP(Ethnie,Race_stats_Genasis,8,FALSE)) -> — | I68: =IF(OR(Ethnie=0,Ethnie="Standard"),"Aucune",VLOOKUP(Ethnie,Race_stats_Genasis,9,FALSE)) -> Aucune | J68: =IF(OR(Ethnie=0,Ethnie="Standard"),0,VLOOKUP(Ethnie,Race_stats_Genasis,10,FALSE)) -> 0 | K68: =IF(OR(Ethnie=0,Ethnie="Standard"),0,VLOOKUP(Ethnie,Race_stats_Genasis,11,FALSE)) -> 0 | L68: =IF(OR(Ethnie=0,Ethnie="Standard"),0,VLOOKUP(Ethnie,Race_stats_Genasis,12,FALSE)) -> 0 | M68: =IF(OR(Ethnie=0,Ethnie="Standard"),0,VLOOKUP(Ethnie,Race_stats_Genasis,13,FALSE)) -> 0 | N68: =IF(OR(Ethnie=0,Ethnie="Standard"),0,VLOOKUP(Ethnie,Race_stats_Genasis,14,FALSE)) -> 0 | O68: =IF(OR(Ethnie=0,Ethnie="Standard"),0,VLOOKUP(Ethnie,Race_stats_Genasis,15,FALSE)) -> 0 | P68: =IF(OR(Ethnie=0,Ethnie="Standard"),0,VLOOKUP(Ethnie,Race_stats_Genasis,16,FALSE)) -> 0 | Q68: =IF(OR(Ethnie=0,Ethnie="Standard"),0,VLOOKUP(Ethnie,Race_stats_Genasis,17,FALSE)) -> 0 | R68: =IF(OR(Ethnie=0,Ethnie="Standard"),0,VLOOKUP(Ethnie,Race_stats_Genasis,18,FALSE)) -> 0 | S68: =IF(OR(Ethnie=0,Ethnie="Standard"),0,VLOOKUP(Ethnie,Race_stats_Genasis,19,FALSE)) -> 0 | T68: =IF(OR(Ethnie=0,Ethnie="Standard"),0,VLOOKUP(Ethnie,Race_stats_Genasis,20,FALSE)) -> 0 | U68: =IF(OR(Ethnie=0,Ethnie="Standard"),0,VLOOKUP(Ethnie,Race_stats_Genasis,21,FALSE)) -> 0 | V68: =IF(OR(Ethnie=0,Ethnie="Standard"),0,VLOOKUP(Ethnie,Race_stats_Genasis,22,FALSE)) -> 0 | W68: =IF(B68=1,1,0) -> 0
A69: Grouilleux | B69: 1 | C69: — | D69: — | E69: +1 | F69: –1 | G69: — | H69: –1 | I69: Aucune | J69: 0 | K69: 0 | L69: 0 | M69: -0.05 | N69: 0.05 | O69: 0 | P69: 0.05 | Q69: 0 | R69: 0 | S69: 0 | T69: 0 | U69: 0 | V69: 0 | W69: =IF(B69=1,1,0) -> 1
A70: Giff | B70: 1 | C70: +2 | D70: — | E70: — | F70: –1 | G70: — | H70: — | I70: 6 | J70: 0 | K70: 0.05 | L70: 0.1 | M70: -0.05 | N70: -0.05 | O70: 0 | P70: -0.2 | Q70: 0.05 | R70: 0 | S70: 0 | T70: 0 | U70: 0 | V70: 0 | W70: =IF(B70=1,1,0) -> 1
A71: Githzeraï | B71: 1 | C71: –1 | D71: +1 | E71: — | F71: +1 | G71: –1 | H71: — | I71: Aucune | J71: 0 | K71: 0 | L71: 0 | M71: 0 | N71: 0 | O71: 0 | P71: 0 | Q71: 0 | R71: 0 | S71: 0 | T71: 0 | U71: 0 | V71: 0 | W71: =IF(B71=1,1,0) -> 1
A72: Gnoll | B72: 16 | C72: =IF(OR(Ethnie=0,Ethnie="Standard"),VLOOKUP("Gnoll",Race_stats_Gnoll,3,FALSE),VLOOKUP(Ethnie,Race_stats_Gnoll,3,FALSE)) -> +1 | D72: =IF(OR(Ethnie=0,Ethnie="Standard"),VLOOKUP("Gnoll",Race_stats_Gnoll,4,FALSE),VLOOKUP(Ethnie,Race_stats_Gnoll,4,FALSE)) -> — | E72: =IF(OR(Ethnie=0,Ethnie="Standard"),VLOOKUP("Gnoll",Race_stats_Gnoll,5,FALSE),VLOOKUP(Ethnie,Race_stats_Gnoll,5,FALSE)) -> — | F72: =IF(OR(Ethnie=0,Ethnie="Standard"),VLOOKUP("Gnoll",Race_stats_Gnoll,6,FALSE),VLOOKUP(Ethnie,Race_stats_Gnoll,6,FALSE)) -> –1 | G72: =IF(OR(Ethnie=0,Ethnie="Standard"),VLOOKUP("Gnoll",Race_stats_Gnoll,7,FALSE),VLOOKUP(Ethnie,Race_stats_Gnoll,7,FALSE)) -> — | H72: =IF(OR(Ethnie=0,Ethnie="Standard"),VLOOKUP("Gnoll",Race_stats_Gnoll,8,FALSE),VLOOKUP(Ethnie,Race_stats_Gnoll,8,FALSE)) -> –1 | I72: =IF(OR(Ethnie=0,Ethnie="Standard"),"Aucune",VLOOKUP(Ethnie,Race_stats_Gnoll,9,FALSE)) -> Aucune | J72: =IF(OR(Ethnie=0,Ethnie="Standard"),VLOOKUP("Gnoll",Race_stats_Gnoll,10,FALSE),VLOOKUP(Ethnie,Race_stats_Gnoll,10,FALSE)) -> -0.05 | K72: =IF(OR(Ethnie=0,Ethnie="Standard"),VLOOKUP("Gnoll",Race_stats_Gnoll,11,FALSE),VLOOKUP(Ethnie,Race_stats_Gnoll,11,FALSE)) -> -0.05 | L72: =IF(OR(Ethnie=0,Ethnie="Standard"),VLOOKUP("Gnoll",Race_stats_Gnoll,12,FALSE),VLOOKUP(Ethnie,Race_stats_Gnoll,12,FALSE)) -> 0 | M72: =IF(OR(Ethnie=0,Ethnie="Standard"),VLOOKUP("Gnoll",Race_stats_Gnoll,13,FALSE),VLOOKUP(Ethnie,Race_stats_Gnoll,13,FALSE)) -> 0 | N72: =IF(OR(Ethnie=0,Ethnie="Standard"),VLOOKUP("Gnoll",Race_stats_Gnoll,14,FALSE),VLOOKUP(Ethnie,Race_stats_Gnoll,14,FALSE)) -> 0.05 | O72: =IF(OR(Ethnie=0,Ethnie="Standard"),VLOOKUP("Gnoll",Race_stats_Gnoll,15,FALSE),VLOOKUP(Ethnie,Race_stats_Gnoll,15,FALSE)) -> 0.05 | P72: =IF(OR(Ethnie=0,Ethnie="Standard"),VLOOKUP("Gnoll",Race_stats_Gnoll,16,FALSE),VLOOKUP(Ethnie,Race_stats_Gnoll,16,FALSE)) -> 0 | Q72: =IF(OR(Ethnie=0,Ethnie="Standard"),VLOOKUP("Gnoll",Race_stats_Gnoll,17,FALSE),VLOOKUP(Ethnie,Race_stats_Gnoll,17,FALSE)) -> -0.1 | R72: =IF(OR(Ethnie=0,Ethnie="Standard"),VLOOKUP("Gnoll",Race_stats_Gnoll,18,FALSE),VLOOKUP(Ethnie,Race_stats_Gnoll,18,FALSE)) -> 0 | S72: =IF(OR(Ethnie=0,Ethnie="Standard"),VLOOKUP("Gnoll",Race_stats_Gnoll,19,FALSE),VLOOKUP(Ethnie,Race_stats_Gnoll,19,FALSE)) -> 0 | T72: =IF(OR(Ethnie=0,Ethnie="Standard"),VLOOKUP("Gnoll",Race_stats_Gnoll,20,FALSE),VLOOKUP(Ethnie,Race_stats_Gnoll,20,FALSE)) -> 0 | U72: =IF(OR(Ethnie=0,Ethnie="Standard"),VLOOKUP("Gnoll",Race_stats_Gnoll,21,FALSE),VLOOKUP(Ethnie,Race_stats_Gnoll,21,FALSE)) -> 0 | V72: =IF(OR(Ethnie=0,Ethnie="Standard"),VLOOKUP("Gnoll",Race_stats_Gnoll,22,FALSE),VLOOKUP(Ethnie,Race_stats_Gnoll,22,FALSE)) -> 0 | W72: =IF(B72=1,1,0) -> 0
A73: Gnome | B73: 7 | C73: =IF(OR(Ethnie=0,Ethnie="Standard"),VLOOKUP("Standard",Race_stats_Gnome,3,FALSE),VLOOKUP(Ethnie,Race_stats_Gnome,3,FALSE)) -> — | D73: =IF(OR(Ethnie=0,Ethnie="Standard"),VLOOKUP("Standard",Race_stats_Gnome,4,FALSE),VLOOKUP(Ethnie,Race_stats_Gnome,4,FALSE)) -> — | E73: =IF(OR(Ethnie=0,Ethnie="Standard"),VLOOKUP("Standard",Race_stats_Gnome,5,FALSE),VLOOKUP(Ethnie,Race_stats_Gnome,5,FALSE)) -> — | F73: =IF(OR(Ethnie=0,Ethnie="Standard"),VLOOKUP("Standard",Race_stats_Gnome,6,FALSE),VLOOKUP(Ethnie,Race_stats_Gnome,6,FALSE)) -> +1 | G73: =IF(OR(Ethnie=0,Ethnie="Standard"),VLOOKUP("Standard",Race_stats_Gnome,7,FALSE),VLOOKUP(Ethnie,Race_stats_Gnome,7,FALSE)) -> –1 | H73: =IF(OR(Ethnie=0,Ethnie="Standard"),VLOOKUP("Standard",Race_stats_Gnome,8,FALSE),VLOOKUP(Ethnie,Race_stats_Gnome,8,FALSE)) -> — | I73: =IF(OR(Ethnie=0,Ethnie="Standard"),VLOOKUP("Standard",Race_stats_Gnome,9,FALSE),VLOOKUP(Ethnie,Race_stats_Gnome,9,FALSE)) -> Aucune | J73: =IF(OR(Ethnie=0,Ethnie="Standard"),VLOOKUP("Standard",Race_stats_Gnome,10,FALSE),VLOOKUP(Ethnie,Race_stats_Gnome,10,FALSE)) -> 0 | K73: =IF(OR(Ethnie=0,Ethnie="Standard"),VLOOKUP("Standard",Race_stats_Gnome,11,FALSE),VLOOKUP(Ethnie,Race_stats_Gnome,11,FALSE)) -> 0.05 | L73: =IF(OR(Ethnie=0,Ethnie="Standard"),VLOOKUP("Standard",Race_stats_Gnome,12,FALSE),VLOOKUP(Ethnie,Race_stats_Gnome,12,FALSE)) -> 0.1 | M73: =IF(OR(Ethnie=0,Ethnie="Standard"),VLOOKUP("Standard",Race_stats_Gnome,13,FALSE),VLOOKUP(Ethnie,Race_stats_Gnome,13,FALSE)) -> 0.05 | N73: =IF(OR(Ethnie=0,Ethnie="Standard"),VLOOKUP("Standard",Race_stats_Gnome,14,FALSE),VLOOKUP(Ethnie,Race_stats_Gnome,14,FALSE)) -> 0.05 | O73: =IF(OR(Ethnie=0,Ethnie="Standard"),VLOOKUP("Standard",Race_stats_Gnome,15,FALSE),VLOOKUP(Ethnie,Race_stats_Gnome,15,FALSE)) -> 0.1 | P73: =IF(OR(Ethnie=0,Ethnie="Standard"),VLOOKUP("Standard",Race_stats_Gnome,16,FALSE),VLOOKUP(Ethnie,Race_stats_Gnome,16,FALSE)) -> -0.15 | Q73: =IF(OR(Ethnie=0,Ethnie="Standard"),VLOOKUP("Standard",Race_stats_Gnome,17,FALSE),VLOOKUP(Ethnie,Race_stats_Gnome,17,FALSE)) -> 0 | R73: =IF(OR(Ethnie=0,Ethnie="Standard"),VLOOKUP("Standard",Race_stats_Gnome,18,FALSE),VLOOKUP(Ethnie,Race_stats_Gnome,18,FALSE)) -> 0.05 | S73: =IF(OR(Ethnie=0,Ethnie="Standard"),VLOOKUP("Standard",Race_stats_Gnome,19,FALSE),VLOOKUP(Ethnie,Race_stats_Gnome,19,FALSE)) -> 0.1 | T73: =IF(OR(Ethnie=0,Ethnie="Standard"),VLOOKUP("Standard",Race_stats_Gnome,20,FALSE),VLOOKUP(Ethnie,Race_stats_Gnome,20,FALSE)) -> 0.05 | U73: =IF(OR(Ethnie=0,Ethnie="Standard"),VLOOKUP("Standard",Race_stats_Gnome,21,FALSE),VLOOKUP(Ethnie,Race_stats_Gnome,21,FALSE)) -> 0.05 | V73: =IF(OR(Ethnie=0,Ethnie="Standard"),VLOOKUP("Standard",Race_stats_Gnome,22,FALSE),VLOOKUP(Ethnie,Race_stats_Gnome,22,FALSE)) -> 0 | W73: =IF(B73=1,1,0) -> 0
A74: Gobelin | B74: 17 | C74: =IF(OR(Ethnie=0,Ethnie="Standard"),VLOOKUP("Standard",Race_stats_Gobelin,3,FALSE),VLOOKUP(Ethnie,Race_stats_Gobelin,3,FALSE)) -> –1 | D74: =IF(OR(Ethnie=0,Ethnie="Standard"),VLOOKUP("Standard",Race_stats_Gobelin,4,FALSE),VLOOKUP(Ethnie,Race_stats_Gobelin,4,FALSE)) -> — | E74: =IF(OR(Ethnie=0,Ethnie="Standard"),VLOOKUP("Standard",Race_stats_Gobelin,5,FALSE),VLOOKUP(Ethnie,Race_stats_Gobelin,5,FALSE)) -> — | F74: =IF(OR(Ethnie=0,Ethnie="Standard"),VLOOKUP("Standard",Race_stats_Gobelin,6,FALSE),VLOOKUP(Ethnie,Race_stats_Gobelin,6,FALSE)) -> — | G74: =IF(OR(Ethnie=0,Ethnie="Standard"),VLOOKUP("Standard",Race_stats_Gobelin,7,FALSE),VLOOKUP(Ethnie,Race_stats_Gobelin,7,FALSE)) -> — | H74: =IF(OR(Ethnie=0,Ethnie="Standard"),VLOOKUP("Standard",Race_stats_Gobelin,8,FALSE),VLOOKUP(Ethnie,Race_stats_Gobelin,8,FALSE)) -> –1 | I74: =IF(OR(Ethnie=0,Ethnie="Standard"),"Aucune",VLOOKUP(Ethnie,Race_stats_Gobelin,9,FALSE)) -> Aucune | J74: =IF(OR(Ethnie=0,Ethnie="Standard"),VLOOKUP("Standard",Race_stats_Gobelin,10,FALSE),VLOOKUP(Ethnie,Race_stats_Gobelin,10,FALSE)) -> 0.05 | K74: =IF(OR(Ethnie=0,Ethnie="Standard"),VLOOKUP("Standard",Race_stats_Gobelin,11,FALSE),VLOOKUP(Ethnie,Race_stats_Gobelin,11,FALSE)) -> 0 | L74: =IF(OR(Ethnie=0,Ethnie="Standard"),VLOOKUP("Standard",Race_stats_Gobelin,12,FALSE),VLOOKUP(Ethnie,Race_stats_Gobelin,12,FALSE)) -> 0.1 | M74: =IF(OR(Ethnie=0,Ethnie="Standard"),VLOOKUP("Standard",Race_stats_Gobelin,13,FALSE),VLOOKUP(Ethnie,Race_stats_Gobelin,13,FALSE)) -> 0.05 | N74: =IF(OR(Ethnie=0,Ethnie="Standard"),VLOOKUP("Standard",Race_stats_Gobelin,14,FALSE),VLOOKUP(Ethnie,Race_stats_Gobelin,14,FALSE)) -> 0.05 | O74: =IF(OR(Ethnie=0,Ethnie="Standard"),VLOOKUP("Standard",Race_stats_Gobelin,15,FALSE),VLOOKUP(Ethnie,Race_stats_Gobelin,15,FALSE)) -> 0 | P74: =IF(OR(Ethnie=0,Ethnie="Standard"),VLOOKUP("Standard",Race_stats_Gobelin,16,FALSE),VLOOKUP(Ethnie,Race_stats_Gobelin,16,FALSE)) -> -0.1 | Q74: =IF(OR(Ethnie=0,Ethnie="Standard"),VLOOKUP("Standard",Race_stats_Gobelin,17,FALSE),VLOOKUP(Ethnie,Race_stats_Gobelin,17,FALSE)) -> -0.1 | R74: =IF(OR(Ethnie=0,Ethnie="Standard"),VLOOKUP("Standard",Race_stats_Gobelin,18,FALSE),VLOOKUP(Ethnie,Race_stats_Gobelin,18,FALSE)) -> 0 | S74: =IF(OR(Ethnie=0,Ethnie="Standard"),VLOOKUP("Standard",Race_stats_Gobelin,19,FALSE),VLOOKUP(Ethnie,Race_stats_Gobelin,19,FALSE)) -> 0 | T74: =IF(OR(Ethnie=0,Ethnie="Standard"),VLOOKUP("Standard",Race_stats_Gobelin,20,FALSE),VLOOKUP(Ethnie,Race_stats_Gobelin,20,FALSE)) -> 0 | U74: =IF(OR(Ethnie=0,Ethnie="Standard"),VLOOKUP("Standard",Race_stats_Gobelin,21,FALSE),VLOOKUP(Ethnie,Race_stats_Gobelin,21,FALSE)) -> 0 | V74: =IF(OR(Ethnie=0,Ethnie="Standard"),VLOOKUP("Standard",Race_stats_Gobelin,22,FALSE),VLOOKUP(Ethnie,Race_stats_Gobelin,22,FALSE)) -> 0 | W74: =IF(B74=1,1,0) -> 0
A75: Gobelours | B75: 1 | C75: +1 | D75: — | E75: — | F75: –1 | G75: — | H75: –1 | I75: Aucune | J75: -0.05 | K75: -0.05 | L75: 0 | M75: 0.1 | N75: 0.1 | O75: 0.05 | P75: -0.05 | Q75: -0.1 | R75: 0 | S75: 0 | T75: 0 | U75: 0 | V75: 0 | W75: =IF(B75=1,1,0) -> 1
A76: Gremlin | B76: 15 | C76: =IF(OR(Ethnie=0,Ethnie="Standard"),"—",VLOOKUP(Ethnie,Race_stats_Gremlin,3,FALSE)) -> — | D76: =IF(OR(Ethnie=0,Ethnie="Standard"),"—",VLOOKUP(Ethnie,Race_stats_Gremlin,4,FALSE)) -> — | E76: =IF(OR(Ethnie=0,Ethnie="Standard"),"—",VLOOKUP(Ethnie,Race_stats_Gremlin,5,FALSE)) -> — | F76: =IF(OR(Ethnie=0,Ethnie="Standard"),"—",VLOOKUP(Ethnie,Race_stats_Gremlin,6,FALSE)) -> — | G76: =IF(OR(Ethnie=0,Ethnie="Standard"),"—",VLOOKUP(Ethnie,Race_stats_Gremlin,7,FALSE)) -> — | H76: =IF(OR(Ethnie=0,Ethnie="Standard"),"—",VLOOKUP(Ethnie,Race_stats_Gremlin,8,FALSE)) -> — | I76: =IF(OR(Ethnie=0,Ethnie="Standard"),7,VLOOKUP(Ethnie,Race_stats_Gremlin,9,FALSE)) -> 7 | J76: =IF(OR(Ethnie=0,Ethnie="Standard"),0,VLOOKUP(Ethnie,Race_stats_Gremlin,10,FALSE)) -> 0 | K76: =IF(OR(Ethnie=0,Ethnie="Standard"),0,VLOOKUP(Ethnie,Race_stats_Gremlin,11,FALSE)) -> 0 | L76: =IF(OR(Ethnie=0,Ethnie="Standard"),0,VLOOKUP(Ethnie,Race_stats_Gremlin,12,FALSE)) -> 0 | M76: =IF(OR(Ethnie=0,Ethnie="Standard"),0,VLOOKUP(Ethnie,Race_stats_Gremlin,13,FALSE)) -> 0 | N76: =IF(OR(Ethnie=0,Ethnie="Standard"),0,VLOOKUP(Ethnie,Race_stats_Gremlin,14,FALSE)) -> 0 | O76: =IF(OR(Ethnie=0,Ethnie="Standard"),0,VLOOKUP(Ethnie,Race_stats_Gremlin,15,FALSE)) -> 0 | P76: =IF(OR(Ethnie=0,Ethnie="Standard"),0,VLOOKUP(Ethnie,Race_stats_Gremlin,16,FALSE)) -> 0 | Q76: =IF(OR(Ethnie=0,Ethnie="Standard"),0,VLOOKUP(Ethnie,Race_stats_Gremlin,17,FALSE)) -> 0 | R76: =IF(OR(Ethnie=0,Ethnie="Standard"),0,VLOOKUP(Ethnie,Race_stats_Gremlin,18,FALSE)) -> 0 | S76: =IF(OR(Ethnie=0,Ethnie="Standard"),0,VLOOKUP(Ethnie,Race_stats_Gremlin,19,FALSE)) -> 0 | T76: =IF(OR(Ethnie=0,Ethnie="Standard"),0,VLOOKUP(Ethnie,Race_stats_Gremlin,20,FALSE)) -> 0 | U76: =IF(OR(Ethnie=0,Ethnie="Standard"),0,VLOOKUP(Ethnie,Race_stats_Gremlin,21,FALSE)) -> 0 | V76: =IF(OR(Ethnie=0,Ethnie="Standard"),0,VLOOKUP(Ethnie,Race_stats_Gremlin,22,FALSE)) -> 0 | W76: =IF(B76=1,1,0) -> 0
A77: Torve | B77: 1 | C77: — | D77: — | E77: +1 | F77: — | G77: –1 | H77: — | I77: 5 | J77: 0 | K77: 0.05 | L77: -0.1 | M77: 0.05 | N77: 0 | O77: 0.2 | P77: 0 | Q77: 0 | R77: 0 | S77: 0 | T77: 0 | U77: 0 | V77: 0 | W77: =IF(B77=1,1,0) -> 1
A78: Grippli | B78: 1 | C78: — | D78: — | E78: — | F78: +1 | G78: — | H78: –1 | I78: 9 | J78: 0.05 | K78: -0.1 | L78: 0 | M78: 0.05 | N78: 0.1 | O78: -0.05 | P78: 0.6 | Q78: -0.15 | R78: 0 | S78: 0 | T78: 0 | U78: 0 | V78: 0 | W78: =IF(B78=1,1,0) -> 1
A79: Grommam | B79: 1 | C79: =IF(OR(Genre=0,Genre="Autre"),"—",VLOOKUP(Genre,Race_stats_Grommam,3,FALSE)) -> — | D79: =IF(OR(Genre=0,Genre="Autre"),"—",VLOOKUP(Genre,Race_stats_Grommam,4,FALSE)) -> — | E79: =IF(OR(Genre=0,Genre="Autre"),"—",VLOOKUP(Genre,Race_stats_Grommam,5,FALSE)) -> — | F79: =IF(OR(Genre=0,Genre="Autre"),"—",VLOOKUP(Genre,Race_stats_Grommam,6,FALSE)) -> — | G79: =IF(OR(Genre=0,Genre="Autre"),"—",VLOOKUP(Genre,Race_stats_Grommam,7,FALSE)) -> — | H79: =IF(OR(Genre=0,Genre="Autre"),"—",VLOOKUP(Genre,Race_stats_Grommam,8,FALSE)) -> — | I79: Aucune | J79: 0.1 | K79: -0.05 | L79: -0.05 | M79: 0 | N79: 0 | O79: 0 | P79: 0.25 | Q79: -0.05 | R79: 0 | S79: 0 | T79: 0 | U79: 0 | V79: 0 | W79: =IF(B79=1,1,0) -> 1
